Workbook

Sheet Jumlah MoU & PKS update 
A1: DATA REKAPITULASI KERJASAMA DALAM NEGERI TAHUN 2015 S/D 2019
A3: No | B3: Provinsi/Kabupaten/Kota | D3: 2015 | H3: Jumlah | I3: 2016 | M3: Jumlah | N3: 2017 | R3: Jumlah | S3: 2018 | W3: Jumlah | X3: 2019 | AB3: Jumlah | AC3: Total MoU | AE3: Total PKS | AG3: Total | AH3: KET
D4: MoU | F4: PKS | I4: MoU | K4: PKS | N4: MoU | P4: PKS | S4: MoU | U4: PKS | X4: MoU | Z4: PKS | AC4: KDN | AD4: KLN | AE4: KDN | AF4: KLN
D5: KDN | E5: KLN | F5: KDN | G5: KLN | I5: KDN | J5: KLN | K5: KDN | L5: KLN | N5: KDN | O5: KLN | P5: KDN | Q5: KLN | S5: KDN | T5: KLN | U5: KDN | V5: KLN | X5: KDN | Y5: KLN | Z5: KDN | AA5: KLN
A7: 1 | B7: Provinsi aceh | H7: =SUM(D7:G7) -> 0 | M7: =SUM(I7:L7) -> 0 | R7: =SUM(N7:Q7) -> 0 | W7: =SUM(S7:V7) -> 0 | AB7: =SUM(X7:AA7) -> 0 | AC7: =SUM(D7,I7,N7,S7,X7) -> 0 | AD7: =SUM(E7,J7,O7,T7,Y7) -> 0 | AE7: =SUM(F7,K7,P7,U7,Z7) -> 0 | AF7: =SUM(G7,L7,Q7,V7,AA7) -> 0 | AG7: =SUM(AC7:AF7) -> 0
B8: 1 | C8: Kab. Aceh Barat | H8: =SUM(D8:G8) -> 0 | M8: =SUM(I8:L8) -> 0 | R8: =SUM(N8:Q8) -> 0 | W8: =SUM(S8:V8) -> 0 | AB8: =SUM(X8:AA8) -> 0 | AC8: =SUM(D8,I8,N8,S8,X8) -> 0 | AD8: =SUM(E8,J8,O8,T8,Y8) -> 0 | AE8: =SUM(F8,K8,P8,U8,Z8) -> 0 | AF8: =SUM(G8,L8,Q8,V8,AA8) -> 0 | AG8: =SUM(AC8:AF8) -> 0
B9: 2 | C9: Kab. Aceh Barat Daya | H9: =SUM(D9:G9) -> 0 | M9: =SUM(I9:L9) -> 0 | R9: =SUM(N9:Q9) -> 0 | W9: =SUM(S9:V9) -> 0 | AB9: =SUM(X9:AA9) -> 0 | AC9: =SUM(D9,I9,N9,S9,X9) -> 0 | AD9: =SUM(E9,J9,O9,T9,Y9) -> 0 | AE9: =SUM(F9,K9,P9,U9,Z9) -> 0 | AF9: =SUM(G9,L9,Q9,V9,AA9) -> 0 | AG9: =SUM(AC9:AF9) -> 0
B10: 3 | C10: Kab. Aceh Besar | H10: =SUM(D10:G10) -> 0 | M10: =SUM(I10:L10) -> 0 | R10: =SUM(N10:Q10) -> 0 | S10: 7 | U10: 5 | W10: =SUM(S10:V10) -> 12 | AB10: =SUM(X10:AA10) -> 0 | AC10: =SUM(D10,I10,N10,S10,X10) -> 7 | AD10: =SUM(E10,J10,O10,T10,Y10) -> 0 | AE10: =SUM(F10,K10,P10,U10,Z10) -> 5 | AF10: =SUM(G10,L10,Q10,V10,AA10) -> 0 | AG10: =SUM(AC10:AF10) -> 12 | AH10: Sudah
B11: 4 | C11: Kab. Aceh Jaya | H11: =SUM(D11:G11) -> 0 | M11: =SUM(I11:L11) -> 0 | R11: =SUM(N11:Q11) -> 0 | W11: =SUM(S11:V11) -> 0 | AB11: =SUM(X11:AA11) -> 0 | AC11: =SUM(D11,I11,N11,S11,X11) -> 0 | AD11: =SUM(E11,J11,O11,T11,Y11) -> 0 | AE11: =SUM(F11,K11,P11,U11,Z11) -> 0 | AF11: =SUM(G11,L11,Q11,V11,AA11) -> 0 | AG11: =SUM(AC11:AF11) -> 0
B12: 5 | C12: Kab. Aceh Selatan | H12: =SUM(D12:G12) -> 0 | M12: =SUM(I12:L12) -> 0 | R12: =SUM(N12:Q12) -> 0 | W12: =SUM(S12:V12) -> 0 | AB12: =SUM(X12:AA12) -> 0 | AC12: =SUM(D12,I12,N12,S12,X12) -> 0 | AD12: =SUM(E12,J12,O12,T12,Y12) -> 0 | AE12: =SUM(F12,K12,P12,U12,Z12) -> 0 | AF12: =SUM(G12,L12,Q12,V12,AA12) -> 0 | AG12: =SUM(AC12:AF12) -> 0
B13: 6 | C13: Kab. Aceh Singkil | H13: =SUM(D13:G13) -> 0 | M13: =SUM(I13:L13) -> 0 | R13: =SUM(N13:Q13) -> 0 | W13: =SUM(S13:V13) -> 0 | AB13: =SUM(X13:AA13) -> 0 | AC13: =SUM(D13,I13,N13,S13,X13) -> 0 | AD13: =SUM(E13,J13,O13,T13,Y13) -> 0 | AE13: =SUM(F13,K13,P13,U13,Z13) -> 0 | AF13: =SUM(G13,L13,Q13,V13,AA13) -> 0 | AG13: =SUM(AC13:AF13) -> 0
B14: 7 | C14: Kab. Aceh Tamiang | H14: =SUM(D14:G14) -> 0 | M14: =SUM(I14:L14) -> 0 | R14: =SUM(N14:Q14) -> 0 | W14: =SUM(S14:V14) -> 0 | AB14: =SUM(X14:AA14) -> 0 | AC14: =SUM(D14,I14,N14,S14,X14) -> 0 | AD14: =SUM(E14,J14,O14,T14,Y14) -> 0 | AE14: =SUM(F14,K14,P14,U14,Z14) -> 0 | AF14: =SUM(G14,L14,Q14,V14,AA14) -> 0 | AG14: =SUM(AC14:AF14) -> 0
B15: 8 | C15: Kab. Aceh Tengah | H15: =SUM(D15:G15) -> 0 | M15: =SUM(I15:L15) -> 0 | R15: =SUM(N15:Q15) -> 0 | W15: =SUM(S15:V15) -> 0 | AB15: =SUM(X15:AA15) -> 0 | AC15: =SUM(D15,I15,N15,S15,X15) -> 0 | AD15: =SUM(E15,J15,O15,T15,Y15) -> 0 | AE15: =SUM(F15,K15,P15,U15,Z15) -> 0 | AF15: =SUM(G15,L15,Q15,V15,AA15) -> 0 | AG15: =SUM(AC15:AF15) -> 0
B16: 9 | C16: Kab. Aceh Tenggara | H16: =SUM(D16:G16) -> 0 | M16: =SUM(I16:L16) -> 0 | R16: =SUM(N16:Q16) -> 0 | W16: =SUM(S16:V16) -> 0 | AB16: =SUM(X16:AA16) -> 0 | AC16: =SUM(D16,I16,N16,S16,X16) -> 0 | AD16: =SUM(E16,J16,O16,T16,Y16) -> 0 | AE16: =SUM(F16,K16,P16,U16,Z16) -> 0 | AF16: =SUM(G16,L16,Q16,V16,AA16) -> 0 | AG16: =SUM(AC16:AF16) -> 0
B17: 10 | C17: Kab. Aceh Timur | H17: =SUM(D17:G17) -> 0 | M17: =SUM(I17:L17) -> 0 | R17: =SUM(N17:Q17) -> 0 | W17: =SUM(S17:V17) -> 0 | AB17: =SUM(X17:AA17) -> 0 | AC17: =SUM(D17,I17,N17,S17,X17) -> 0 | AD17: =SUM(E17,J17,O17,T17,Y17) -> 0 | AE17: =SUM(F17,K17,P17,U17,Z17) -> 0 | AF17: =SUM(G17,L17,Q17,V17,AA17) -> 0 | AG17: =SUM(AC17:AF17) -> 0
B18: 11 | C18: Kab. Aceh Utara | H18: =SUM(D18:G18) -> 0 | M18: =SUM(I18:L18) -> 0 | R18: =SUM(N18:Q18) -> 0 | W18: =SUM(S18:V18) -> 0 | AB18: =SUM(X18:AA18) -> 0 | AC18: =SUM(D18,I18,N18,S18,X18) -> 0 | AD18: =SUM(E18,J18,O18,T18,Y18) -> 0 | AE18: =SUM(F18,K18,P18,U18,Z18) -> 0 | AF18: =SUM(G18,L18,Q18,V18,AA18) -> 0 | AG18: =SUM(AC18:AF18) -> 0
B19: 12 | C19: Kab. Aceh Meriah | H19: =SUM(D19:G19) -> 0 | M19: =SUM(I19:L19) -> 0 | R19: =SUM(N19:Q19) -> 0 | W19: =SUM(S19:V19) -> 0 | AB19: =SUM(X19:AA19) -> 0 | AC19: =SUM(D19,I19,N19,S19,X19) -> 0 | AD19: =SUM(E19,J19,O19,T19,Y19) -> 0 | AE19: =SUM(F19,K19,P19,U19,Z19) -> 0 | AF19: =SUM(G19,L19,Q19,V19,AA19) -> 0 | AG19: =SUM(AC19:AF19) -> 0
B20: 13 | C20: Kab. Bireuen | H20: =SUM(D20:G20) -> 0 | M20: =SUM(I20:L20) -> 0 | R20: =SUM(N20:Q20) -> 0 | W20: =SUM(S20:V20) -> 0 | AB20: =SUM(X20:AA20) -> 0 | AC20: =SUM(D20,I20,N20,S20,X20) -> 0 | AD20: =SUM(E20,J20,O20,T20,Y20) -> 0 | AE20: =SUM(F20,K20,P20,U20,Z20) -> 0 | AF20: =SUM(G20,L20,Q20,V20,AA20) -> 0 | AG20: =SUM(AC20:AF20) -> 0
B21: 14 | C21: Kab. Gayo Lues | H21: =SUM(D21:G21) -> 0 | M21: =SUM(I21:L21) -> 0 | R21: =SUM(N21:Q21) -> 0 | W21: =SUM(S21:V21) -> 0 | AB21: =SUM(X21:AA21) -> 0 | AC21: =SUM(D21,I21,N21,S21,X21) -> 0 | AD21: =SUM(E21,J21,O21,T21,Y21) -> 0 | AE21: =SUM(F21,K21,P21,U21,Z21) -> 0 | AF21: =SUM(G21,L21,Q21,V21,AA21) -> 0 | AG21: =SUM(AC21:AF21) -> 0
B22: 15 | C22: Kab. Nagan Raya | H22: =SUM(D22:G22) -> 0 | M22: =SUM(I22:L22) -> 0 | R22: =SUM(N22:Q22) -> 0 | W22: =SUM(S22:V22) -> 0 | AB22: =SUM(X22:AA22) -> 0 | AC22: =SUM(D22,I22,N22,S22,X22) -> 0 | AD22: =SUM(E22,J22,O22,T22,Y22) -> 0 | AE22: =SUM(F22,K22,P22,U22,Z22) -> 0 | AF22: =SUM(G22,L22,Q22,V22,AA22) -> 0 | AG22: =SUM(AC22:AF22) -> 0
... B25: 18 | C25: Kab. Simeulue | H25: =SUM(D25:G25) -> 0 | M25: =SUM(I25:L25) -> 0 | R25: =SUM(N25:Q25) -> 0 | W25: =SUM(S25:V25) -> 0 | AB25: =SUM(X25:AA25) -> 0 | AC25: =SUM(D25,I25,N25,S25,X25) -> 0 | AD25: =SUM(E25,J25,O25,T25,Y25) -> 0 | AE25: =SUM(F25,K25,P25,U25,Z25) -> 0 | AF25: =SUM(G25,L25,Q25,V25,AA25) -> 0 | AG25: =SUM(AC25:AF25) -> 0
B26: 19 | C26: Kota Banda Aceh | H26: =SUM(D26:G26) -> 0 | M26: =SUM(I26:L26) -> 0 | R26: =SUM(N26:Q26) -> 0 | S26: 2 | U26: 1 | W26: =SUM(S26:V26) -> 3 | AB26: =SUM(X26:AA26) -> 0 | AC26: =SUM(D26,I26,N26,S26,X26) -> 2 | AD26: =SUM(E26,J26,O26,T26,Y26) -> 0 | AE26: =SUM(F26,K26,P26,U26,Z26) -> 1 | AF26: =SUM(G26,L26,Q26,V26,AA26) -> 0 | AG26: =SUM(AC26:AF26) -> 3 | AH26: Sudah
B27: 20 | C27: Kota Langsa | H27: =SUM(D27:G27) -> 0 | M27: =SUM(I27:L27) -> 0 | R27: =SUM(N27:Q27) -> 0 | W27: =SUM(S27:V27) -> 0 | AB27: =SUM(X27:AA27) -> 0 | AC27: =SUM(D27,I27,N27,S27,X27) -> 0 | AD27: =SUM(E27,J27,O27,T27,Y27) -> 0 | AE27: =SUM(F27,K27,P27,U27,Z27) -> 0 | AF27: =SUM(G27,L27,Q27,V27,AA27) -> 0 | AG27: =SUM(AC27:AF27) -> 0
B28: 21 | C28: Kota Lhoksumawe | H28: =SUM(D28:G28) -> 0 | M28: =SUM(I28:L28) -> 0 | R28: =SUM(N28:Q28) -> 0 | W28: =SUM(S28:V28) -> 0 | AB28: =SUM(X28:AA28) -> 0 | AC28: =SUM(D28,I28,N28,S28,X28) -> 0 | AD28: =SUM(E28,J28,O28,T28,Y28) -> 0 | AE28: =SUM(F28,K28,P28,U28,Z28) -> 0 | AF28: =SUM(G28,L28,Q28,V28,AA28) -> 0 | AG28: =SUM(AC28:AF28) -> 0
B29: 22 | C29: Kota Sabang | H29: =SUM(D29:G29) -> 0 | M29: =SUM(I29:L29) -> 0 | R29: =SUM(N29:Q29) -> 0 | W29: =SUM(S29:V29) -> 0 | AB29: =SUM(X29:AA29) -> 0 | AC29: =SUM(D29,I29,N29,S29,X29) -> 0 | AD29: =SUM(E29,J29,O29,T29,Y29) -> 0 | AE29: =SUM(F29,K29,P29,U29,Z29) -> 0 | AF29: =SUM(G29,L29,Q29,V29,AA29) -> 0 | AG29: =SUM(AC29:AF29) -> 0
B30: 23 | C30: Kota Subulussalam | H30: =SUM(D30:G30) -> 0 | M30: =SUM(I30:L30) -> 0 | R30: =SUM(N30:Q30) -> 0 | W30: =SUM(S30:V30) -> 0 | AB30: =SUM(X30:AA30) -> 0 | AC30: =SUM(D30,I30,N30,S30,X30) -> 0 | AD30: =SUM(E30,J30,O30,T30,Y30) -> 0 | AE30: =SUM(F30,K30,P30,U30,Z30) -> 0 | AF30: =SUM(G30,L30,Q30,V30,AA30) -> 0 | AG30: =SUM(AC30:AF30) -> 0
A31: 2 | B31: Provinsi Sumatera Utara | D31: 9 | F31: 2 | H31: =SUM(D31:G31) -> 11 | I31: 7 | M31: =SUM(I31:L31) -> 7 | N31: 77 | P31: 8 | R31: =SUM(N31:Q31) -> 85 | W31: =SUM(S31:V31) -> 0 | AB31: =SUM(X31:AA31) -> 0 | AC31: =SUM(D31,I31,N31,S31,X31) -> 93 | AD31: =SUM(E31,J31,O31,T31,Y31) -> 0 | AE31: =SUM(F31,K31,P31,U31,Z31) -> 10 | AF31: =SUM(G31,L31,Q31,V31,AA31) -> 0 | AG31: =SUM(AC31:AF31) -> 103 | AH31: Sudah
B32: 1 | C32: Kab. Asahan | H32: =SUM(D32:G32) -> 0 | M32: =SUM(I32:L32) -> 0 | R32: =SUM(N32:Q32) -> 0 | W32: =SUM(S32:V32) -> 0 | AB32: =SUM(X32:AA32) -> 0 | AC32: =SUM(D32,I32,N32,S32,X32) -> 0 | AD32: =SUM(E32,J32,O32,T32,Y32) -> 0 | AE32: =SUM(F32,K32,P32,U32,Z32) -> 0 | AF32: =SUM(G32,L32,Q32,V32,AA32) -> 0 | AG32: =SUM(AC32:AF32) -> 0
B33: 2 | C33: Kab. Batu Bara | H33: =SUM(D33:G33) -> 0 | M33: =SUM(I33:L33) -> 0 | R33: =SUM(N33:Q33) -> 0 | W33: =SUM(S33:V33) -> 0 | AB33: =SUM(X33:AA33) -> 0 | AC33: =SUM(D33,I33,N33,S33,X33) -> 0 | AD33: =SUM(E33,J33,O33,T33,Y33) -> 0 | AE33: =SUM(F33,K33,P33,U33,Z33) -> 0 | AF33: =SUM(G33,L33,Q33,V33,AA33) -> 0 | AG33: =SUM(AC33:AF33) -> 0
B34: 3 | C34: Kab. Dairi | H34: =SUM(D34:G34) -> 0 | M34: =SUM(I34:L34) -> 0 | R34: =SUM(N34:Q34) -> 0 | S34: 2 | U34: 4 | W34: =SUM(S34:V34) -> 6 | AB34: =SUM(X34:AA34) -> 0 | AC34: =SUM(D34,I34,N34,S34,X34) -> 2 | AD34: =SUM(E34,J34,O34,T34,Y34) -> 0 | AE34: =SUM(F34,K34,P34,U34,Z34) -> 4 | AF34: =SUM(G34,L34,Q34,V34,AA34) -> 0 | AG34: =SUM(AC34:AF34) -> 6 | AH34: Sudah
B35: 4 | C35: Kab. Deli Serdang | H35: =SUM(D35:G35) -> 0 | M35: =SUM(I35:L35) -> 0 | R35: =SUM(N35:Q35) -> 0 | U35: 18 | W35: =SUM(S35:V35) -> 18 | AB35: =SUM(X35:AA35) -> 0 | AC35: =SUM(D35,I35,N35,S35,X35) -> 0 | AD35: =SUM(E35,J35,O35,T35,Y35) -> 0 | AE35: =SUM(F35,K35,P35,U35,Z35) -> 18 | AF35: =SUM(G35,L35,Q35,V35,AA35) -> 0 | AG35: =SUM(AC35:AF35) -> 18 | AH35: Sudah
B36: 5 | C36: Kab. Humbang Hasundutan | H36: =SUM(D36:G36) -> 0 | M36: =SUM(I36:L36) -> 0 | R36: =SUM(N36:Q36) -> 0 | W36: =SUM(S36:V36) -> 0 | AB36: =SUM(X36:AA36) -> 0 | AC36: =SUM(D36,I36,N36,S36,X36) -> 0 | AD36: =SUM(E36,J36,O36,T36,Y36) -> 0 | AE36: =SUM(F36,K36,P36,U36,Z36) -> 0 | AF36: =SUM(G36,L36,Q36,V36,AA36) -> 0 | AG36: =SUM(AC36:AF36) -> 0
B37: 6 | C37: Kab. Karo | H37: =SUM(D37:G37) -> 0 | M37: =SUM(I37:L37) -> 0 | R37: =SUM(N37:Q37) -> 0 | U37: 6 | W37: =SUM(S37:V37) -> 6 | AB37: =SUM(X37:AA37) -> 0 | AC37: =SUM(D37,I37,N37,S37,X37) -> 0 | AD37: =SUM(E37,J37,O37,T37,Y37) -> 0 | AE37: =SUM(F37,K37,P37,U37,Z37) -> 6 | AF37: =SUM(G37,L37,Q37,V37,AA37) -> 0 | AG37: =SUM(AC37:AF37) -> 6 | AH37: Sudah
B38: 7 | C38: Kab. Labuhanbatu | H38: =SUM(D38:G38) -> 0 | M38: =SUM(I38:L38) -> 0 | R38: =SUM(N38:Q38) -> 0 | W38: =SUM(S38:V38) -> 0 | AB38: =SUM(X38:AA38) -> 0 | AC38: =SUM(D38,I38,N38,S38,X38) -> 0 | AD38: =SUM(E38,J38,O38,T38,Y38) -> 0 | AE38: =SUM(F38,K38,P38,U38,Z38) -> 0 | AF38: =SUM(G38,L38,Q38,V38,AA38) -> 0 | AG38: =SUM(AC38:AF38) -> 0
B39: 8 | C39: Kab. Labuhanbatu Selatan | H39: =SUM(D39:G39) -> 0 | M39: =SUM(I39:L39) -> 0 | R39: =SUM(N39:Q39) -> 0 | W39: =SUM(S39:V39) -> 0 | AB39: =SUM(X39:AA39) -> 0 | AC39: =SUM(D39,I39,N39,S39,X39) -> 0 | AD39: =SUM(E39,J39,O39,T39,Y39) -> 0 | AE39: =SUM(F39,K39,P39,U39,Z39) -> 0 | AF39: =SUM(G39,L39,Q39,V39,AA39) -> 0 | AG39: =SUM(AC39:AF39) -> 0
B40: 9 | C40: Kab. Labuhanbatu Utara | H40: =SUM(D40:G40) -> 0 | M40: =SUM(I40:L40) -> 0 | R40: =SUM(N40:Q40) -> 0 | W40: =SUM(S40:V40) -> 0 | AB40: =SUM(X40:AA40) -> 0 | AC40: =SUM(D40,I40,N40,S40,X40) -> 0 | AD40: =SUM(E40,J40,O40,T40,Y40) -> 0 | AE40: =SUM(F40,K40,P40,U40,Z40) -> 0 | AF40: =SUM(G40,L40,Q40,V40,AA40) -> 0 | AG40: =SUM(AC40:AF40) -> 0
B41: 10 | C41: Kab. Langkat | H41: =SUM(D41:G41) -> 0 | M41: =SUM(I41:L41) -> 0 | R41: =SUM(N41:Q41) -> 0 | W41: =SUM(S41:V41) -> 0 | AB41: =SUM(X41:AA41) -> 0 | AC41: =SUM(D41,I41,N41,S41,X41) -> 0 | AD41: =SUM(E41,J41,O41,T41,Y41) -> 0 | AE41: =SUM(F41,K41,P41,U41,Z41) -> 0 | AF41: =SUM(G41,L41,Q41,V41,AA41) -> 0 | AG41: =SUM(AC41:AF41) -> 0
B42: 11 | C42: Kab. Mandaling Natal | H42: =SUM(D42:G42) -> 0 | M42: =SUM(I42:L42) -> 0 | R42: =SUM(N42:Q42) -> 0 | W42: =SUM(S42:V42) -> 0 | AB42: =SUM(X42:AA42) -> 0 | AC42: =SUM(D42,I42,N42,S42,X42) -> 0 | AD42: =SUM(E42,J42,O42,T42,Y42) -> 0 | AE42: =SUM(F42,K42,P42,U42,Z42) -> 0 | AF42: =SUM(G42,L42,Q42,V42,AA42) -> 0 | AG42: =SUM(AC42:AF42) -> 0
B43: 12 | C43: Kab. Nias | H43: =SUM(D43:G43) -> 0 | M43: =SUM(I43:L43) -> 0 | R43: =SUM(N43:Q43) -> 0 | S43: 5 | U43: 4 | W43: =SUM(S43:V43) -> 9 | X43: 6 | Z43: 2 | AB43: =SUM(X43:AA43) -> 8 | AC43: =SUM(D43,I43,N43,S43,X43) -> 11 | AD43: =SUM(E43,J43,O43,T43,Y43) -> 0 | AE43: =SUM(F43,K43,P43,U43,Z43) -> 6 | AF43: =SUM(G43,L43,Q43,V43,AA43) -> 0 | AG43: =SUM(AC43:AF43) -> 17 | AH43: Sudah
B44: 13 | C44: Kab. Nias Barat | H44: =SUM(D44:G44) -> 0 | M44: =SUM(I44:L44) -> 0 | R44: =SUM(N44:Q44) -> 0 | W44: =SUM(S44:V44) -> 0 | AB44: =SUM(X44:AA44) -> 0 | AC44: =SUM(D44,I44,N44,S44,X44) -> 0 | AD44: =SUM(E44,J44,O44,T44,Y44) -> 0 | AE44: =SUM(F44,K44,P44,U44,Z44) -> 0 | AF44: =SUM(G44,L44,Q44,V44,AA44) -> 0 | AG44: =SUM(AC44:AF44) -> 0
B45: 14 | C45: Kab. Nias Selatan | H45: =SUM(D45:G45) -> 0 | M45: =SUM(I45:L45) -> 0 | R45: =SUM(N45:Q45) -> 0 | W45: =SUM(S45:V45) -> 0 | AB45: =SUM(X45:AA45) -> 0 | AC45: =SUM(D45,I45,N45,S45,X45) -> 0 | AD45: =SUM(E45,J45,O45,T45,Y45) -> 0 | AE45: =SUM(F45,K45,P45,U45,Z45) -> 0 | AF45: =SUM(G45,L45,Q45,V45,AA45) -> 0 | AG45: =SUM(AC45:AF45) -> 0
B46: 15 | C46: Kab. Nias Utara | H46: =SUM(D46:G46) -> 0 | M46: =SUM(I46:L46) -> 0 | R46: =SUM(N46:Q46) -> 0 | W46: =SUM(S46:V46) -> 0 | AB46: =SUM(X46:AA46) -> 0 | AC46: =SUM(D46,I46,N46,S46,X46) -> 0 | AD46: =SUM(E46,J46,O46,T46,Y46) -> 0 | AE46: =SUM(F46,K46,P46,U46,Z46) -> 0 | AF46: =SUM(G46,L46,Q46,V46,AA46) -> 0 | AG46: =SUM(AC46:AF46) -> 0
B47: 16 | C47: Kab. Padang Lawas | H47: =SUM(D47:G47) -> 0 | M47: =SUM(I47:L47) -> 0 | R47: =SUM(N47:Q47) -> 0 | W47: =SUM(S47:V47) -> 0 | AB47: =SUM(X47:AA47) -> 0 | AC47: =SUM(D47,I47,N47,S47,X47) -> 0 | AD47: =SUM(E47,J47,O47,T47,Y47) -> 0 | AE47: =SUM(F47,K47,P47,U47,Z47) -> 0 | AF47: =SUM(G47,L47,Q47,V47,AA47) -> 0 | AG47: =SUM(AC47:AF47) -> 0
B48: 17 | C48: Kab. Padang Lawas Utara | H48: =SUM(D48:G48) -> 0 | M48: =SUM(I48:L48) -> 0 | R48: =SUM(N48:Q48) -> 0 | W48: =SUM(S48:V48) -> 0 | AB48: =SUM(X48:AA48) -> 0 | AC48: =SUM(D48,I48,N48,S48,X48) -> 0 | AD48: =SUM(E48,J48,O48,T48,Y48) -> 0 | AE48: =SUM(F48,K48,P48,U48,Z48) -> 0 | AF48: =SUM(G48,L48,Q48,V48,AA48) -> 0 | AG48: =SUM(AC48:AF48) -> 0
B49: 18 | C49: Kab. Pakpak Bharat | H49: =SUM(D49:G49) -> 0 | M49: =SUM(I49:L49) -> 0 | R49: =SUM(N49:Q49) -> 0 | W49: =SUM(S49:V49) -> 0 | AB49: =SUM(X49:AA49) -> 0 | AC49: =SUM(D49,I49,N49,S49,X49) -> 0 | AD49: =SUM(E49,J49,O49,T49,Y49) -> 0 | AE49: =SUM(F49,K49,P49,U49,Z49) -> 0 | AF49: =SUM(G49,L49,Q49,V49,AA49) -> 0 | AG49: =SUM(AC49:AF49) -> 0
B50: 19 | C50: Kab. Samosir | H50: =SUM(D50:G50) -> 0 | M50: =SUM(I50:L50) -> 0 | R50: =SUM(N50:Q50) -> 0 | W50: =SUM(S50:V50) -> 0 | AB50: =SUM(X50:AA50) -> 0 | AC50: =SUM(D50,I50,N50,S50,X50) -> 0 | AD50: =SUM(E50,J50,O50,T50,Y50) -> 0 | AE50: =SUM(F50,K50,P50,U50,Z50) -> 0 | AF50: =SUM(G50,L50,Q50,V50,AA50) -> 0 | AG50: =SUM(AC50:AF50) -> 0
B51: 20 | C51: Kab. Serdang Bedagai | H51: =SUM(D51:G51) -> 0 | M51: =SUM(I51:L51) -> 0 | R51: =SUM(N51:Q51) -> 0 | S51: 2 | U51: 1 | W51: =SUM(S51:V51) -> 3 | AB51: =SUM(X51:AA51) -> 0 | AC51: =SUM(D51,I51,N51,S51,X51) -> 2 | AD51: =SUM(E51,J51,O51,T51,Y51) -> 0 | AE51: =SUM(F51,K51,P51,U51,Z51) -> 1 | AF51: =SUM(G51,L51,Q51,V51,AA51) -> 0 | AG51: =SUM(AC51:AF51) -> 3 | AH51: Sudah
B52: 21 | C52: Kab. Simalungun | H52: =SUM(D52:G52) -> 0 | M52: =SUM(I52:L52) -> 0 | R52: =SUM(N52:Q52) -> 0 | W52: =SUM(S52:V52) -> 0 | AB52: =SUM(X52:AA52) -> 0 | AC52: =SUM(D52,I52,N52,S52,X52) -> 0 | AD52: =SUM(E52,J52,O52,T52,Y52) -> 0 | AE52: =SUM(F52,K52,P52,U52,Z52) -> 0 | AF52: =SUM(G52,L52,Q52,V52,AA52) -> 0 | AG52: =SUM(AC52:AF52) -> 0
B53: 22 | C53: Kab. Tapanuli Selatan | H53: =SUM(D53:G53) -> 0 | M53: =SUM(I53:L53) -> 0 | R53: =SUM(N53:Q53) -> 0 | S53: 1 | U53: 1 | W53: =SUM(S53:V53) -> 2 | X53: 3 | Z53: 6 | AB53: =SUM(X53:AA53) -> 9 | AC53: =SUM(D53,I53,N53,S53,X53) -> 4 | AD53: =SUM(E53,J53,O53,T53,Y53) -> 0 | AE53: =SUM(F53,K53,P53,U53,Z53) -> 7 | AF53: =SUM(G53,L53,Q53,V53,AA53) -> 0 | AG53: =SUM(AC53:AF53) -> 11 | AH53: Sudah
B54: 23 | C54: Kab. Tapanuli Tengah | H54: =SUM(D54:G54) -> 0 | M54: =SUM(I54:L54) -> 0 | R54: =SUM(N54:Q54) -> 0 | W54: =SUM(S54:V54) -> 0 | AB54: =SUM(X54:AA54) -> 0 | AC54: =SUM(D54,I54,N54,S54,X54) -> 0 | AD54: =SUM(E54,J54,O54,T54,Y54) -> 0 | AE54: =SUM(F54,K54,P54,U54,Z54) -> 0 | AF54: =SUM(G54,L54,Q54,V54,AA54) -> 0 | AG54: =SUM(AC54:AF54) -> 0
B55: 24 | C55: Kab. Tapanuli Utara | H55: =SUM(D55:G55) -> 0 | M55: =SUM(I55:L55) -> 0 | R55: =SUM(N55:Q55) -> 0 | U55: 2 | W55: =SUM(S55:V55) -> 2 | Z55: 10 | AB55: =SUM(X55:AA55) -> 10 | AC55: =SUM(D55,I55,N55,S55,X55) -> 0 | AD55: =SUM(E55,J55,O55,T55,Y55) -> 0 | AE55: =SUM(F55,K55,P55,U55,Z55) -> 12 | AF55: =SUM(G55,L55,Q55,V55,AA55) -> 0 | AG55: =SUM(AC55:AF55) -> 12 | AH55: Sudah
B56: 25 | C56: Kab. Toba Samosir | H56: =SUM(D56:G56) -> 0 | M56: =SUM(I56:L56) -> 0 | R56: =SUM(N56:Q56) -> 0 | W56: =SUM(S56:V56) -> 0 | AB56: =SUM(X56:AA56) -> 0 | AC56: =SUM(D56,I56,N56,S56,X56) -> 0 | AD56: =SUM(E56,J56,O56,T56,Y56) -> 0 | AE56: =SUM(F56,K56,P56,U56,Z56) -> 0 | AF56: =SUM(G56,L56,Q56,V56,AA56) -> 0 | AG56: =SUM(AC56:AF56) -> 0
B57: 26 | C57: Kota Binjai | D57: 9 | F57: 3 | H57: =SUM(D57:G57) -> 12 | I57: 9 | K57: 1 | M57: =SUM(I57:L57) -> 10 | N57: 1 | P57: 2 | R57: =SUM(N57:Q57) -> 3 | W57: =SUM(S57:V57) -> 0 | AB57: =SUM(X57:AA57) -> 0 | AC57: =SUM(D57,I57,N57,S57,X57) -> 19 | AD57: =SUM(E57,J57,O57,T57,Y57) -> 0 | AE57: =SUM(F57,K57,P57,U57,Z57) -> 6 | AF57: =SUM(G57,L57,Q57,V57,AA57) -> 0 | AG57: =SUM(AC57:AF57) -> 25 | AH57: Sudah
B58: 27 | C58: Kota Gunungsitoli | H58: =SUM(D58:G58) -> 0 | M58: =SUM(I58:L58) -> 0 | R58: =SUM(N58:Q58) -> 0 | U58: 6 | W58: =SUM(S58:V58) -> 6 | AB58: =SUM(X58:AA58) -> 0 | AC58: =SUM(D58,I58,N58,S58,X58) -> 0 | AD58: =SUM(E58,J58,O58,T58,Y58) -> 0 | AE58: =SUM(F58,K58,P58,U58,Z58) -> 6 | AF58: =SUM(G58,L58,Q58,V58,AA58) -> 0 | AG58: =SUM(AC58:AF58) -> 6 | AH58: Sudah
B59: 28 | C59: Kota Medan | H59: =SUM(D59:G59) -> 0 | M59: =SUM(I59:L59) -> 0 | R59: =SUM(N59:Q59) -> 0 | S59: 3 | U59: 2 | W59: =SUM(S59:V59) -> 5 | AB59: =SUM(X59:AA59) -> 0 | AC59: =SUM(D59,I59,N59,S59,X59) -> 3 | AD59: =SUM(E59,J59,O59,T59,Y59) -> 0 | AE59: =SUM(F59,K59,P59,U59,Z59) -> 2 | AF59: =SUM(G59,L59,Q59,V59,AA59) -> 0 | AG59: =SUM(AC59:AF59) -> 5 | AH59: Sudah
B60: 29 | C60: Kota Padangsidempuan | H60: =SUM(D60:G60) -> 0 | M60: =SUM(I60:L60) -> 0 | R60: =SUM(N60:Q60) -> 0 | U60: 4 | W60: =SUM(S60:V60) -> 4 | AB60: =SUM(X60:AA60) -> 0 | AC60: =SUM(D60,I60,N60,S60,X60) -> 0 | AD60: =SUM(E60,J60,O60,T60,Y60) -> 0 | AE60: =SUM(F60,K60,P60,U60,Z60) -> 4 | AF60: =SUM(G60,L60,Q60,V60,AA60) -> 0 | AG60: =SUM(AC60:AF60) -> 4 | AH60: Sudah
B61: 30 | C61: Kota Pemantangsiantar | H61: =SUM(D61:G61) -> 0 | M61: =SUM(I61:L61) -> 0 | R61: =SUM(N61:Q61) -> 0 | U61: 14 | W61: =SUM(S61:V61) -> 14 | AB61: =SUM(X61:AA61) -> 0 | AC61: =SUM(D61,I61,N61,S61,X61) -> 0 | AD61: =SUM(E61,J61,O61,T61,Y61) -> 0 | AE61: =SUM(F61,K61,P61,U61,Z61) -> 14 | AF61: =SUM(G61,L61,Q61,V61,AA61) -> 0 | AG61: =SUM(AC61:AF61) -> 14 | AH61: Sudah
B62: 31 | C62: Kota Sibolga | H62: =SUM(D62:G62) -> 0 | M62: =SUM(I62:L62) -> 0 | R62: =SUM(N62:Q62) -> 0 | W62: =SUM(S62:V62) -> 0 | AB62: =SUM(X62:AA62) -> 0 | AC62: =SUM(D62,I62,N62,S62,X62) -> 0 | AD62: =SUM(E62,J62,O62,T62,Y62) -> 0 | AE62: =SUM(F62,K62,P62,U62,Z62) -> 0 | AF62: =SUM(G62,L62,Q62,V62,AA62) -> 0 | AG62: =SUM(AC62:AF62) -> 0
B63: 32 | C63: Kota Tanjungbalai | H63: =SUM(D63:G63) -> 0 | M63: =SUM(I63:L63) -> 0 | R63: =SUM(N63:Q63) -> 0 | W63: =SUM(S63:V63) -> 0 | AB63: =SUM(X63:AA63) -> 0 | AC63: =SUM(D63,I63,N63,S63,X63) -> 0 | AD63: =SUM(E63,J63,O63,T63,Y63) -> 0 | AE63: =SUM(F63,K63,P63,U63,Z63) -> 0 | AF63: =SUM(G63,L63,Q63,V63,AA63) -> 0 | AG63: =SUM(AC63:AF63) -> 0
B64: 33 | C64: Kota Tebingtinggi | H64: =SUM(D64:G64) -> 0 | M64: =SUM(I64:L64) -> 0 | R64: =SUM(N64:Q64) -> 0 | S64: 5 | U64: 1 | W64: =SUM(S64:V64) -> 6 | AB64: =SUM(X64:AA64) -> 0 | AC64: =SUM(D64,I64,N64,S64,X64) -> 5 | AD64: =SUM(E64,J64,O64,T64,Y64) -> 0 | AE64: =SUM(F64,K64,P64,U64,Z64) -> 1 | AF64: =SUM(G64,L64,Q64,V64,AA64) -> 0 | AG64: =SUM(AC64:AF64) -> 6 | AH64: Sudah
A65: 3 | B65: Provinsi Sumatera Barat | D65: 9 | F65: 1 | H65: =SUM(D65:G65) -> 10 | I65: 21 | K65: 6 | M65: =SUM(I65:L65) -> 27 | N65: 26 | P65: 17 | R65: =SUM(N65:Q65) -> 43 | S65: 2 | U65: 3 | W65: =SUM(S65:V65) -> 5 | AB65: =SUM(X65:AA65) -> 0 | AC65: =SUM(D65,I65,N65,S65,X65) -> 58 | AD65: =SUM(E65,J65,O65,T65,Y65) -> 0 | AE65: =SUM(F65,K65,P65,U65,Z65) -> 27 | AF65: =SUM(G65,L65,Q65,V65,AA65) -> 0 | AG65: =SUM(AC65:AF65) -> 85 | AH65: Sudah
B66: 1 | C66: Kab. Agam | H66: =SUM(D66:G66) -> 0 | M66: =SUM(I66:L66) -> 0 | R66: =SUM(N66:Q66) -> 0 | W66: =SUM(S66:V66) -> 0 | AB66: =SUM(X66:AA66) -> 0 | AC66: =SUM(D66,I66,N66,S66,X66) -> 0 | AD66: =SUM(E66,J66,O66,T66,Y66) -> 0 | AE66: =SUM(F66,K66,P66,U66,Z66) -> 0 | AF66: =SUM(G66,L66,Q66,V66,AA66) -> 0 | AG66: =SUM(AC66:AF66) -> 0
B67: 2 | C67: Kab. Dharmasraya | H67: =SUM(D67:G67) -> 0 | M67: =SUM(I67:L67) -> 0 | R67: =SUM(N67:Q67) -> 0 | S67: 7 | U67: 7 | W67: =SUM(S67:V67) -> 14 | AB67: =SUM(X67:AA67) -> 0 | AC67: =SUM(D67,I67,N67,S67,X67) -> 7 | AD67: =SUM(E67,J67,O67,T67,Y67) -> 0 | AE67: =SUM(F67,K67,P67,U67,Z67) -> 7 | AF67: =SUM(G67,L67,Q67,V67,AA67) -> 0 | AG67: =SUM(AC67:AF67) -> 14 | AH67: Sudah
B68: 3 | C68: Kab. Kepulauan Menatawai | H68: =SUM(D68:G68) -> 0 | M68: =SUM(I68:L68) -> 0 | R68: =SUM(N68:Q68) -> 0 | W68: =SUM(S68:V68) -> 0 | AB68: =SUM(X68:AA68) -> 0 | AC68: =SUM(D68,I68,N68,S68,X68) -> 0 | AD68: =SUM(E68,J68,O68,T68,Y68) -> 0 | AE68: =SUM(F68,K68,P68,U68,Z68) -> 0 | AF68: =SUM(G68,L68,Q68,V68,AA68) -> 0 | AG68: =SUM(AC68:AF68) -> 0
B69: 4 | C69: Kab. Lima Puluh Kota | H69: =SUM(D69:G69) -> 0 | M69: =SUM(I69:L69) -> 0 | R69: =SUM(N69:Q69) -> 0 | S69: 4 | U69: 15 | W69: =SUM(S69:V69) -> 19 | AB69: =SUM(X69:AA69) -> 0 | AC69: =SUM(D69,I69,N69,S69,X69) -> 4 | AD69: =SUM(E69,J69,O69,T69,Y69) -> 0 | AE69: =SUM(F69,K69,P69,U69,Z69) -> 15 | AF69: =SUM(G69,L69,Q69,V69,AA69) -> 0 | AG69: =SUM(AC69:AF69) -> 19 | AH69: Sudah
B70: 5 | C70: Kab. Padang Pariaman | H70: =SUM(D70:G70) -> 0 | M70: =SUM(I70:L70) -> 0 | R70: =SUM(N70:Q70) -> 0 | S70: 3 | U70: 1 | W70: =SUM(S70:V70) -> 4 | AB70: =SUM(X70:AA70) -> 0 | AC70: =SUM(D70,I70,N70,S70,X70) -> 3 | AD70: =SUM(E70,J70,O70,T70,Y70) -> 0 | AE70: =SUM(F70,K70,P70,U70,Z70) -> 1 | AF70: =SUM(G70,L70,Q70,V70,AA70) -> 0 | AG70: =SUM(AC70:AF70) -> 4 | AH70: Sudah
B71: 6 | C71: Kab. Pasaman | H71: =SUM(D71:G71) -> 0 | M71: =SUM(I71:L71) -> 0 | R71: =SUM(N71:Q71) -> 0 | W71: =SUM(S71:V71) -> 0 | AB71: =SUM(X71:AA71) -> 0 | AC71: =SUM(D71,I71,N71,S71,X71) -> 0 | AD71: =SUM(E71,J71,O71,T71,Y71) -> 0 | AE71: =SUM(F71,K71,P71,U71,Z71) -> 0 | AF71: =SUM(G71,L71,Q71,V71,AA71) -> 0 | AG71: =SUM(AC71:AF71) -> 0
B72: 7 | C72: Kab. Pasaman Barat | H72: =SUM(D72:G72) -> 0 | M72: =SUM(I72:L72) -> 0 | R72: =SUM(N72:Q72) -> 0 | S72: 7 | U72: 35 | W72: =SUM(S72:V72) -> 42 | AB72: =SUM(X72:AA72) -> 0 | AC72: =SUM(D72,I72,N72,S72,X72) -> 7 | AD72: =SUM(E72,J72,O72,T72,Y72) -> 0 | AE72: =SUM(F72,K72,P72,U72,Z72) -> 35 | AF72: =SUM(G72,L72,Q72,V72,AA72) -> 0 | AG72: =SUM(AC72:AF72) -> 42 | AH72: Sudah
B73: 8 | C73: Kab. Pesisir Selatan | H73: =SUM(D73:G73) -> 0 | M73: =SUM(I73:L73) -> 0 | R73: =SUM(N73:Q73) -> 0 | W73: =SUM(S73:V73) -> 0 | AB73: =SUM(X73:AA73) -> 0 | AC73: =SUM(D73,I73,N73,S73,X73) -> 0 | AD73: =SUM(E73,J73,O73,T73,Y73) -> 0 | AE73: =SUM(F73,K73,P73,U73,Z73) -> 0 | AF73: =SUM(G73,L73,Q73,V73,AA73) -> 0 | AG73: =SUM(AC73:AF73) -> 0
B74: 9 | C74: Kab. Sijunjung | H74: =SUM(D74:G74) -> 0 | M74: =SUM(I74:L74) -> 0 | R74: =SUM(N74:Q74) -> 0 | W74: =SUM(S74:V74) -> 0 | AB74: =SUM(X74:AA74) -> 0 | AC74: =SUM(D74,I74,N74,S74,X74) -> 0 | AD74: =SUM(E74,J74,O74,T74,Y74) -> 0 | AE74: =SUM(F74,K74,P74,U74,Z74) -> 0 | AF74: =SUM(G74,L74,Q74,V74,AA74) -> 0 | AG74: =SUM(AC74:AF74) -> 0
B75: 10 | C75: Kab. Solok | H75: =SUM(D75:G75) -> 0 | M75: =SUM(I75:L75) -> 0 | N75: 6 | P75: 6 | R75: =SUM(N75:Q75) -> 12 | U75: 3 | W75: =SUM(S75:V75) -> 3 | AB75: =SUM(X75:AA75) -> 0 | AC75: =SUM(D75,I75,N75,S75,X75) -> 6 | AD75: =SUM(E75,J75,O75,T75,Y75) -> 0 | AE75: =SUM(F75,K75,P75,U75,Z75) -> 9 | AF75: =SUM(G75,L75,Q75,V75,AA75) -> 0 | AG75: =SUM(AC75:AF75) -> 15 | AH75: Sudah
B76: 11 | C76: Kab. Solok Selatan | H76: =SUM(D76:G76) -> 0 | M76: =SUM(I76:L76) -> 0 | R76: =SUM(N76:Q76) -> 0 | W76: =SUM(S76:V76) -> 0 | AB76: =SUM(X76:AA76) -> 0 | AC76: =SUM(D76,I76,N76,S76,X76) -> 0 | AD76: =SUM(E76,J76,O76,T76,Y76) -> 0 | AE76: =SUM(F76,K76,P76,U76,Z76) -> 0 | AF76: =SUM(G76,L76,Q76,V76,AA76) -> 0 | AG76: =SUM(AC76:AF76) -> 0
B77: 12 | C77: Kab. Tanah Datar | H77: =SUM(D77:G77) -> 0 | M77: =SUM(I77:L77) -> 0 | R77: =SUM(N77:Q77) -> 0 | W77: =SUM(S77:V77) -> 0 | AB77: =SUM(X77:AA77) -> 0 | AC77: =SUM(D77,I77,N77,S77,X77) -> 0 | AD77: =SUM(E77,J77,O77,T77,Y77) -> 0 | AE77: =SUM(F77,K77,P77,U77,Z77) -> 0 | AF77: =SUM(G77,L77,Q77,V77,AA77) -> 0 | AG77: =SUM(AC77:AF77) -> 0
B78: 13 | C78: Kota Bukittinggi | H78: =SUM(D78:G78) -> 0 | M78: =SUM(I78:L78) -> 0 | R78: =SUM(N78:Q78) -> 0 | W78: =SUM(S78:V78) -> 0 | AB78: =SUM(X78:AA78) -> 0 | AC78: =SUM(D78,I78,N78,S78,X78) -> 0 | AD78: =SUM(E78,J78,O78,T78,Y78) -> 0 | AE78: =SUM(F78,K78,P78,U78,Z78) -> 0 | AF78: =SUM(G78,L78,Q78,V78,AA78) -> 0 | AG78: =SUM(AC78:AF78) -> 0
B79: 14 | C79: Kota Padang | H79: =SUM(D79:G79) -> 0 | M79: =SUM(I79:L79) -> 0 | R79: =SUM(N79:Q79) -> 0 | W79: =SUM(S79:V79) -> 0 | AB79: =SUM(X79:AA79) -> 0 | AC79: =SUM(D79,I79,N79,S79,X79) -> 0 | AD79: =SUM(E79,J79,O79,T79,Y79) -> 0 | AE79: =SUM(F79,K79,P79,U79,Z79) -> 0 | AF79: =SUM(G79,L79,Q79,V79,AA79) -> 0 | AG79: =SUM(AC79:AF79) -> 0
B80: 15 | C80: Kota Pandang Panjang | H80: =SUM(D80:G80) -> 0 | M80: =SUM(I80:L80) -> 0 | R80: =SUM(N80:Q80) -> 0 | W80: =SUM(S80:V80) -> 0 | AB80: =SUM(X80:AA80) -> 0 | AC80: =SUM(D80,I80,N80,S80,X80) -> 0 | AD80: =SUM(E80,J80,O80,T80,Y80) -> 0 | AE80: =SUM(F80,K80,P80,U80,Z80) -> 0 | AF80: =SUM(G80,L80,Q80,V80,AA80) -> 0 | AG80: =SUM(AC80:AF80) -> 0
B81: 16 | C81: Kota Pariaman | H81: =SUM(D81:G81) -> 0 | M81: =SUM(I81:L81) -> 0 | R81: =SUM(N81:Q81) -> 0 | W81: =SUM(S81:V81) -> 0 | AB81: =SUM(X81:AA81) -> 0 | AC81: =SUM(D81,I81,N81,S81,X81) -> 0 | AD81: =SUM(E81,J81,O81,T81,Y81) -> 0 | AE81: =SUM(F81,K81,P81,U81,Z81) -> 0 | AF81: =SUM(G81,L81,Q81,V81,AA81) -> 0 | AG81: =SUM(AC81:AF81) -> 0
B82: 17 | C82: Kota Payakumpuh | H82: =SUM(D82:G82) -> 0 | M82: =SUM(I82:L82) -> 0 | R82: =SUM(N82:Q82) -> 0 | S82: 4 | U82: 1 | W82: =SUM(S82:V82) -> 5 | AB82: =SUM(X82:AA82) -> 0 | AC82: =SUM(D82,I82,N82,S82,X82) -> 4 | AD82: =SUM(E82,J82,O82,T82,Y82) -> 0 | AE82: =SUM(F82,K82,P82,U82,Z82) -> 1 | AF82: =SUM(G82,L82,Q82,V82,AA82) -> 0 | AG82: =SUM(AC82:AF82) -> 5 | AH82: Sudah
B83: 18 | C83: Kota Sawahlunto | H83: =SUM(D83:G83) -> 0 | M83: =SUM(I83:L83) -> 0 | R83: =SUM(N83:Q83) -> 0 | W83: =SUM(S83:V83) -> 0 | AB83: =SUM(X83:AA83) -> 0 | AC83: =SUM(D83,I83,N83,S83,X83) -> 0 | AD83: =SUM(E83,J83,O83,T83,Y83) -> 0 | AE83: =SUM(F83,K83,P83,U83,Z83) -> 0 | AF83: =SUM(G83,L83,Q83,V83,AA83) -> 0 | AG83: =SUM(AC83:AF83) -> 0
B84: 19 | C84: Kota Solok | H84: =SUM(D84:G84) -> 0 | M84: =SUM(I84:L84) -> 0 | R84: =SUM(N84:Q84) -> 0 | W84: =SUM(S84:V84) -> 0 | X84: 3 | Z84: 8 | AB84: =SUM(X84:AA84) -> 11 | AC84: =SUM(D84,I84,N84,S84,X84) -> 3 | AD84: =SUM(E84,J84,O84,T84,Y84) -> 0 | AE84: =SUM(F84,K84,P84,U84,Z84) -> 8 | AF84: =SUM(G84,L84,Q84,V84,AA84) -> 0 | AG84: =SUM(AC84:AF84) -> 11 | AH84: Sudah
A85: 4 | B85: Provinsi Riau | D85: 3 | F85: 2 | H85: =SUM(D85:G85) -> 5 | I85: 7 | K85: 2 | M85: =SUM(I85:L85) -> 9 | N85: 20 | P85: 121 | R85: =SUM(N85:Q85) -> 141 | W85: =SUM(S85:V85) -> 0 | AB85: =SUM(X85:AA85) -> 0 | AC85: =SUM(D85,I85,N85,S85,X85) -> 30 | AD85: =SUM(E85,J85,O85,T85,Y85) -> 0 | AE85: =SUM(F85,K85,P85,U85,Z85) -> 125 | AF85: =SUM(G85,L85,Q85,V85,AA85) -> 0 | AG85: =SUM(AC85:AF85) -> 155 | AH85: Sudah
B86: 1 | C86: Kab. Bengkalis | D86: 3 | F86: 1 | H86: =SUM(D86:G86) -> 4 | I86: 2 | K86: 5 | M86: =SUM(I86:L86) -> 7 | N86: 5 | R86: =SUM(N86:Q86) -> 5 | W86: =SUM(S86:V86) -> 0 | AB86: =SUM(X86:AA86) -> 0 | AC86: =SUM(D86,I86,N86,S86,X86) -> 10 | AD86: =SUM(E86,J86,O86,T86,Y86) -> 0 | AE86: =SUM(F86,K86,P86,U86,Z86) -> 6 | AF86: =SUM(G86,L86,Q86,V86,AA86) -> 0 | AG86: =SUM(AC86:AF86) -> 16 | AH86: Sudah
B87: 2 | C87: Kab. Indragiri Hilir | D87: 11 | H87: =SUM(D87:G87) -> 11 | I87: 10 | K87: 5 | M87: =SUM(I87:L87) -> 15 | N87: 18 | R87: =SUM(N87:Q87) -> 18 | W87: =SUM(S87:V87) -> 0 | AB87: =SUM(X87:AA87) -> 0 | AC87: =SUM(D87,I87,N87,S87,X87) -> 39 | AD87: =SUM(E87,J87,O87,T87,Y87) -> 0 | AE87: =SUM(F87,K87,P87,U87,Z87) -> 5 | AF87: =SUM(G87,L87,Q87,V87,AA87) -> 0 | AG87: =SUM(AC87:AF87) -> 44 | AH87: Sudah
B88: 3 | C88: Kab. Indragiri Hulu | H88: =SUM(D88:G88) -> 0 | I88: 5 | K88: 1 | M88: =SUM(I88:L88) -> 6 | R88: =SUM(N88:Q88) -> 0 | W88: =SUM(S88:V88) -> 0 | AB88: =SUM(X88:AA88) -> 0 | AC88: =SUM(D88,I88,N88,S88,X88) -> 5 | AD88: =SUM(E88,J88,O88,T88,Y88) -> 0 | AE88: =SUM(F88,K88,P88,U88,Z88) -> 1 | AF88: =SUM(G88,L88,Q88,V88,AA88) -> 0 | AG88: =SUM(AC88:AF88) -> 6 | AH88: Sudah
B89: 4 | C89: Kab. Kampar | F89: 1 | H89: =SUM(D89:G89) -> 1 | I89: 2 | M89: =SUM(I89:L89) -> 2 | N89: 9 | P89: 8 | R89: =SUM(N89:Q89) -> 17 | S89: 12 | U89: 11 | W89: =SUM(S89:V89) -> 23 | X89: 13 | Z89: 7 | AB89: =SUM(X89:AA89) -> 20 | AC89: =SUM(D89,I89,N89,S89,X89) -> 36 | AD89: =SUM(E89,J89,O89,T89,Y89) -> 0 | AE89: =SUM(F89,K89,P89,U89,Z89) -> 27 | AF89: =SUM(G89,L89,Q89,V89,AA89) -> 0 | AG89: =SUM(AC89:AF89) -> 63 | AH89: Sudah
B90: 5 | C90: Kab. Kepulauan Meranti | D90: 4 | F90: 13 | H90: =SUM(D90:G90) -> 17 | I90: 2 | K90: 18 | M90: =SUM(I90:L90) -> 20 | N90: 15 | P90: 39 | R90: =SUM(N90:Q90) -> 54 | W90: =SUM(S90:V90) -> 0 | AB90: =SUM(X90:AA90) -> 0 | AC90: =SUM(D90,I90,N90,S90,X90) -> 21 | AD90: =SUM(E90,J90,O90,T90,Y90) -> 0 | AE90: =SUM(F90,K90,P90,U90,Z90) -> 70 | AF90: =SUM(G90,L90,Q90,V90,AA90) -> 0 | AG90: =SUM(AC90:AF90) -> 91 | AH90: Sudah
B91: 6 | C91: Kab. Kuantan Singingi | D91: 2 | F91: 2 | H91: =SUM(D91:G91) -> 4 | M91: =SUM(I91:L91) -> 0 | R91: =SUM(N91:Q91) -> 0 | W91: =SUM(S91:V91) -> 0 | AB91: =SUM(X91:AA91) -> 0 | AC91: =SUM(D91,I91,N91,S91,X91) -> 2 | AD91: =SUM(E91,J91,O91,T91,Y91) -> 0 | AE91: =SUM(F91,K91,P91,U91,Z91) -> 2 | AF91: =SUM(G91,L91,Q91,V91,AA91) -> 0 | AG91: =SUM(AC91:AF91) -> 4 | AH91: Sudah
B92: 7 | C92: Kab. Pelalawan | D92: 4 | F92: 10 | G92: 1 | H92: =SUM(D92:G92) -> 15 | M92: =SUM(I92:L92) -> 0 | R92: =SUM(N92:Q92) -> 0 | W92: =SUM(S92:V92) -> 0 | AB92: =SUM(X92:AA92) -> 0 | AC92: =SUM(D92,I92,N92,S92,X92) -> 4 | AD92: =SUM(E92,J92,O92,T92,Y92) -> 0 | AE92: =SUM(F92,K92,P92,U92,Z92) -> 10 | AF92: =SUM(G92,L92,Q92,V92,AA92) -> 1 | AG92: =SUM(AC92:AF92) -> 15 | AH92: Sudah
B93: 8 | C93: Kab. Rokan Hilir | H93: =SUM(D93:G93) -> 0 | I93: 4 | M93: =SUM(I93:L93) -> 4 | R93: =SUM(N93:Q93) -> 0 | U93: 2 | W93: =SUM(S93:V93) -> 2 | AB93: =SUM(X93:AA93) -> 0 | AC93: =SUM(D93,I93,N93,S93,X93) -> 4 | AD93: =SUM(E93,J93,O93,T93,Y93) -> 0 | AE93: =SUM(F93,K93,P93,U93,Z93) -> 2 | AF93: =SUM(G93,L93,Q93,V93,AA93) -> 0 | AG93: =SUM(AC93:AF93) -> 6 | AH93: Sudah
B94: 9 | C94: Kab. Rokan Hulu | H94: =SUM(D94:G94) -> 0 | M94: =SUM(I94:L94) -> 0 | R94: =SUM(N94:Q94) -> 0 | W94: =SUM(S94:V94) -> 0 | AB94: =SUM(X94:AA94) -> 0 | AC94: =SUM(D94,I94,N94,S94,X94) -> 0 | AD94: =SUM(E94,J94,O94,T94,Y94) -> 0 | AE94: =SUM(F94,K94,P94,U94,Z94) -> 0 | AF94: =SUM(G94,L94,Q94,V94,AA94) -> 0 | AG94: =SUM(AC94:AF94) -> 0
B95: 10 | C95: Kab. Siak | D95: 2 | H95: =SUM(D95:G95) -> 2 | I95: 20 | K95: 1 | M95: =SUM(I95:L95) -> 21 | N95: 4 | R95: =SUM(N95:Q95) -> 4 | W95: =SUM(S95:V95) -> 0 | AB95: =SUM(X95:AA95) -> 0 | AC95: =SUM(D95,I95,N95,S95,X95) -> 26 | AD95: =SUM(E95,J95,O95,T95,Y95) -> 0 | AE95: =SUM(F95,K95,P95,U95,Z95) -> 1 | AF95: =SUM(G95,L95,Q95,V95,AA95) -> 0 | AG95: =SUM(AC95:AF95) -> 27 | AH95: Sudah
B96: 11 | C96: Kota Dumai | H96: =SUM(D96:G96) -> 0 | M96: =SUM(I96:L96) -> 0 | R96: =SUM(N96:Q96) -> 0 | W96: =SUM(S96:V96) -> 0 | AB96: =SUM(X96:AA96) -> 0 | AC96: =SUM(D96,I96,N96,S96,X96) -> 0 | AD96: =SUM(E96,J96,O96,T96,Y96) -> 0 | AE96: =SUM(F96,K96,P96,U96,Z96) -> 0 | AF96: =SUM(G96,L96,Q96,V96,AA96) -> 0 | AG96: =SUM(AC96:AF96) -> 0
B97: 12 | C97: Kota Pekanbaru | H97: =SUM(D97:G97) -> 0 | M97: =SUM(I97:L97) -> 0 | R97: =SUM(N97:Q97) -> 0 | W97: =SUM(S97:V97) -> 0 | X97: 2 | AB97: =SUM(X97:AA97) -> 2 | AC97: =SUM(D97,I97,N97,S97,X97) -> 2 | AD97: =SUM(E97,J97,O97,T97,Y97) -> 0 | AE97: =SUM(F97,K97,P97,U97,Z97) -> 0 | AF97: =SUM(G97,L97,Q97,V97,AA97) -> 0 | AG97: =SUM(AC97:AF97) -> 2 | AH97: Sudah
A98: 5 | B98: Provinsi Kepulauan Riau | H98: =SUM(D98:G98) -> 0 | M98: =SUM(I98:L98) -> 0 | R98: =SUM(N98:Q98) -> 0 | W98: =SUM(S98:V98) -> 0 | AB98: =SUM(X98:AA98) -> 0 | AC98: =SUM(D98,I98,N98,S98,X98) -> 0 | AD98: =SUM(E98,J98,O98,T98,Y98) -> 0 | AE98: =SUM(F98,K98,P98,U98,Z98) -> 0 | AF98: =SUM(G98,L98,Q98,V98,AA98) -> 0 | AG98: =SUM(AC98:AF98) -> 0
B99: 1 | C99: Kab. Bintan | H99: =SUM(D99:G99) -> 0 | M99: =SUM(I99:L99) -> 0 | R99: =SUM(N99:Q99) -> 0 | S99: 5 | U99: 4 | W99: =SUM(S99:V99) -> 9 | X99: 1 | Z99: 6 | AB99: =SUM(X99:AA99) -> 7 | AC99: =SUM(D99,I99,N99,S99,X99) -> 6 | AD99: =SUM(E99,J99,O99,T99,Y99) -> 0 | AE99: =SUM(F99,K99,P99,U99,Z99) -> 10 | AF99: =SUM(G99,L99,Q99,V99,AA99) -> 0 | AG99: =SUM(AC99:AF99) -> 16 | AH99: Sudah
B100: 2 | C100: Kab. Karimun | H100: =SUM(D100:G100) -> 0 | M100: =SUM(I100:L100) -> 0 | R100: =SUM(N100:Q100) -> 0 | S100: 8 | U100: 19 | W100: =SUM(S100:V100) -> 27 | X100: 10 | Z100: 17 | AB100: =SUM(X100:AA100) -> 27 | AC100: =SUM(D100,I100,N100,S100,X100) -> 18 | AD100: =SUM(E100,J100,O100,T100,Y100) -> 0 | AE100: =SUM(F100,K100,P100,U100,Z100) -> 36 | AF100: =SUM(G100,L100,Q100,V100,AA100) -> 0 | AG100: =SUM(AC100:AF100) -> 54 | AH100: Sudah
B101: 3 | C101: Kab. Kepulauan Anambas | H101: =SUM(D101:G101) -> 0 | M101: =SUM(I101:L101) -> 0 | R101: =SUM(N101:Q101) -> 0 | W101: =SUM(S101:V101) -> 0 | AB101: =SUM(X101:AA101) -> 0 | AC101: =SUM(D101,I101,N101,S101,X101) -> 0 | AD101: =SUM(E101,J101,O101,T101,Y101) -> 0 | AE101: =SUM(F101,K101,P101,U101,Z101) -> 0 | AF101: =SUM(G101,L101,Q101,V101,AA101) -> 0 | AG101: =SUM(AC101:AF101) -> 0
B102: 4 | C102: Kab. Lingga | H102: =SUM(D102:G102) -> 0 | M102: =SUM(I102:L102) -> 0 | R102: =SUM(N102:Q102) -> 0 | W102: =SUM(S102:V102) -> 0 | AB102: =SUM(X102:AA102) -> 0 | AC102: =SUM(D102,I102,N102,S102,X102) -> 0 | AD102: =SUM(E102,J102,O102,T102,Y102) -> 0 | AE102: =SUM(F102,K102,P102,U102,Z102) -> 0 | AF102: =SUM(G102,L102,Q102,V102,AA102) -> 0 | AG102: =SUM(AC102:AF102) -> 0
B103: 5 | C103: Kab. Natuna | H103: =SUM(D103:G103) -> 0 | M103: =SUM(I103:L103) -> 0 | R103: =SUM(N103:Q103) -> 0 | W103: =SUM(S103:V103) -> 0 | X103: 24 | Z103: 14 | AB103: =SUM(X103:AA103) -> 38 | AC103: =SUM(D103,I103,N103,S103,X103) -> 24 | AD103: =SUM(E103,J103,O103,T103,Y103) -> 0 | AE103: =SUM(F103,K103,P103,U103,Z103) -> 14 | AF103: =SUM(G103,L103,Q103,V103,AA103) -> 0 | AG103: =SUM(AC103:AF103) -> 38 | AH103: Sudah
B104: 6 | C104: Kota Batam | H104: =SUM(D104:G104) -> 0 | M104: =SUM(I104:L104) -> 0 | R104: =SUM(N104:Q104) -> 0 | W104: =SUM(S104:V104) -> 0 | AB104: =SUM(X104:AA104) -> 0 | AC104: =SUM(D104,I104,N104,S104,X104) -> 0 | AD104: =SUM(E104,J104,O104,T104,Y104) -> 0 | AE104: =SUM(F104,K104,P104,U104,Z104) -> 0 | AF104: =SUM(G104,L104,Q104,V104,AA104) -> 0 | AG104: =SUM(AC104:AF104) -> 0
...

Sheet REKAPITULASI PROVINSI
A1: REKAPITULASI KERJASAMA PROVINSI
A3: NO | B3: PROVINSI | C3: KESEPAKATAN | D3: PERJANJIAN
A4: 1 | B4: JAWA TIMUR | C4: ='REKAPITULASI KAB-KOTA'!D44 -> 146 | D4: ='REKAPITULASI KAB-KOTA'!E44 -> 279
A5: 2 | B5: JAWA BARAT | C5: ='REKAPITULASI KAB-KOTA'!D80 -> 60 | D5: ='REKAPITULASI KAB-KOTA'!E80 -> 67
A6: 3 | B6: JAWA TENGAH | C6: ='REKAPITULASI KAB-KOTA'!D125 -> 105 | D6: ='REKAPITULASI KAB-KOTA'!E125 -> 190
A7: 4 | B7: DIY | C7: ='REKAPITULASI KAB-KOTA'!D139 -> 53 | D7: ='REKAPITULASI KAB-KOTA'!E139 -> 68
A8: 5 | B8: BANTEN | C8: ='REKAPITULASI KAB-KOTA'!D156 -> 25 | D8: ='REKAPITULASI KAB-KOTA'!E156 -> 4
A9: 6 | B9: DKI | C9: ='REKAPITULASI KAB-KOTA'!D173 -> 0 | D9: ='REKAPITULASI KAB-KOTA'!E173 -> 0
A10: 7 | B10: LAMPUNG | C10: ='REKAPITULASI KAB-KOTA'!D200 -> 12 | D10: ='REKAPITULASI KAB-KOTA'!E200 -> 22
A11: 8 | B11: BENGKULU | C11: ='REKAPITULASI KAB-KOTA'!D218 -> 0 | D11: ='REKAPITULASI KAB-KOTA'!E218 -> 5
A12: 9 | B12: SUMATERA SELATAN | C12: ='REKAPITULASI KAB-KOTA'!D242 -> 14 | D12: ='REKAPITULASI KAB-KOTA'!E242 -> 13
A13: 10 | B13: JAMBI | C13: ='REKAPITULASI KAB-KOTA'!D261 -> 18 | D13: ='REKAPITULASI KAB-KOTA'!E261 -> 37
A14: 11 | B14: RIAU | C14: ='REKAPITULASI KAB-KOTA'!D281 -> 12 | D14: ='REKAPITULASI KAB-KOTA'!E281 -> 13
A15: 12 | B15: KEP. BANGKA BELITUNG | C15: ='REKAPITULASI KAB-KOTA'!D296 -> 32 | D15: ='REKAPITULASI KAB-KOTA'!E296 -> 11
A16: 13 | B16: SUMUT | C16: ='REKAPITULASI KAB-KOTA'!D338 -> 18 | D16: ='REKAPITULASI KAB-KOTA'!E338 -> 63
A17: 14 | B17: SUMATERA BARAT | C17: ='REKAPITULASI KAB-KOTA'!D366 -> 27 | D17: ='REKAPITULASI KAB-KOTA'!E366 -> 65
A18: 15 | B18: KEP RIAU | C18: ='REKAPITULASI KAB-KOTA'!D422 -> 13 | D18: ='REKAPITULASI KAB-KOTA'!E422 -> 23
A19: 16 | B19: ACEH | C19: ='REKAPITULASI KAB-KOTA'!D452 -> 9 | D19: ='REKAPITULASI KAB-KOTA'!E452 -> 6
A20: 17 | B20: KALTARA | C20: ='REKAPITULASI KAB-KOTA'!D465 -> 10 | D20: ='REKAPITULASI KAB-KOTA'!E465 -> 15
A21: 18 | B21: KALBAR | C21: ='REKAPITULASI KAB-KOTA'!D487 -> 8 | D21: ='REKAPITULASI KAB-KOTA'!E487 -> 18
A22: 19 | B22: KALTENG | C22: ='REKAPITULASI KAB-KOTA'!D509 -> 0 | D22: ='REKAPITULASI KAB-KOTA'!E509 -> 8
A23: 20 | B23: KALTIM | C23: ='REKAPITULASI KAB-KOTA'!D527 -> 51 | D23: ='REKAPITULASI KAB-KOTA'!E527 -> 28
A24: 21 | B24: KALSEL | C24: ='REKAPITULASI KAB-KOTA'!D547 -> 10 | D24: ='REKAPITULASI KAB-KOTA'!E547 -> 0
A25: 22 | B25: SULSEL | C25: ='REKAPITULASI KAB-KOTA'!D579 -> 0 | D25: ='REKAPITULASI KAB-KOTA'!E579 -> 4
A26: 23 | B26: SULTRA | C26: ='REKAPITULASI KAB-KOTA'!D603 -> 33 | D26: ='REKAPITULASI KAB-KOTA'!E603 -> 40
A27: 24 | B27: SULBAR | C27: ='REKAPITULASI KAB-KOTA'!D617 -> 0 | D27: ='REKAPITULASI KAB-KOTA'!E617 -> 3
A28: 25 | B28: SULTENG | C28: ='REKAPITULASI KAB-KOTA'!D638 -> 3 | D28: ='REKAPITULASI KAB-KOTA'!E638 -> 4
A29: 26 | B29: SULUT | C29: ='REKAPITULASI KAB-KOTA'!D661 -> 0 | D29: ='REKAPITULASI KAB-KOTA'!E661 -> 0
A30: 27 | B30: BALI | C30: ='REKAPITULASI KAB-KOTA'!D678 -> 67 | D30: ='REKAPITULASI KAB-KOTA'!E678 -> 72
A31: 28 | B31: NTB | C31: ='REKAPITULASI KAB-KOTA'!D696 -> 17 | D31: ='REKAPITULASI KAB-KOTA'!E696 -> 27
A32: 29 | B32: NTT | C32: ='REKAPITULASI KAB-KOTA'!D727 -> 11 | D32: ='REKAPITULASI KAB-KOTA'!E727 -> 34
A33: 30 | B33: GORORNTALO | C33: ='REKAPITULASI KAB-KOTA'!D741 -> 0 | D33: ='REKAPITULASI KAB-KOTA'!E741 -> 7
A34: 31 | B34: MALUKU | C34: ='REKAPITULASI KAB-KOTA'!D760 -> 0 | D34: ='REKAPITULASI KAB-KOTA'!E760 -> 0
A35: 32 | B35: MALUKU UTARA | C35: ='REKAPITULASI KAB-KOTA'!D779 -> 0 | D35: ='REKAPITULASI KAB-KOTA'!E779 -> 0
A36: 33 | B36: PAPUA | C36: ='REKAPITULASI KAB-KOTA'!D816 -> 0 | D36: ='REKAPITULASI KAB-KOTA'!E816 -> 0
A37: 34 | B37: PAPUA BARAT | C37: ='REKAPITULASI KAB-KOTA'!D838 -> 3 | D37: ='REKAPITULASI KAB-KOTA'!E838 -> 0
A38: JUMLAH | C38: =SUM(C4:C37) -> 757 | D38: =SUM(D4:D37) -> 1126

Sheet REKAPITULASI KAB-KOTA
A1: REKAPITULASI PERJANJIAN KERJASAMA DAERAH
A2: TAHUN 2018
A4: PROVINSI | B4: KAB/KOTA | D4: KESEPAKATAN | E4: PERJANJIAN
A5: JAWA TIMUR | B5: 1 | C5: Pemprov Jatim | D5: ='Prov JATIM'!H128 -> 17 | E5: ='Prov JATIM'!J128 -> 43
B6: 2 | C6: Kab. Pacitan | D6: ='Prov JATIM'!H180 -> 0 | E6: ='Prov JATIM'!J180 -> 22
B7: 3 | C7: Kab. Trenggalek | D7: ='Prov JATIM'!H236 -> 4 | E7: ='Prov JATIM'!J236 -> 12
B8: 4 | C8: Kab. Tulungagung | D8: ='Prov JATIM'!H270 -> 11 | E8: ='Prov JATIM'!J270 -> 2
B9: 5 | C9: Kab. Blitar | D9: ='Prov JATIM'!H314 -> 17 | E9: ='Prov JATIM'!J314 -> 1
B10: 6 | C10: Kab. Kediri | D10: ='Prov JATIM'!H346 -> 0 | E10: ='Prov JATIM'!J346 -> 12
B11: 7 | C11: Kab. Malang | D11: ='Prov JATIM'!H392 -> 6 | E11: ='Prov JATIM'!J392 -> 13
B12: 8 | C12: Kota Batu | D12: ='Prov JATIM'!H405 -> 2 | E12: ='Prov JATIM'!J405 -> 0
B13: 9 | C13: Kota Malang | D13: ='Prov JATIM'!H449 -> 14 | E13: ='Prov JATIM'!J449 -> 3
B14: 10 | C14: Kab. Lumajang | D14: ='Prov JATIM'!H510 -> 5 | E14: ='Prov JATIM'!J510 -> 21
B15: 11 | C15: Kab. Jember | D15: ='Prov JATIM'!H541 -> 8 | E15: ='Prov JATIM'!J541 -> 3
B16: 12 | C16: Kab. jember | D16: ='Prov JATIM'!H595 -> 13 | E16: ='Prov JATIM'!J595 -> 10
B17: 13 | C17: Kota Probolinggo | D17: ='Prov JATIM'!H775 -> 22 | E17: ='Prov JATIM'!J775 -> 50
B18: 14 | C18: Kab. Pasuruan | D18: ='Prov JATIM'!H829 -> 0 | E18: ='Prov JATIM'!J829 -> 23
B19: 15 | C19: Kota Mojokerto | D19: ='Prov JATIM'!H895 -> 0 | E19: ='Prov JATIM'!J895 -> 21
B20: 16 | C20: Kab. Mojokerto | D20: ='Prov JATIM'!H924 -> 3 | E20: ='Prov JATIM'!J924 -> 8
B21: 17 | C21: Kab. Jombang | D21: ='Prov JATIM'!H952 -> 8 | E21: ='Prov JATIM'!J952 -> 2
B22: 18 | C22: Kab. Nganjuk | D22: ='Prov JATIM'!H972 -> 3 | E22: ='Prov JATIM'!J972 -> 3
B23: 19 | C23: Kab. Madiun | D23: ='Prov JATIM'!H990 -> 5 | E23: ='Prov JATIM'!J990 -> 0
B24: 20 | C24: Kab. Ngawi | D24: ='Prov JATIM'!H1036 -> 5 | E24: ='Prov JATIM'!J1036 -> 6
B25: 21 | C25: Kota Kediri | D25: ='Prov JATIM'!H1218 -> 3 | E25: ='Prov JATIM'!J1218 -> 24
B26: 22 | C26: Kab. Ponorogo | D26: ='Prov JATIM'!H194 -> 0 | E26: ='Prov JATIM'!J194 -> 0
B27: 23 | C27: Kab. Bondowoso | D27: ='Prov JATIM'!H610 -> 0 | E27: ='Prov JATIM'!J610 -> 0
B28: 24 | C28: Kab. Situbondo | D28: ='Prov JATIM'!H625 -> 0 | E28: ='Prov JATIM'!J625 -> 0
B29: 25 | C29: Kab. Sidoarjo | D29: ='Prov JATIM'!H844 -> 0 | E29: ='Prov JATIM'!J844 -> 0
B30: 26 | C30: Kab. Magetan | D30: ='Prov JATIM'!H1005 -> 0 | E30: ='Prov JATIM'!J1005 -> 0
B31: 27 | C31: Kab. Bojonegoro | D31: ='Prov JATIM'!H1053 -> 0 | E31: ='Prov JATIM'!J1053 -> 0
B32: 28 | C32: Kab. Tuban | D32: ='Prov JATIM'!H1068 -> 0 | E32: ='Prov JATIM'!J1068 -> 0
B33: 29 | C33: Kab. Lamongan | D33: ='Prov JATIM'!H1083 -> 0 | E33: ='Prov JATIM'!J1083 -> 0
B34: 30 | C34: Kab. Gresik | D34: ='Prov JATIM'!H1098 -> 0 | E34: ='Prov JATIM'!J1098 -> 0
B35: 31 | C35: kab. Bangkalan | D35: ='Prov JATIM'!H1113 -> 0 | E35: ='Prov JATIM'!J1113 -> 0
B36: 32 | C36: Kab. Sampang | D36: ='Prov JATIM'!H1128 -> 0 | E36: ='Prov JATIM'!J1128 -> 0
B37: 33 | C37: Kab. Pamekasan | D37: ='Prov JATIM'!H1143 -> 0 | E37: ='Prov JATIM'!J1143 -> 0
B38: 34 | C38: Kab. Sumenep | D38: ='Prov JATIM'!H1158 -> 0 | E38: ='Prov JATIM'!J1158 -> 0
B39: 35 | C39: Kota Blitar | D39: ='Prov JATIM'!H1233 -> 0 | E39: ='Prov JATIM'!J1233 -> 0
B40: 36 | C40: Kota Pasuruan | D40: ='Prov JATIM'!H1249 -> 0 | E40: ='Prov JATIM'!J1249 -> 0
B41: 37 | C41: Kota Mojokerto | D41: ='Prov JATIM'!H1264 -> 0 | E41: ='Prov JATIM'!J1264 -> 0
B42: 38 | C42: Kota Madiun | D42: ='Prov JATIM'!H1279 -> 0 | E42: ='Prov JATIM'!J1279 -> 0
B43: 39 | C43: Kota Surabaya | D43: ='Prov JATIM'!H1294 -> 0 | E43: ='Prov JATIM'!J1294 -> 0
A44: JUMLAH | D44: =SUM(D5:D43) -> 146 | E44: =SUM(E5:E43) -> 279
A47: REKAPITULASI PERJANJIAN KERJASAMA DAERAH
A48: TAHUN 2018
A50: PROVINSI | B50: KAB/KOTA | D50: KESEPAKATAN | E50: PERJANJIAN
A51: JAWA BARAT | B51: 1 | C51: Pemprov Jabar | D51: ='Prov Jabar'!H169 -> 27 | E51: ='Prov Jabar'!J169 -> 54
B52: 2 | C52: Kota Bogor | D52: ='Prov Jabar'!H254 -> 3 | E52: ='Prov Jabar'!J254 -> 35
B53: 3 | C53: Kab. Sukabumi | D53: ='Prov Jabar'!H268 -> 0 | E53: ='Prov Jabar'!J268 -> 0
B54: 4 | C54: Kab. Cianjur | D54: ='Prov Jabar'!H281 -> 0 | E54: ='Prov Jabar'!J281 -> 0
B55: 5 | C55: Kab. Bandung | D55: ='Prov Jabar'!H295 -> 0 | E55: ='Prov Jabar'!J295 -> 0
B56: 6 | C56: Kab. Garut | D56: ='Prov Jabar'!H309 -> 0 | E56: ='Prov Jabar'!J309 -> 0
B57: 7 | C57: Kab. Tasikmalaya | D57: ='Prov Jabar'!H323 -> 0 | E57: ='Prov Jabar'!J323 -> 0
B58: 8 | C58: Kab. Ciamis | D58: ='Prov Jabar'!H350 -> 7 | E58: ='Prov Jabar'!J350 -> 2
B59: 9 | C59: Kab. Kuningan | D59: ='Prov Jabar'!H364 -> 0 | E59: ='Prov Jabar'!J364 -> 0
B60: 10 | C60: Kab. Cirebon | D60: ='Prov Jabar'!H387 -> 6 | E60: ='Prov Jabar'!J387 -> 1
B61: 11 | C61: Kab. Majalengka | D61: ='Prov Jabar'!H405 -> 4 | E61: ='Prov Jabar'!J405 -> 0
B62: 12 | C62: Kab. Sumedang | D62: ='Prov Jabar'!H447 -> 12 | E62: ='Prov Jabar'!J447 -> 5
B63: 13 | C63: Kab. Indramayu | D63: ='Prov Jabar'!H492 -> 0 | E63: ='Prov Jabar'!J478 -> 11
B64: 14 | C64: Kab. Subang | D64: ='Prov Jabar'!H492 -> 0 | E64: ='Prov Jabar'!J492 -> 0
B65: 15 | C65: Kab. Purwakarta | D65: ='Prov Jabar'!H532 -> 4 | E65: ='Prov Jabar'!J532 -> 11
B66: 16 | C66: Kab. Karawang | D66: ='Prov Jabar'!H545 -> 0 | E66: ='Prov Jabar'!J545 -> 0
B67: 17 | C67: Kab. Bekasi | D67: ='Prov Jabar'!H559 -> 0 | E67: ='Prov Jabar'!J559 -> 0
B68: 18 | C68: Kab. Bandung Barat | D68: ='Prov Jabar'!H604 -> 18 | E68: ='Prov Jabar'!J604 -> 0
B69: 19 | C69: Kota Sukabumi | D69: ='Prov Jabar'!H619 -> 0 | E69: ='Prov Jabar'!J619 -> 0
B70: 20 | C70: Kota Bandung | D70: ='Prov Jabar'!H633 -> 0 | E70: ='Prov Jabar'!J633 -> 0
B71: 21 | C71: Kota Cirebon | D71: ='Prov Jabar'!H647 -> 0 | E71: ='Prov Jabar'!J647 -> 0
B72: 22 | C72: Kota Bekasi | D72: ='Prov Jabar'!H661 -> 0 | E72: ='Prov Jabar'!J661 -> 0
B73: 23 | C73: Kota Depok | D73: ='Prov Jabar'!H675 -> 0 | E73: ='Prov Jabar'!J675 -> 0
B74: 24 | C74: Kota Cimahi | D74: ='Prov Jabar'!H689 -> 0 | E74: ='Prov Jabar'!J689 -> 0
B75: 25 | C75: Kota Tasikmalaya | D75: ='Prov Jabar'!H703 -> 0 | E75: ='Prov Jabar'!J703 -> 0
B76: 26 | C76: Kota Banjar | D76: ='Prov Jabar'!H727 -> 6 | E76: ='Prov Jabar'!J727 -> 2
B77: 27 | C77: Kota Tasikmalaya | D77: ='Prov Jabar'!H741 -> 0 | E77: ='Prov Jabar'!J741 -> 0
B78: 28 | C78: Kab. Pangandaran
B79: 29
A80: JUMLAH | D80: =SUM(D51:D79) -> 60 | E80: =SUM(E51:E79) -> 67
A83: REKAPITULASI PERJANJIAN KERJASAMA DAERAH
A84: TAHUN 2018
A86: PROVINSI | B86: KAB/KOTA | D86: KESEPAKATAN | E86: PERJANJIAN
A87: JAWA TENGAH | B87: 1 | C87: Pemprov Jateng | D87: 0 | E87: 0
B88: 2 | C88: Kab. Banjarnegara | D88: ='Prov Jateng '!H151 -> 0 | E88: ='Prov Jateng '!J151 -> 0
B89: 3 | C89: Kab. Banyumas | D89: ='Prov Jateng '!H59 -> 0 | E89: ='Prov Jateng '!J59 -> 0
B90: 4 | C90: Kab. Batang | D90: ='Prov Jateng '!H630 -> 3 | E90: ='Prov Jateng '!J630 -> 4
B91: 5 | C91: Kab. Blora | D91: ='Prov Jateng '!H433 -> 8 | E91: ='Prov Jateng '!J433 -> 5
B92: 6 | C92: Kab. Boyolali | D92: ='Prov Jateng '!H229 -> 3 | E92: ='Prov Jateng '!J229 -> 4
B93: 7 | C93: Kab. Brebes | D93: ='Prov Jateng '!H859 -> 0 | E93: ='Prov Jateng '!J859 -> 0
B94: 8 | C94: Kab. Cilacap | D94: ='Prov Jateng '!H45 -> 3 | E94: ='Prov Jateng '!J45 -> 8
B95: 9 | C95: Kab. Demak | D95: ='Prov Jateng '!H123 -> 0 | E95: ='Prov Jateng '!J123 -> 0
B96: 10 | C96: Kab. Grobogan | D96: ='Prov Jateng '!H399 -> 3 | E96: ='Prov Jateng '!J399 -> 1
B97: 11 | C97: Kab. Jepara | D97: ='Prov Jateng '!H137 -> 0 | E97: ='Prov Jateng '!J137 -> 0
B98: 12 | C98: Kab. Karanganyar | D98: ='Prov Jateng '!H345 -> 0 | E98: ='Prov Jateng '!J345 -> 0
B99: 13 | C99: Kab. Kebumen | D99: ='Prov Jateng '!H164 -> 0 | E99: ='Prov Jateng '!J164 -> 0
B100: 14 | C100: Kab. Kendal | D100: ='Prov Jateng '!H593 -> 0 | E100: ='Prov Jateng '!J593 -> 0
B101: 15 | C101: Kab. Klaten | D101: ='Prov Jateng '!H244 -> 0 | E101: ='Prov Jateng '!J244 -> 0
B102: 16 | C102: Kab. Kudus | D102: ='Prov Jateng '!H607 -> 0 | E102: ='Prov Jateng '!J607 -> 0
B103: 17 | C103: Kab. Magelang | D103: ='Prov Jateng '!H206 -> 0 | E103: ='Prov Jateng '!J206 -> 0
B104: 18 | C104: Kab. Pati | D104: ='Prov Jateng '!H486 -> 8 | E104: ='Prov Jateng '!J486 -> 8
B105: 19 | C105: Kab. Pekalongan | D105: ='Prov Jateng '!H652 -> 5 | E105: ='Prov Jateng '!J652 -> 1
B106: 20 | C106: Kab. Pemalang | D106: ='Prov Jateng '!H810 -> 19 | E106: ='Prov Jateng '!J810 -> 7
B107: 21 | C107: Kab. Purbalingga | D107: ='Prov Jateng '!H108 -> 3 | E107: ='Prov Jateng '!J108 -> 17
...

Sheet Prov JATIM
A2: DATA KERJA SAMA DAERAH
A3: PROVINSI JAWA TIMUR
A5: KSDD | C5: KSDPK | E5: SINERGI | H5: NOMOR / TANGGAL | K5: RUANG LINGKUP | L5: URUSAN YANG DI KERJA SAMAKAN | N5: KETERANGAN
H6: Kesepakatan | J6: Perjanjian
A8: 1. | B8: Kabupaten Bangkalan | I8: 1 | J8: 120.01/35/012/2018 Tgl. 02 Januari 2018 | K8: Peningkatan Program Puskesmas | M8: Kesehatan | N8: Berakhir Pada 02 Januari 2019
A10: 2. | B10: Kabupaten Banyuwangi | I10: 2 | J10: 120.23/09/033.4/2018 Tgl. 02 Januari 2018 | K10: Peningkatan Program Puskesmas | M10: Kesehatan | N10: Berakhir Pada 02 Januari 2019
A12: 3. | B12: Kabupaten Blitar | I12: 3 | J12: 120.23/08/033.4/2018 Tgl. 02 Januari 2018 | K12: Peningkatan Program Puskesmas | M12: Kesehatan | N12: Berakhir Pada 02 Januari 2019
A14: 4. | B14: Kabupaten Bojonegoro | I14: 4 | J14: 120.23/33/033.4/2018 Tgl. 02 Januari 2018 | K14: Peningkatan Program Puskesmas | M14: Kesehatan | N14: Berakhir Pada 02 Januari 2019
A16: 5. | B16: Kabupaten Bondowoso | I16: 5 | J16: 120.23/33/033.4/2018 Tgl. 02 Januari 2018 | K16: Peningkatan Program Puskesmas | M16: Kesehatan | N16: Berakhir Pada 02 Januari 2019
A18: 6. | B18: Kabupaten Gresik | I18: 6 | J18: 120.23/10/033.4/2018 Tgl. 02 Januari 2018 | K18: Peningkatan Program Puskesmas | M18: Kesehatan | N18: Berakhir Pada 02 Januari 2019
A20: 7. | B20: Kabupaten Jember | I20: 7 | J20: 120.23/08/033.4/2018 Tgl. 02 Januari 2018 | K20: Peningkatan Program Puskesmas | M20: Kesehatan | N20: Berakhir Pada 02 Januari 2019
A22: 8. | B22: Kabupaten Jombang | I22: 8 | J22: 120.23/17/033.4/2018 Tgl. 02 Januari 2018 | K22: Peningkatan Program Puskesmas | M22: Kesehatan | N22: Berakhir Pada 02 Januari 2019
A24: 9. | B24: Kabupaten Lamongan | I24: 9 | J24: 120.23/23/033.4/2018 Tgl. 02 Januari 2018 | K24: Peningkatan Program Puskesmas | M24: Kesehatan | N24: Berakhir Pada 02 Januari 2019
A26: 10. | B26: Kabupaten Lumajang | I26: 10 | J26: 120.23/07/033.4/2018 Tgl. 02 Januari 2018 | K26: Peningkatan Program Puskesmas | M26: Kesehatan | N26: Berakhir Pada 02 Januari 2019
A28: 11. | B28: Kabupaten Madiun | I28: 11 | J28: 120.23/18/033.4/2018 Tgl. 02 Januari 2018 | K28: Peningkatan Program Puskesmas | M28: Kesehatan | N28: Berakhir Pada 02 Januari 2019
A30: 12. | B30: Kabupaten Magetan | I30: 12 | J30: 120.23/09/033.4/2018 Tgl. 02 Januari 2018 | K30: Peningkatan Program Puskesmas | M30: Kesehatan | N30: Berakhir Pada 02 Januari 2019
... A60: 27. | B60: Kabupaten Kediri | I60: 27 | J60: 120.23/29/033.4/2018 Tgl. 02 Januari 2018 | K60: Peningkatan Program Puskesmas | M60: Kesehatan | N60: Berakhir Pada 02 Januari 2019
A62: 28. | B62: Provinsi Jatim dengan Kabupaten Banyuwangi | G62: 1 | H62: 120.23/45/033.4/2018 Tgl. 02 Januari 2018 | K62: Kerjasama Pembangunan Daerah | M62: Pembangunan | N62: Berakhir Pada 02 Januari 2019
A64: 29. | B64: Kabupaten Tulungagung | G64: 2 | H64: 120.23/46/012/2018 Tgl. 02 Januari 2018 | K64: Kerjasama Pembangunan Daerah | M64: Pembangunan | N64: Berakhir Pada 02 Januari 2019
A66: 30. | B66: Kota Kediri | G66: 3 | H66: 120.1/01/419.011/2018 Tgl. 02 Januari 2018 | K66: Kerjasama Pembangunan Daerah | M66: Pembangunan | N66: Berakhir Pada 02 Januari 2019
A68: 31. | B68: Kota Mojokerto | G68: 4 | H68: 120.23/20/033.4/KSB/2018 | K68: Kerjasama Pembangunan Daerah | M68: Pembangunan | N68: Berakhir Pada 02 Januari 2019
A70: 32. | B70: Kabupaten Pasuruan | G70: 5 | H70: 120.1/48/012/2018 Tgl. 08 Januari 2018 | K70: Kerjasama Pembangunan Daerah | M70: Pembangunan | N70: Berakhir Pada 08 Januari 2019
A72: 33. | B72: Kab. Bojonegoro | I72: 28 | J72: 120.23/132/033.4/2018 Tgl. 24 Januari 2018 | K72: Penyelenggaraan Ketrentaman dan Ketertiban Umum, Penegakan Perda dan Peraturan Kepala Daerah Serta Perlindungan Masyarakat (SATPOL PP) | M72: Kamtibmas | N72: Berakhir pada 24 Januari 2023
A74: 34. | B74: Kabupaten Blora, Kabupaten Tuban, Kabupaten Rembang, Kabupaten Bojonegoro | G74: 6 | H74: 188/0665/2018 Tgl. 08 Maret 2018 | K74: Kerjasama Antar Daerah | M74: Pembangunan | N74: Berakhir Pada 08 Maret 2019
A76: 35. | B76: Provinsi Jatim, Kab. Pacitan, Kab. Wonogiri, Kab. Gunung Kidul | G76: 7 | H76: Kesepakatan Tgl. 08 Maret 2018 | K76: Kerjasama Antar Daerah | M76: Pembangunan | N76: Berakhir Pada 08 Maret 2019
A78: 36. | B78: Provinsi NTB | G78: 8 | H78: 120.23/379/033.4/2018 Tgl. 12 Maret 2018 | K78: Kerjasama Daerah Dalam Rangka Pengelolaan Potensi dan Sumber Daya | N78: Berakhir Pada 12 Maret 2019
A80: 37. | B80: Provinsi Jatim Dengan Provinsi Bali | G80: 9 | H80: 120.23/768/KSB/033.4/2018 Tgl. 26 Juni 2018 | K80: Kerjasama Pembangunan Daerah | M80: Pembangunan | N80: Berakhir Pada 26 Juni 2019
A82: 38. | B82: Kabupaten Kutai Timur | I82: 29 | J82: 120.23/618/PKS/033.4/2018 Tgl. 14 Mei 2018 | K82: Peningkatan Perdagangan Antar Pulau dan Pemasaran Produk Unggulan | M82: Perdagangan | N82: Berakhir Pada 14 Mei 2023
A84: 39. | B84: Kabupaten Manukwari Selatan | I84: 30 | J84: 120.23/619/PKS/033.4/2018 Tgl. 14 Mei 2018 | K84: Peningkatan Perdagangan Antar Pulau dan Pemasaran Produk Unggulan | M84: Perdagangan | N84: Berakhir Pada 14 Mei 2023
A86: 40. | B86: Kabupaten Kepulauan Sula | I86: 31 | J86: 120.23/626/PKS/033.4/2018 Tgl. 14 Mei 2018 | K86: Peningkatan Perdagangan Antar Pulau dan Pemasaran Produk Unggulan | M86: Perdagangan | N86: Berakhir Pada 14 Mei 2023
A88: 41. | B88: Kabupaten Waropen | I88: 32 | J88: 120.23/627/PKS/033.4/2018 Tgl. 14 Mei 2018 | K88: Peningkatan Perdagangan Antar Pulau dan Pemasaran Produk Unggulan | M88: Perdagangan | N88: Berakhir Pada 14 Mei 2023
A90: 42. | B90: Kabupaten Kepulauan Maluku Tenggara Barat | I90: 33 | J90: 120.23/628/PKS/033.4/2018 Tgl. 14 Mei 2018 | K90: Peningkatan Perdagangan Antar Pulau dan Pemasaran Produk Unggulan | M90: Perdagangan | N90: Berakhir Pada 14 Mei 2023
A92: 43. | B92: Kabupaten Nunukan | I92: 34 | J92: 120.23/629/PKS/033.4/2018 Tgl. 14 Mei 2018 | K92: Peningkatan Perdagangan Antar Pulau dan Pemasaran Produk Unggulan | M92: Perdagangan | N92: Berakhir Pada 14 Mei 2023
A94: 44. | B94: Kabupaten Talaud | I94: 35 | J94: 120.23/630/PKS/033.4/2018 Tgl. 14 Mei 2018 | K94: Peningkatan Perdagangan Antar Pulau dan Pemasaran Produk Unggulan | M94: Perdagangan | N94: Berakhir Pada 14 Mei 2023
A96: 45. | B96: Kabupaten Halmahera Timur | I96: 36 | J96: 120.23/631/PKS/033.4/2018 Tgl. 14 Mei 2018 | K96: Peningkatan Perdagangan Antar Pulau dan Pemasaran Produk Unggulan | M96: Perdagangan | N96: Berakhir Pada 14 Mei 2023
A98: 46. | B98: Kabupaten Mamberamo Raya | I98: 37 | J98: 120.23/632/PKS/033.4/2018 Tgl. 14 Mei 2018 | K98: Peningkatan Perdagangan Antar Pulau dan Pemasaran Produk Unggulan | M98: Perdagangan | N98: Berakhir Pada 14 Mei 2023
A100: 47. | B100: Kabupaten Sangihe | I100: 38 | J100: 120.23/633/PKS/033.4/2018 Tgl. 14 Mei 2018 | K100: Peningkatan Perdagangan Antar Pulau dan Pemasaran Produk Unggulan | M100: Perdagangan | N100: Berakhir Pada 14 Mei 2023
A102: 48. | B102: Kabupaten Tidore | I102: 39 | J102: 120.23/634/PKS/033.4/2018 Tgl. 14 Mei 2018 | K102: Peningkatan Perdagangan Antar Pulau dan Pemasaran Produk Unggulan | M102: Perdagangan | N102: Berakhir Pada 14 Mei 2023
A104: 49. | B104: Kabupaten Sampang | G104: 10 | H104: 120.23/693/KSB/033.4/2018 Tgl. 24 Mei 2018 | K104: Penerimaan Dana Pengelolaan Participating Interest 10% Kepada Wilayah Kerja Minyak dan Gas Bumi Ketapang di Kabupaten Sampang | N104: Berakhir Pada 24 Mei 2018
A106: 50. | B106: Kabupaten Bangkalan dan Sumenep | G106: 11 | H106: 120.23/743/KSB/033.4/2018 Tgl. 24 Mei 2018 | K106: Penerimaan Dana Pengelolaan Participating Interest 10% Kepada Wilayah Kerja Minyak dan Gas Bumi Ketapang di Kabupaten Sampang | N106: Berakhir Pada 04 Juni 2018
C108: 1. | D108: PT. Gudang Garam | I108: 40 | J108: 120.23/160/123,1/2018 Tgl. 18 Januari 2018 | K108: Penguatan Fungsi Dalam Rangka Perlindungan, Rehabilitas dan Pembangunan dan Peningkatan Sarana Prasarana Wisata Kawasan Taman Hutan Raden Sidoarjo | N108: Berakhir Pada 18 Januari 2023
C110: 2. | D110: Universitas NU Surabaya | G110: 12 | H110: 120.23/450/KSB/033.4/2018 Tgl. 23 Maret 2018 | K110: Peningkatan Keselamatan Dan Kesehatan Kerja Serta Pengembangan Sumber daya Manusia | N110: Berakhir Pada 23 Maret 2019
C112: 3. | D112: Universitas NU Surabaya | I112: 41 | J112: 120.23/451/PKS/033.4/2018 Tgl. 20 April 2018 | K112: Pengembangan, pendidikan, dan pelatihan tenaga kerja di Jawa Timur | N112: Berakhir Pada 20 April 2023
C114: 4. | D114: Bulog Divre Jawa Timur | G114: 13 | H114: 120.23/548/KSB/033.4/2018 Tgl. 19 April 2018 | K114: Kegiatan Operasi Pasar Dalam Rangka Pengendalian Harga Barang Kebutuhan Pokok di Jawa Timur | N114: Berakhir Pada 19 April 2018
C116: 5. | D116: Bulog Divre Jawa Timur | I116: 42 | J116: 120.23/609/PKS/033.4/2018 Tgl. 02 Mei 2018 | K116: Kegiatan Operasi Pasar Dalam Rangka Pengendalian Harga Barang Kebutuhan Pokok di Jawa Timur | N116: Berakhir Pada 14 Mei 2023
C118: 6. | D118: PT. Wahyusamudra Indah | G118: 14 | H118: 552/204/113.6/2018 Tgl. 04 Juni 2018 | K118: Pengusahaan dan Pengembangan Pelabuhan Jangkar Situbondo | N118: Berakhir Pada 04 Juni 2018
E120: 1. | F120: TNI AU | G120: 15 | H120: 120.23/209/KSB/033.4/2018 Tgl. 12 Februari 2018 | K120: Kerjasama Dalam Rangka Peningkatan Kualitas Sumber Daya Manusia Bidang Pendidikan Menengah | M120: Pendidikan | N120: Berakhir Pada 12 Februari 2019
E122: 2. | F122: TNI AU | I122: 43 | J122: 120.23/210/KSB/033.4/2018 Tgl. 02 Februari 2018 | K122: Peningkatan Pendidikan Dan Kualitas Sumber Daya Manusia Dalam Penerapan Kurikulum Khusus Bela Negara dan Kedirgantaraan pada SMA Negeri 3 Taruna Angkasa Jawa Timur | M122: Pendidikan | N122: Berakhir Pada 02 Februari 2019
E124: 3. | F124: Universitas Airlangga | G124: 16 | H124: 120.23/659/KSB/033.4/2018 Tgl. 25 Mei 2018 | K124: Pengembangan Kapasitas SDM, Peningkatan Pelayanan Publik dan Pengabdian Masyarakat dalam rangka pembangunan di Jatim | N124: Berakhir Pada 25 Mei 2018
E126: 4. | F126: Universitas Brawijaya | G126: 17 | H126: 120.23/676/KSB/033.4/2018 Tgl. 30 Mei 2018 | K126: Peningkatan Pelayanan Pendidikan, Kesehatan, Pengembangan Perekonomian, dan Kualitas Lingkungan Hidup | N126: Berakhir Pada 30 Mei 2018
B128: 50 | D128: 6 | F128: 4 | H128: 17 | J128: 43
A131: DATA KERJA SAMA DAERAH
A132: KABUPATEN PACITAN
A134: KSDD | C134: KSDPK | E134: SINERGI | H134: NOMOR / TANGGAL | K134: RUANG LINGKUP | L134: URUSAN YANG DI KERJA SAMAKAN | N134: KETERANGAN
H135: Kesepakatan | J135: Perjanjian
A137: 1. | B137: Pemerintah Provinsi Jawa Timur dengan Pemerintah Kabupaten Pacitan | I137: 1 | J137: Tgl. 01 Januari 2018 | K137: Penyediaan Dana Bantuan Bidang Kesehatan oleh pemerintah Provinsi Jawa Timur untuk pembiayaan Honor Tenaga perawat PONKESDES dengan Pemerintah Kabupaten Pacitan, Penyedian Dana Bantuan keuangan Bidang Kesehatan oleh pemerintah provinsi Jawa Jimur untuk insentif Dokter PTT Daerah, Penyediaan dana sharing oleh pemerintah Kabupaten Pacitan untuk pembiayaan Hnor tenaga Perawat PONKESDES | M137: Kesehatan | N137: Berakhir Pada 31 Desember 2018
A139: 2. | B139: Pemerintah Kabupaten Pacitan, Pemerintah Kabupaten Wonogiri, Pemerintah Kabupaten Gunungkidul | I139: 2 | J139: Tgl. 08 Maret 2018 | K139: Pemberdayaan dan Peningkatan Sumber Bidang Perikanan dikawasan Pawonsari (Pacitan, Wonogiri dan Gunungkidul | N139: Berakhir pada 08 Maret 2021
A141: 3. | B141: Daerah Wilayah PAWONSARI | I141: 3 | J141: Tgl. 08 Maret 2018 | K141: Pemberdayaan dan Peningkatan Sumber Bidang Perikanan dikawasan Pawonsari (Pacitan, Wonogiri dan Gunungkidul | N141: Berakhir pada 08 Maret 2021
A143: 4. | B143: Pemda Pacitan, Pemda Wonogiri, Pemda Gunungkidul | I143: 4 | J143: Berlaku Selamanya | K143: Kerjasama Antar Daerah | M143: Sumber Daya, Pelayanan, Prasaran dan saran | N143: Berlaku Selamanya
A145: 5. | B145: Pemda Karanganyar, Wonogiri, Sragen, Magetan, Pacitan, Ngawi, dan Ponorogo | I145: 5 | J145: Tgl. 02 Agustus 2018 | K145: Penanganan Pengemis, Gelandangan pengemis, Gelandangan Psikotik, Anak jalananm Wanita Tuna Susila, Orang terlantar, Korban Bencana, pertukaran informasi terkait kesejahteraan sosial | M145: Kesejahteraan Sosial | N145: Berakhir pada 02 Agustus 2023
A147: 6. | B147: Pemda Karanganyar, Wonogiri, Sragen, Magetan, Pacitan, Ngawi, dan Ponorogo | I147: 6 | J147: Tgl. 02 Agustus 2018 | K147: Perjanjian Kerjasama tentang Penegakan Perda serta menangani Trantibum dan ketrentaman masyarakat di wilayah KARISMAPAWIROGO | M147: Hukum | N147: Berakhir pada 02 Agustus 2021
A149: 7. | B149: Pemda Karanganyar, Wonogiri, Sragen, Magetan, Pacitan, Ngawi, dan Ponorogo | I149: 7 | J149: Tgl. 02 Agustus 2018 | K149: Pendidikan, Pertanian (Perikanan, Pertanian, Peternakan), Kesehatan, Pekerjaan Umum, Perindustrian dan Perdagangan, Koperasi dan UMKM, Permukiman dan Lingkungan, Kepariwisataan, Ketenagakerjaan, Kependudukan, Penataan Ruang Perbatasan, Investasi dan penanaman modal, Ketentraman dan Ketertiban Umum, Sosial dan bidang lain sesuai kebutuhan daerah | N149: 1 Tahun
A151: 8. | B151: Pemda Pacitan, Wonogiri, dan Gunungkidul | I151: 8 | J151: 2018 | K151: Pelestaruian dan Pengembangan Gunung sewu Unesco Global Geo Park | N151: sampai Tahun 2023
A153: 9. | B153: Pemda Pacitan, Wonogiri, dan Gunungkidul | I153: 9 | J153: 2018 | K153: Pelayanan Kesehatan dasar, Kesehatan Rujukan, dan khusus, Pencegahan dan pengendalian penyakit, pembinaan sumber daya manusia kesehatan, promosi kedehatan dan pemberdayaan kesehatan, survailan epidemiologi kesehatan | M153: Kesehatan | N153: Sampai Tahun 2023
A155: 10. | B155: Pemda Pacitan, Wonogiri, dan Gunungkidul | I155: 10 | J155: 2018 | K155: Penerimaan Siswa Baru tanpa memandang daerah asal, Pemberian Bea siswa kepada keluarga miskin, pemberian beasiswa bakat dan prestasi, informasi pendidikan dan penyelenggaraan even kepemudaan | M155: Pendidikan | N155: sampai Tahun 2018
A157: 11. | B157: Pemda Pacitan, Wonogiri, dan Gunungkidul | I157: 11 | J157: 2018 | K157: Penanganan PMKS meliputi Pengemis, Gelandangan Pengemis, Gelandangan Psikotik dengan gangguan jiwa, Anak jalanan, Waniatu Tuna susila, Orang terlantar dan korban bencana, Pertukaran Informasi terkait Kesejahteraan Sosial | N157: Sampai 2023
A159: 12. | B159: Pemda Pacitan, Wonogiri, dan Gunungkidul | I159: 12 | J159: 2018 | K159: Penegakan peraturan daerah dan peraturan kepala daerah, penyelenggaraan ketertiban umum dan ketentraman serta penyelenggaraan perlindungan masyarakat di wilayah perbatasan | M159: Hukum | N159: Sampai 2023
A161: 13. | B161: Pemda Pacitan, Wonogiri, dan Gunungkidul | I161: 13 | J161: 2018 | K161: Peningkatan Kapasitas SDM Penanggulangan Bencana, Koordinasi Usaha Penanggulangan Bencana yang mencakup pra bencana, bencana, pasca bencana, pemetaan dan sosialisai rawan bencana | M161: Penanggulangan bencana | N161: Sampai 2023
C163: 1. | D163: Pemerintah Kabupaten Pacitan Dengan BPJS Kesehatan Cabang Tulungagung | I163: 14 | J163: Tgl. 02 Januari 2018 | K163: Perluasan Kepesertaan Program jaminan Kesehatan Nasional Kartu Indonesia Sehat dalam mewujudkan Universal Health Coverage di Kabupaten Pacitan | M163: Kesehatan | N163: Berakhir pada 31 Desember 2018
C165: 2. | D165: PT. Pembangkit Jawa Bali | I165: 15 | J165: Tgl. 09 Maret 2018 | K165: Sinergitas Pelaksanaan Hari Peduli Sampah Nasional 2018 | N165: 12 Bulan
C167: 3. | D167: Perkumpulan Gelombang Hijau Indo Global | I167: 16 | J167: Tgl. 03 Maret 2018 | K167: Kampanye Pacitan Lestari Untuk Anak Cucu kita, Gerakan Pacitan Memilah Sampah, Gerakan Pekaranganku Produktif, Kegiatan Pemetaan dan Pembuatan Buku Potensi Wilayah Kabupaten Pacitan | N167: 12 Bulan
C168: 4. | D168: Universitas Darussalam Bogor | I168: 17 | J168: Tgl. 06 April 2018 | K168: Pendidikan, Penelitian, dan Pengabdian Masyarakat serta Peningkatan Sumber daya Dalam Rangka Pembangunan Daerah di Kabupaten Pacitan | N168: Berakhir pada 06 April 2019
C170: 5 | D170: Sekolah Tinggi Ilmu Sosial Politik Kartika Bangsa Yogyakarta | I170: 18 | J170: September 2018 | K170: Pendidikan, Penelitian, Pengkajian dan pengabdian kepada masyarakat dalam rangka pengembangan sumber daya manusia dan penerapan teknologi | N170: 12 Bulan
C172: 6 | D172: Universitas SAHID Surakata | I172: 19 | J172: Tgl. 05 Oktober 2018 | K172: Pelaksanaan Tri Dharma Perguruan Tinggi dalam penyelanggaraan pemerintahan dan Pembangunan | M172: Pendidikan | N172: Berakhir pada 30 Mei 2019
E174: 1. | F174: Pemerintah Kabupaten Pacitan Dengan Universitas Airlangga | I174: 20 | J174: Tgl. 30 Januari 2018 | K174: Pendidikan, Penelitian, Pengkajian dan pengabdian kepada masyarakat dalam rangka pengembangan sumber daya manusia dan penerapan teknologi | M174: Pendidikan dan Pengabdian Masyarakat | N174: Berakhir pada 30 Januari 2019
E176: 2. | F176: UNNES Semarang | I176: 21 | J176: Tgl. 24 Mei 2018 | K176: Pengembangan Tri Dharma Perguruan Tinggi | M176: Pendidikan | N176: Berakhir Pada 24 Mei 2019
E178: 3. | F178: Universitas Gadjah Mada Yogyakarta | I178: 22 | J178: Tgl. 05 Oktober 2019 | K178: Pendidikan, Penelitian dan Pengabdian Masyarakat serta Peningkatan sumber daya dalam rangka Pembangunan daerah | M178: Pendidikan | N178: Berakhir pada 05 Oktober 2019
B180: 13 | D180: 6 | F180: 3 | J180: 22
A182: DATA KERJA SAMA DAERAH
A183: KABUPATEN PONOROGO
A185: KSDD | C185: KSDPK | E185: SINERGI | H185: NOMOR / TANGGAL | K185: RUANG LINGKUP | L185: URUSAN YANG DI KERJA SAMAKAN | N185: KETERANGAN
H186: Kesepakatan | J186: Perjanjian
A188: 1.
A198: DATA KERJA SAMA DAERAH
A199: KABUPATEN TRENGGALEK
A201: KSDD | C201: KSDPK | E201: SINERGI | H201: NOMOR / TANGGAL | K201: RUANG LINGKUP | L201: URUSAN YANG DI KERJA SAMAKAN | N201: KETERANGAN
H202: Kesepakatan | J202: Perjanjian
A204: 1. | B204: Pemerintah Provinsi Jatim | I204: 1 | J204: 440/01/35.03.001.1/TKKSD-I/2018 Tgl. 02 Januari 2018 | K204: Peningkatan Layanan Program Puskesmas | M204: Kesehatan | N204: PKS Berakhir 02 Januari 2019
A206: 2. | B206: RSUD Dr. Iskak Tulungagung | I206: 2 | J206: 445/01.1/35.03.001.1/TKKSD-I/2018 Tgl. 02 Januari 2018 | K206: Pelayanan Kesehatan Rujukan Bagi Pasien Masyarakat Miskin | M206: Kesehatan | N206: PKS Berakhir 02 Januari 2019
A208: 3. | B208: Kabupaten Banyuwangi | I208: 3 | J208: 130.4/16/35.03.001.1/TKKSD-V/2018 Tgl. 08 Mei 2018 | K208: Pengembangan Potensi Daerah | N208: PKS Berakhir 08 Mei 2019
C210: 1 | D210: BPJS Cabang Tulungagung | G210: 1 | H210: 400/04/35.03.001.1/TKKSD-II/2018 Tgl. 12 Januari 2018 | K210: Percepatan Pencapaian Universal Health Coverage Jaminan Kesehatan Nasional-Kartu Indonesia Sehat di Kabupaten Trenggalek | M210: Kesehatan | N210: KSB Berakhir 31 Desember 2018
C212: 2 | D212: PT. QLUE Performas Indonesia | G212: 2 | H212: 130.4/10/35.03.001.1/TKKSD-IV/2018 Tgl. 12 April 2018 | K212: Uji Coba Pemanfaatan Aplikasi Qlue dan Dashboard Mycity | M212: IT | N212: KSB Berakhir 12 Oktober 2018
C214: 3 | D214: BPJS Cabang Tulungagung | I214: 4 | J214: 130.4/13/35.03.001.1/TKKSD-IV/2018 Tgl. 17 April 2018 | K214: Pelayanan Laboratorium Program Rujuk Balik-Prolanis Bagi Penyandang Penyakit Kronis Bagi Peserta Program Jaminan Kesehatan Nasional | M214: Kesehatan | N214: PKS Berakhir 31 Desember 2019
C216: 4 | D216: PT. Markplus Indonesia | G216: 3 | H216: 130.4/21/35.03.001.1/TKKSD-VI/2018 Tgl. 25 Juni 2018 | K216: Peningkatan Kapasitas SDM, Pengembangan Potensi Daerah dan Strategi Pemasaran | N216: KSB Berakhir 25 Juni 2019
E218: 1 | F218: Kementerian Desa, Pembangunan Daerah Tertinggal dan Transmigrasi RI | I218: 5 | J218: 401/02/35.03.001.1/TKKSD-I/2018 Tgl. 02 Januari 2018 | K218: Penanggulangan Kemiskinan pada Program Pembangunan dan Pemberdayaan Masyarakat Desa Kegiatan Peningkatan Pelayanan Sosial Dasar Melalui Program Generasi Sehat dan Cerdas | N218: PKS Berakhir 31 Desember 2018
E220: 2 | F220: Kantor Pertanahan Kabupaten Trenggalek | I220: 6 | J220: 130.4/03/35.03.001.1/TKKSD-I/2018 Tgl. 11 Januari 2018 | K220: Penyelenggaraan Proyek Operasi Agraria (PRODA) Tahun 2018 | M220: Agraria | N220: PKS Berakhir 31 Desember 2018
E222: 3 | F222: Universitas Negeri Surabaya | I222: 7 | J222: 893.4/05/35.03.001.1/TKKSD-II/2018 Tgl. 12 Februari 2018 | K222: Pengkajian Hasil Pelaksanaan Rekruitmen Tenaga Penunjang Kegiatan Non PNS SATPOL PP dan Kebakaran Pemerintah Kabupaten Trenggalek | N222: PKS Berakhir 15 Maret 2018
E224: 4 | F224: Universitas Negeri Surabaya | I224: 8 | J224: 893.4/08/35.03.001.1/TKKSD-III/2018 Tgl. 12 Maret 2018 | K224: Penyusunan Naskah Akademik dan Rancangan Peraturan Daerah Tentang BUMD | N224: PKS Berakhir Bulan September 2018
E226: 5 | F226: Universitas Negeri Surabaya | I226: 9 | J226: 893.4/11/35.03.001.1/TKKSD-IV/2018 Tgl. 13 April 2018 | K226: Penyelenggaraan Seleksi Lanjutan Rekrutmen Tenaga Penunjang Kegiatan Non PNS di Lingkung SATPOL PP dan Kebakaran Kabupaten Trenggalek
E228: 6 | F228: Universitas Brawijaya | I228: 10 | J228: 130.4/18/35.03.001.1/TKKSD-V/2018 Tgl. 15 Mei 2018 | K228: Peningkatan Pembangunan Daerah | N228: PKS Berakhir 15 Mei 2018
...

Sheet Prov Jabar
A1: DATA KERJA SAMA DAERAH
A2: PROVINSI JAWA BARAT
A4: KSDD | C4: KSDPK | E4: SINERGI | H4: NOMOR / TANGGAL | K4: RUANG LINGKUP | L4: URUSAN YANG DI KERJA SAMAKAN | N4: KETERANGAN
G5: Kesepakatan | I5: Perjanjian
A7: 1. | B7: Gubernur Jawa Barat dengan Walikota Bekasi | G7: 1. | H7: Kesepakatan | I7: 1. | J7: Perjanjian | K7: Pengelolaan SMA/SMK Kota Bekasi | N7: 1 (satu) tahun
A9: 2. | B9: Gebernur Jawa Barat dengan Gubernur Jawa Tengah, Gubernur Jawa Timur. | G9: 2. | H9: Kesepakatan | K9: Kerja sama industri Kreatif Nasional Mobil Desa | N9: 3 (tiga ) tahun
A11: 3. | B11: Gubernur Jawa Barat dengan Bupati Dharmasraya. | G11: 3. | H11: Kesepakatan | K11: Replikasi program Jaringan Lintas Daerah dalam rangka Peningkatan Manajemen Pemerintahan. | N11: 1 (satu) tahun
A13: 4. | B13: Gubernur Jawa Barat dengan Pjs. Walikota Bandung, Walikota Cimahi, Bupati Bandung, Plt. Bupati Bandung Barat, dan Bupati Sumedang. | G13: 4. | H13: Kesepakatan | K13: Menyelesaikan Permasalahan bersama serta mensinergikan dan menyelaraskan perencanaan pembangunan di wilayah Metropolitan Bandung Raya. | N13: 5 (lima) tahun
A15: 5. | B15: Gubernur Jawa Barat dengan Gubernur DKI Jakarta, Jawa Tengah, DI Yogyakarta, Jawa Timur, Bali, Lampung, NTB, NTT, dan Banten. | G15: 5. | H15: Kesepakatan | K15: Penanganan bersama warga binaan sosial penyandang masalah kesejahteraan sosial dan (OGDJ) di lingkup Provinsi anggota FKD MPU | N15: 4 (empat) tahun
A17: 6. | B17: Gubernur Jawa Barat dengan Walikota Depok | G17: 6. | H17: Kesepakatan | K17: Penataan dan Revitalisasi Situ Pedongkelan dan situ situ di Kawasan Indonesia Depok. | N17: 1 (satu) tahun
A19: 7. | B19: Gubernur Jawa Barat dengan Walikota Tanggeran Selatan | G19: 7. | H19: Kesepakatan | K19: Mengintegrasikan pengolahan dan pemrosesan akhir sampah dariwilayah Kota Tanggerang Selatan di TPPAS Regional Lulut Nambo yang berlokasi di Desa Nambo, Kecamatan Klapanunggal, Kabupaten Bogor. | N19: 1 (satu) tahun
A21: 8. | B21: Gubernur Jawa Barat dengan Bupati Bogor, Plt, Walikota Bogor, Walikota Depok, dan Walikota Tanggeran Selatan. | I21: 2. | J21: Perjanjian | K21: Pengintegrasian Penanganan Persampahan Kota Tanggerang Selatan Di TPPAS Reginal Lulut Nambo. | N21: 5 (lima) tahun
A23: 9. | B23: Gubernur Jawa Barat dengan Pjs. Walikota Bandung, Walikota Cimahi , Bupati Bandung, Plt, Bupati Bandung Barat, dan Pjs Bupati Sumedang. | G23: 8. | H23: Kesepakatan
A25: 10. | B25: Provinsi Jawa Barat dengan Provinsi Kalimantan Utara | G25: 9. | H25: Kesepakatan | K25: Meningkatkan kerja sama pembangunan antara Pemerintah Daerah Provinsi Jawa Barat dengan Pemerintah Daerah Provinsi Kalimantan Utara | N25: 5 (lima) Tahun
A27: 11. | B27: Kalimantan Utara | I27: 3. | J27: Perjanjian | K27: Mewujudkan efisiensi dan efektifitas manajemen pemerintahan dan peningkatan pelayanan publik melalui Replika Aplikasi Sistem Informasi Pelayanan Perizinan untuk Publik (Sempatik) | N27: 2 (dua) tahun
A29: 12. | B29: Kota Tasikmalaya, Kab. Tasikmalaya, Kab. Garut, Kab. Ciamis, Kab. Pangandaran, Kota Banjar | G29: 10. | H29: Kesepakatan | K29: Pelayanan Tera, Tera Ulang dan pengawasan Metrologi Legal | N29: 1 (satu) Tahun
A31: 13. | B31: Provinsi Jawa Barat dengan Bupati/Walikota Seluruh Jawa Barat | I31: 4. | J31: Perjanjian | K31: Peningkatan Layanan Samsat dan Kepatuhan Masyarakat dalam melaksanakan kewajiban membayar Pajak Kendaraan Bermotor (PKB) di Wilayah Kabupaten/Kota | N31: 1 (satu) Tahun
A33: 14. | B33: Provinsi Jawa Barat Dengan Provinsi Sulawesi Barat | I33: 5. | J33: Perjanjian | K33: Pembinaan dan pengawasan atas urusan pelaksanaan kegiatan dan pengembangan kawasan Transmigrasi Salondeang Kabupaten Mamuju Tengah | N33: 5 (lima) Tahun
A35: 15. | B35: Provinsi Jawa Barat dengan Provinsi Gorontalo | I35: 6. | J35: Perjanjian | K35: Pembinaan dan pengawasan atas urusan pelaksanaan kegiatan dan pengembangan kawasan Transmigrasi Bukit aren Kabupaten Gorontalo | N35: 5 (lima) Tahun
A37: 16. | B37: Provinsi Jawa Barat dengan Provinsi Sulawesi Tengah | I37: 7. | J37: Perjanjian | K37: Pembinaan dan pengawasan atas urusan pelaksanaan kegiatan dan pengembangan kawasan Transmigrasi Dungkean Kabupaten Banggai Laut | N37: 5 (lima) Tahun
A39: 17. | B39: Provinsi Jawa Barat dengan Provinsi Sulawesi Barat | I39: 8. | J39: Perjanjian | K39: Pembinaan dan pengawasan atas urusan pelaksanaan kegiatan dan pengembangan kawasan Transmigrasi Dano Kabupaten Mamasa | N39: 5 (lima) Tahun
A41: 18. | B41: Provinsi Jawa Barat dengan Provinsi Sulawesi Tengah | I41: 9. | J41: Perjanjian | K41: Pembinaan dan pengawasan atas urusan pelaksanaan kegiatan dan pengembangan kawasan Transmigrasi Molan Kabupaten Parigi Montong Laut | N41: 5 (lima) Tahun
A43: 19. | B43: Provinsi Jawa Barat dengan Provinsi Sulawesi Tenggara | I43: 10. | J43: Perjanjian | K43: Pembinaan dan pengawasan atas urusan pelaksanaan kegiatan dan pengembangan kawasan Transmigrasi Lakabu dan momuntu Kabupaten Muna | N43: 5 (lima) Tahun
A45: 20. | B45: Provinsi Jawa Barat dengan Provinsi Sulawesi Tenggara | I45: 11. | J45: Perjanjian | K45: Pembinaan dan pengawasan atas urusan pelaksanaan kegiatan dan pengembangan kawasan Transmigrasi Watutinawu Kabupaten Konawe | N45: 5 (lima) Tahun
A47: 21. | B47: Provinsi Jawa Barat dengan Provinsi Gorontalo | I47: 12. | J47: Perjanjian | K47: Pembinaan dan pengawasan atas urusan pelaksanaan kegiatan dan pengembangan kawasan Transmigrasi Mothelemu Kabupaten Gorontalo | N47: 5 (lima) Tahun
A49: 22. | B49: Provinsi Jawa Barat dengan Provinsi Kalimantan Barat | I49: 13. | J49: Perjanjian | K49: Pembinaan dan pengawasan atas urusan pelaksanaan kegiatan dan pengembangan kawasan Transmigrasi Tanjung Satai SP.3 Kabupaten Kayong | N49: 5 (lima) Tahun
A51: 23. | B51: Provinsi Jawa Barat dengan Provinsi Bengkulu | I51: 14. | J51: Perjanjian | K51: Pembinaan dan pengawasan atas urusan pelaksanaan kegiatan dan pengembangan kawasan Transmigrasi Batu Ampar Kabupaten Bengkulu | N51: 5 (lima) Tahun
A53: 24. | B53: Provinsi Jawa Barat, Jawa Tengah, Jawa Timur | G53: 11. | H53: Kesepakatan | K53: Meningkatkan Kerjasama Industri Kreatif Nasional Mobil Desa melalui pelaksanaan kebijakan, program dan kegiatan | N53: 3 (Tiga) Tahun
A55: 25. | B55: Provinsi Jawa Barat dengan Kabupaten Tangerang | G55: 12. | H55: Kesepakatan | K55: Replika program Jaringan lintas Daerah dalam rangka peningkatan manajemen pemerintah | N55: 24 ( Dua puluh empat ) Tahun
A57: 26. | B57: Provinsi Jawa Barat (RS. Jiwa) Dengan Kabupaten Bandung Barat | I57: 15. | J57: Perjanjian Tgl. 02 Januari 2018 | K57: Pelayanan Rujukan Bagi Masyarakat Peserta Kartu Cermat diluar kuota penerimaan bantuan Iuran Jaminan Kesehatan Nasional Tahun Anggaran 2018 | N57: Berakhir Pada 31 Desember 2018
A59: 27. | B59: Provinsi Jawa Barat dengan Kota Cimahi | I59: 16. | J59: Perjanjian Tgl. 02 Januari 2018 | K59: Pembiayaan Pelayanan Kesehatan bagi masyarakat miskin di luar kuota Jaminan Kesehatan Nasional di Kota cimahi | N59: Berakhir pada 31 Desember 2018
A61: 28. | B61: Provinsi Jawa Barat (RSJ) dengan Pemerintah Kabupaten Kuningan | I61: 17. | J61: Perjanjian | K61: Pelayanan Kesehatan Masyarakat Miskin Program Jaminan Kesehatan Daerah (Jamkesda) Kabupaten Kuningan | N61: 1 (satu) Tahun
A63: 29. | B63: Provinsi Jawa Barat (RSJ) dengan Pemerintah Kabupaten Bandung | I63: 18. | J63: Perjanjian Tgl. 02 Januari 2018 | K63: Pembiayaan Pelayanan Kesehatan bagi masyarakat miskin di luar kuota Jaminan Kesehatan Nasional di Kabupaten Bandung | N63: Berakhir pada 31 Desember 2018
A65: 30. | B65: Provinsi Jawa Barat (RSJ) dengan Pemerintah Kabupaten Sumedang | I65: 19. | J65: Perjanjian | K65: Pelayanan Kesehatan Bagi Peserta Jaminan Kesehatan Daerah Kabupaten Sumedang Di RSJ Jawa Barat | N65: 1 (satu) Tahun
A67: 31. | B67: Provinsi Jawa Barat (RSJ) dengan Pemerintah Kabupaten Subang | I67: 20. | J67: Perjanjian | K67: Pelayanan Kesehatan Masyarakat Miskin diluar Kuota PBI Kabupaten Subang | N67: 1 (satu) Tahun
A69: 32. | B69: Provinsi Jawa Barat (RSJ) dengan Pemerintah Kabupaten Purwakarta | I69: 21. | J69: Perjanjian | K69: Jaminan Pelayanan Kesehatan Masyarakat Purwakarta Istimewa | N69: 1 (satu) Tahun
A71: 33. | B71: Provinsi Jawa Barat (RSJ) dengan Pemerintah Kota Bandung | I71: 22. | J71: Perjanjian | K71: Jaminan Pembiayaan Pelayanan Kesehatan Bagi Pasien penyandang masalah kesejahteraan sosial, penyandang masalah kemiskinan dan pasien jaminan persalinan yang tidak terdaftar dalam jaminan kesehatan semesta Kota Bandung
A73: 34. | B73: Sekolah Tinggi Kesejahteraan Sosial | G73: 12. | H73: Kesepakatan | K73: Pendidikan, Penelitian, Pengabdian Masyarakat dan laboratorium pelayanan sosial | N73: 5 (lima) Tahun
C75: 1. | D75: PT. Bank Pembangunan Daerah Jabar dan Banten | G75: 13. | H75: Kesepakatan | K75: Pemanfaatan Fasilitasi Jasa Layanan Perbankan di Lingkungan RSUD Pameungpeuk Jabar | N75: 2 (dua) Tahun
C77: 2. | D77: Gubernur Jawa Barat dengan seluruh Gubernur di Indonesia sebagai/ Selaku anggota APPSI | G77: 14. | H77: Kesepakatan | K77: Kerjas sama Perdagangan Komoditas dan Produk Unggulan Antar Daerah | N77: 4 (empat) tahun
C79: 3. | D79: BPJS Kesehatan Cabang Utama Bandung | I79: 23. | J79: Perjanjian | K79: Penyediaan dan Pelayanan Obat Penyakit Kronis diluar Paket INA CBG's Bagi Peserta Program Jaminan Kesehatan Nasional | N79: 1 (satu) Tahun
C81: 4. | D81: Pemerintah Provinsi Jawa Barat (RS. Jiwa) dengan BPJS Kesehatan Kota Cimahi | I81: 24. | J81: Perjanjian | K81: Penyediaan dan Pelayanan Obat Penyakit Kronis diluar Paket INA CBG's Bagi Peserta Program Jaminan Kesehatan Nasional | N81: 1 (satu) Tahun
C83: 6. | D83: Sekolah Tinggi Ilmu Kesehatan Kuningan | G83: 15. | H83: Kesepakatan | K83: Pendidikan, Pelatihan, penelitian dan pengabdian masyarakat dan pembangunan di Jawa Barat | N83: 5 (Lima) Tahun
C85: 7. | D85: Sekolah Tinggi Ilmu Ekonomi Syariah Darul Ulum | G85: 16. | H85: Kesepakatan | K85: Pendidikan, Pelatihan, penelitian dan pengabdian masyarakat dan pembangunan di Jawa Barat | N85: 5 (Lima) Tahun
C87: 8. | D87: Universitas Islam Bandung | G87: 17. | H87: Kesepakatan | K87: Penyelenggaraan Program Pendidikan Profesi Dokter Fakultas Kedokteran Universitas Islam Bandung di Rumah sakit jiwa Provinsi Jawa barat | N87: 5 (lima) tahun
C89: 9. | D89: PT. Alita Praya Mitra | G89: 18. | H89: Kesempatan | K89: Penyusunan Studi Kelayakan (Feasibility Study) Penataan Lalu Lintas dan Angkutan Jalan di Jawa Barat melalui penerapan Sistem Jalan Berbayar Elektronik dan penimbangan Angkutan Jalan Dinamis | N89: 1 (satu) Tahun
C91: 10. | D91: PT. PLN (Persero) Distribusi Jawa Barat | I91: 25 | J91: Perjanjian | K91: Peningkatan Investasi Ketenagalistrikan Provinsi Jawa Barat | N91: 1 (satu) Tahun
C93: 11. | D93: Jaringan Bantuan Satwa Jakarta | I93: 26 | J93: Perjanjian | K93: Rehabilitasi Macaca Ekor Panjang Eks Topeng Monyet di Jawa Barat | N93: 5 (lima) Tahun
C95: 12. | D95: PT. PLN (Persero) | I95: 27 | J95: Perjanjian | K95: Penyambungan Listrik Bagi Masyarakat Miskin dan tidak Mampu di Jawa Barat Tahun 2018 | N95: sampai 31 Desember 2018
C97: 13. | D97: Perum Lembaga penyelenggara Pelayanan Navigasi Penerbangan Indonesian (Airnav Indonesia) | I97: 28 | J97: Perjanjian | K97: Penggunaan Barang Milik Daerah Berupa Tanah Kawasan Bandar Udara Internasional Jawa Barat Daerah Kabupaten Majalengka | N97: 5 (lima) Tahun
C99: 14. | D99: Dirjen Perkeretaapian dan PT. Kereta Api Indonesia | G99: 19. | H99: Kesepakatan | K99: Pengembangan Perkeretaapian di wilayah Provinsi Jawa Barat | N99: 5 (lima) Tahun
C101: 15. | D101: Dirjen Perkeretaapian dan PT. Kereta Api Indonesia | I101: 29 | J101: Perjanjian | K101: Pembangunan Jalur Ganda Kereta Api antara Bogor-sukabumi | N101: 5 (lima) Tahun
C103: 16. | D103: PT. Binatek Energi Terbarukan dan PT. UPC Sukabumi Bayu Energi | G103: 20. | H103: Kesepakatan | K103: Pengembangan Proyek Pembangkit Listrik Tenaga Bayu di Provinsi Jawa Barat | N103: 3 (Tiga) Tahun
C105: 17. | D105: Sekolah Tinggi Ilmu Sosial dan Politik Syamsul Ulum | G105: 21. | H105: Kesepakatan | K105: Pendidikan, Pelatihan, Penelitian dan pengabdian masyarakat | N105: 5 (Lima) Tahun
C107: 18. | D107: Palang Merah Indonesia Kabupaten Bandung | I107: 30 | J107: Perjanjian | K107: Pelayanan Darah Khusus Bank Darah | M107: RSUD Al Ihsan | N107: 5 (lima) Tahun
C109: 19. | D109: PT. PP London Sumetera Indonesia | I109: 31 | J109: Perjanjian | K109: Pelayanan Kesehatan Karyawan PT. PP London Sumatera Indonesia | M109: RSUD Al Ihsan | N109: 1 (satu) Tahun
C111: 20. | D111: PT. Indonesia Power Unit Pembangkit Saguling | I111: 32 | J111: Perjanjian | K111: Pelayanan Kesehatan kepada pegawai PT. Indonesia Power Pembangkitan Saguling | M111: RSUD AL Ihsan
C113: 21. | D113: PT. APLIKANUSALINTASARTA | I113: 33 | J113: Perjanjian | K113: Penyedia Jasa Layanan Kesehatan | M113: RSUD AL Ihsan | N113: 1 (satu) Tahun
C115: 22. | D115: PT. Avrist Anssurance | I115: 34 | J115: Perjanjian | K115: Penyedia Jasa Layanan Kesehatan | M115: RSUD AL Ihsan | N115: 1 (satu) Tahun
C117: 23. | D117: STIKES Karsa Husada | I117: 35 | J117: Perjanjian | K117: Pendidikan, Penelitian, dan Pengabdian Masyarakat | M117: RSUD AL Ihsan | N117: 1 (satu) Tahun
C119: 24. | D119: Sekolah Tinggi Ilmu Kesehatan Immanuel | I119: 36 | J119: Perjanjian | K119: Pendidikan, Penelitian, dan Pengabdian Masyarakat | M119: RSUD AL Ihsan | N119: 1 (satu) Tahun
C121: 25. | D121: Sekolah Tinggi Farmasi Indonesia | I121: 37 | J121: Perjanjian | K121: Pendidikan, Penelitian, dan Pengabdian Masyarakat | M121: RSUD AL Ihsan | N121: 1 (satu) Tahun
C123: 26. | D123: Akademi Farmasi Bumi Siliwangi | I123: 38 | J123: Perjanjian | K123: Pendidikan, Penelitian, dan Pengabdian Masyarakat | M123: RSUD AL Ihsan | N123: 1 (satu) Tahun
C125: 27. | D125: Sekolah Menengah Farmasi As-Shifa | I125: 39 | J125: Perjanjian | K125: kerjasama Praktik Kerja Lapangan | M125: RSUD AL Ihsan | N125: 1 (satu) Tahun
C127: 28. | D127: Perum Lembaga Penyelenggara Pelayanan Navigasi Penerbangan Indonesia | G127: 22. | H127: Kesepakatan | K127: Pengalihan Pelayanan Navigasi Penerbangan di Bandar Udara Nusawiru | N127: Selama Pelayanan Navigasi
C129: 29. | D129: Perum Bulog Regional Jawa Barat | I129: 40 | J129: Perjanjian | K129: Subsidi Operasi Pasar Murah Kebutuhan Pokok Masyarakat | N129: 1 (satu) tahun
C131: 30. | D131: PT. Bank Pembangunan Daerah Jawa Barat | G131: 23. | H131: Kesepakatan | K131: Percepatan Peningkatan Pembangunan dan Pemberdayaan Perekonomian Masyarakat melalui fasilitas Layanan Perbankan | N131: 3 (Tiga) Tahun
C133: 31. | D133: Bank Indonesia Perwakilan Jawa Barat | I133: 41 | J133: Perjanjian | K133: Perpustakaan | N133: 3 (Tiga) Tahun
C135: 32. | D135: Universita Islam Nusantara | I135: 42 | J135: Perjanjian | K135: Perpustakaan | N135: 3 (Tiga) Tahun
C137: 33. | D137: Rumah Sakit AMC | I137: 43 | J137: Perjanjian | K137: Pelayanan Rujukan Parsial | M137: RSUD Al Ihsan | N137: 2 (Dua) Tahun
C139: 34. | D139: PT. Widya Bhakti | I139: 44 | J139: Perjanjian | K139: Pelayanan Rujukan Parsial | M139: RSUD Al Ihsan | N139: 3 (Tiga) Tahun
C141: 35. | D141: PT. Bank Pembangunan Daerah Jabar | I141: 45 | J141: Perjanjian | K141: Pengelolaan Dana Bergulir bagi Usaha Kecil | N141: 3 (Tiga) Tahun
E143: 1. | F143: Universitas Islam Syarif Hidayatullah Jakarta | G143: 24. | H143: Kesepakatan | K143: Bangun Guna Serah Bangunan Milik Pemerintah Provinsi Jawa Barat Yang terletak di jalan Kerta Mukti Nomor 3 Kelurahan Cirendeu Kota Tangerang
E145: 2. | F145: Balai Besar Pendidikan dan Pelatihan ekspor Indonesia, Direktorat Jendral Pengembangan Ekspor Nasional Kementerian Perdagangan | I145: 46 | J145: Perjanjian | K145: Pendampingan Kesiapan Ekspor para pelaku UKM/IKM dan Pelatihan di Bidang Ekspor dalam rangka Peningkatan Kualifikasi Eksportir Jawa Barat | N145: Tahun Anggaran 2018
E147: 3. | F147: Politeknik Negeri Bandung | G147: 25. | H147: Kesepakatan | K147: Pendidikan, Pelatihan, penelitian dan pengabdian masyarakat dan pembangunan di Jawa Barat | N147: 5 (lima) Tahun
E149: 4. | F149: Universitas Padjajaran | I149: 47 | J149: Perjanjian | K149: Fasilitasi Orientasi Pengembangan Kompetensi Kepala Daerah/Wakil Kepala Daerah, Anggota DPRD Provinsi atau Daerah, Camat Atau Kepala Desa | N149: 1 (satu) Tahun
E151: 5. | F151: Universitas Padjajaran, RSU Pusat Dr. Hasan Sadikin, Lembaga Lanjut Usia Indonesia | I151: 48 | J151: Perjanjian | K151: Penyelenggaraan Kesehatan Geriatri Terpadu | N151: 1 (satu) Tahun
E153: 6. | F153: Universitas Padjajaran | I153: 49 | J153: Perjanjian | K153: Penelitian dan pengembangan Bidang Laboratorium Tuberkolosis | N153: 3 (Tiga) Tahun
E155: 7. | F155: Politeknik Kesehatan Tasikmalaya | I155: 50 | J155: Perjanjian | K155: Pendidikan, Penelitian, dan Pengabdian Masyarakat | M155: RSUD Al Ihsan | N155: 3 (Tiga) Tahun
E157: 8. | F157: Universitas Padjajaran | I157: 51 | J157: Perjanjian | K157: Pendidikan, Penelitian, dan Pengabdian Masyarakat | M157: RSUD Al Ihsan | N157: 3 (Tiga) Tahun
E159: 9. | F159: Politeknik Negeri Lampung | I159: 52 | J159: Perjanjian | K159: Pendidikan, Penelitian, dan Pengabdian Masyarakat | M159: RSUD Al Ihsan | N159: 3 (Tiga) Tahun
E161: 10. | F161: Institut Pertanian Bogor | G161: 26. | H161: Kesepakatan | K161: Pemuliaan ikan nila, ikan Mas, ikan Patin, dan ikan lele | N161: 3 (Tiga) Tahun
E163: 11. | F163: Perlindungan Anak terpadu Berbasis Masyarakat (PATBM) | I163: 53 | J163: Perjanjian | K163: Model Gerakan Perlindungan Anak | N163: 3 (Tiga) Tahun
E165: 12. | F165: Universitas Padjajaran | I165: 54 | J165: Perjanjian | K165: Pertukaran/Pemanfaatan Data, Informasi, dan Hasil Kajian/Penelitian Bidang Perencanaan Pembangunan | N165: 1 (Satu) Tahun
E167: 13. | F167: Kementerian Lingkungan Hidup dan Kehutanan | G167: 27. | H167: Kesepakatan | K167: Peneltian, Penerapan, dan Pemanfaatan Hasil-Hasil Penelitian untuk Pembangunan Kehuatanan | N167: 5 (Lima) Tahun
B169: 34 | D169: 35 | F169: 13 | H169: 27 | J169: 54
A172: DATA KERJA SAMA DAERAH
A173: KOTA BOGOR
A175: KSDD | C175: KSDPK | E175: SINERGI | H175: NOMOR / TANGGAL | K175: RUANG LINGKUP | L175: URUSAN YANG DI KERJA SAMAKAN | N175: KETERANGAN
H176: Kesepakatan | J176: Perjanjian
A178: 1. | B178: Walikota bogor dengan Bupati Cianjur | G178: 1. | H178: 060/KK.1-Bag.KerjaSama/2018 | K178: Kerjasama Antar Daerah dalam Pelayanan Publik
A180: 2. | B180: Provinsi DKI, Kab. Bogor, Kota Bogor, Kota Depok, Kab. Bekasi, Kota Bekasi, Kab. Cianjur, Provinsi Jawa Barat, Kota Tangerang, Kota Tangerang Selatan, Provinsi Banten | G180: 2. | H180: 119/KK.2-Bappeda/2018 | K180: Pembangunan sarana dan prasarana bidang transportasi dan perhubungan, sumber air, lingkungan hidup, Energi, Pariwisata, Ketahanan Pangan, Investasi, perindustrian, Perdagangan, Koperasi, dan UMKM serta penataan Ruang
A182: 3. | B182: Kota Bogor dengan Kabupaten Bogor | I182: 1. | J182: 570/Perj.30-DPMPTSP/2018 | K182: Penanaman Modal | N182: DPMPTSP
A184: 4. | B184: Kota Bogor dengan Kabupaten Bogor | I184: 2. | J184: 119/Perj.58-Distan/2018 | K184: Pengembangan Bidang peternakan dan Bidang Perikanan | N184: Dinas Perikanan dan peternakan
A186: 5. | B186: Kota Bogor dengan Kabupaten Bogor | I186: 3. | J186: 119/Perj.136-Disparbud/2018 | K186: Pengembangan Kepariwisataan, ekonomi kreatif, kebudayaan dan kesenian bogor
C188: 1. | D188: RS. Bina Husada | I188: 4. | J188: 440/Perj.10-Dinkes/2018 | K188: Pengelolaan Jaminan Kesehatan Daerah (JAMKESDA) Program Pelayanan Kesehatan Pe nduduk Miskin | M188: Kesehatan
C190: 2. | D190: FIKES UIKA | I190: 5. | J190: 119/Perj.21-DPPKB/2018 | K190: Pelaksanaan Praktik Belajar Lapangan (PBL) | M190: Pendidikan
C192: 3. | D192: Gin Gin Yonagi, SH. | I192: 6. | J192: 180/Perj.22-Huk.HAM/2018 | K192: Pelaksaan Bantuan Hukum Bagi Masyarakat Miskin | M192: Hukum
C194: 4. | D194: Davied Muraufik | I194: 7. | J194: 180/Perj.23-Huk.HAM/2018 | K194: Pelaksaan Bantuan Hukum Bagi Masyarakat Miskin | M194: Hukum
C196: 5. | D196: Herman Dionne, SH., SE., S.Sos., MM., M.Si. | I196: 8. | J196: 180/Perj.24-Huk.HAM/2018 | K196: Pelaksaan Bantuan Hukum Bagi Masyarakat Miskin | M196: Hukum
...

Sheet Prov Jateng 
A2: DATA KERJA SAMA DAERAH
A3: PROVINSI JAWA TENGAH
A5: KSDD | C5: KSDPK | E5: SINERGI | H5: NOMOR / TANGGAL | K5: RUANG LINGKUP | M5: KETERANGAN
H6: Kesepakatan | J6: Perjanjian
A8: 1.
A17: DATA KERJA SAMA DAERAH
A18: KABUPATEN CILACAP
A20: KSDD | C20: KSDPK | E20: SINERGI | H20: NOMOR / TANGGAL | K20: RUANG LINGKUP | L20: URUSAN YANG DIKERJASAMAKAN | M20: KETERANGAN
G21: Kesepakatan | I21: Perjanjian
C23: 1. | D23: PT. Jadi Baru | I23: 1 | J23: 518.3/0317/31/2018 Tgl. 20 Februari 2018 | K23: Program Kemitraan Pemasokan dan Pemasaran Produk UMKM Kabupaten Cilacap | L23: UMKM | M23: Berakhir Pada 19 Februari 2023
C25: 2. | D25: PT. Rita Ritelino | I25: 2 | J25: 518.3/0318/31/2018 Tgl. 20 Februari 2018 | K25: Program Kemitraan Pemasokan dan Pemasaran Produk UMKM Kabupaten Cilacap | L25: UMKM | M25: Berakhir Pada 19 Februari 2023
C27: 3. | D27: PT. Hero Supermarket | I27: 3 | J27: 518.3/0319/31/2018 Tgl. 20 Februari 2018 | K27: Program Kemitraan Pemasokan dan Pemasaran Produk UMKM Kabupaten Cilacap | L27: UMKM | M27: Berakhir Pada 19 Februari 2023
C29: 4. | D29: PT. Sumber Alfaria Trijaya Tbk | I29: 4 | J29: 518.3/0320/31/2018 Tgl. 20 Februari 2018 | K29: Program Kemitraan Pemasokan dan Pemasaran Produk UMKM Kabupaten Cilacap | L29: UMKM | M29: Berakhir Pada 19 Februari 2023
C31: 5. | D31: PT. Indomarco Prismatama Cabang Cirebon | I31: 5 | J31: 518.3/0321/31/2018 Tgl. 20 Februari 2018 | K31: Program Kemitraan Pemasokan dan Pemasaran Produk UMKM Kabupaten Cilacap | L31: UMKM | M31: Berakhir Pada 19 Februari 2023
C33: 6. | D33: PT. Ritelindo Unit Kato Grosir | I33: 6 | J33: 518.3/0322/31/2018 Tgl. 20 Februari 2018 | K33: Program Kemitraan Pemasokan dan Pemasaran Produk UMKM Kabupaten Cilacap | L33: UMKM | M33: Berakhir Pada 19 Februari 2023
C35: 7. | D35: CV. Laksana Baru | I35: 7 | J35: 518.3/0322/31/2018 Tgl. 20 Februari 2018 | K35: Program Kemitraan Pemasokan dan Pemasaran Produk UMKM Kabupaten Cilacap | L35: UMKM | M35: Berakhir Pada 19 Februari 2023
C37: 8. | D37: PT. BNI (Persero) | G37: 1 | H37: 415.2/10/03/2018 Tgl. 02 Maret 2018 | K37: Peningkatan Daya Saing, Produktifitas, Nilai Tambah, Dan Kualitas Kerja Koperasi, dan UMKM | L37: UMKM | M37: Berakhir Pada 01 Maret 2019
C39: 9. | D39: BPJS Kesehatan Purwokerto | I39: 8 | J39: 441.9/203.1/29 Tgl. 06 Maret 2018 | K39: Penyelenggaraan Program Jaminan Sosial Kesehatan Bagi Kepala Desa dan Perangkat Desa | L39: Kesehatan | M39: Berakhir Pada 05 Maret 2020
E41: 1. | F41: Universitas Gadjah Mada | G41: 2 | H41: 415.2/08/03/2018 Tgl. 22 Februari 2018 | K41: Peningkatan Pelaksanaan Tridharma Perguruan Tinggi | L41: Pendidikan | M41: Berakhir Pada 21 Desember 2019
E43: 2. | F43: Institut Seni Indonesia Surakarta | G43: 3 | H43: 415.2/10/03/2018 Tgl. 14 Maret 2018 | K43: Pengembangan Bidang Seni dan Budaya Melalui Tri Dharma Perguruan Tinggi | M43: Berakhir Pada 13 Maret 2019
D45: 9 | F45: 2 | H45: 3 | J45: 8
A47: DATA KERJA SAMA DAERAH
A48: KABUPATEN BANYUMAS
A50: KSDD | C50: KSDPK | E50: SINERGI | H50: NOMOR / TANGGAL | K50: RUANG LINGKUP | M50: KETERANGAN
H51: Kesepakatan | J51: Perjanjian
A53: 1.
A62: DATA KERJA SAMA DAERAH
A63: KABUPATEN PURBALINGGA
A65: KSDD | C65: KSDPK | E65: SINERGI | H65: NOMOR / TANGGAL | K65: RUANG LINGKUP | M65: KETERANGAN
H66: Kesepakatan | J66: Perjanjian
A68: 1. | B68: Kepala DKK Banjarnegara | I68: 1 | J68: 445/002.1/2018 Tgl. 01 Januari 2018 | K68: Pelayanan Kesehatan Bagi Peserta Jaminan Kesehatan Daerah (Jamkesda) Kabupaten Banjarnegara | M68: PKS Berakhir 31 Desember 2018
A70: 2. | B70: Kepala BNN Prov. Jawa Tengah | I70: 2 | J70: 445/97/I/2018 Tgl. 02 Januari 2018 | K70: Peningkatan Kemampuan Lembaga Rehabilitasi Bagi Pecandu dan Korban Penyalahgunaan Narkoba yang Diselenggarakan Oleh Instansi Pemerintah | M70: PKS Berakhir 31 Desember 2018
A72: 3. | B72: Administratur Muda Perum Perhutani Kesatuan Pemangkuan Hutan Banyumas Timur | G72: 1 | H72: 522/01/III/2018 Tgl. 05 Maret 2018 | K72: Pemanfaatan Hutan Untuk Mendukung Pembangunan dan Pengembangan Potensi Wilayah serta Peningkatan Kesejahteraan Masyarakat dan Pelestarian Hutan | M72: KSB Berakhir 05 Maret 2019
C74: 1. | D74: Direktur BPJS Deputi Wilayah VI kantor Cabang. Pwt | I74: 3 | J74: 445/19/2018 Tgl. 01 Januari 2018 | K74: Implementasi Integrasi Sistem Antar Vclaim dengan SIM-RS | M74: PKS Berakhir 31 Desember 2018
C76: 2. | D76: Direktur BPJS Ketenagakerjaan | I76: 4 | J76: 445/003.1/2018 Tgl. 02 Januari 2018 | K76: Pelaksanaan Pelayanan Kesehatan Program Jaminan Kecelakaan Bagi Peserta BPJS Ketenagakerjaan | M76: PKS Berakhir 31 Desember 2018
C78: 3. | D78: Direktur PT. Taspen (Persero) Cab. Purwokerto | I78: 5 | J78: 445/006/2018 Tgl. 16 Januari 2018 | K78: Perawatan Peserta Jaminan Kecelakaan Kerja PT. Taspen (Persero) | M78: PKS Berakhir 15 Januari 2020
C80: 4. | D80: Pemimpin PT. Bank jateng Cab. Purbalingga | I80: 6 | J80: 900/177/2018 Tgl. 16 Januari 2018 | K80: Penempatan Deposito | M80: PKS Berakhir 15 Januari 2019
C82: 5. | D82: Pemimpin PT. Bank jateng Cab. Purbalingga | I82: 7 | J82: 900/178/2018 Tgl. 16 Januari 2018 | K82: Penempatan Deposito | M82: PKS Berakhir 15 Januari 2019
C84: 6. | D84: Pemimpin PT. Bank jateng Cab. Purbalingga | I84: 8 | J84: 900/179/2018 Tgl. 16 Januari 2018 | K84: Penempatan Deposito | M84: PKS Berakhir 15 Januari 2019
C86: 7. | D86: Pemimpin PT. Bank jateng Cab. Purbalingga | I86: 9 | J86: 900/180/2018 Tgl. 16 Januari 2018 | K86: Penempatan Deposito | M86: PKS Berakhir 15 Januari 2019
C88: 8. | D88: Pemimpin PT. Bank jateng Cab. Purbalingga | I88: 10 | J88: 900/181/2018 Tgl. 16 Januari 2018 | K88: Penempatan Deposito | M88: PKS Berakhir 15 Januari 2019
C90: 9. | D90: Pemimpin PT. Bank jateng Cab. Purbalingga | I90: 11 | J90: 900/182/2018 Tgl. 16 Januari 2018 | K90: Penempatan Deposito | M90: PKS Berakhir 15 Januari 2019
C92: 10. | D92: Direktur CV. Star Media | I92: 12 | J92: 146/SM/01/2018 Tgl. 31 Januari 2018 | K92: Perawatan Rutin Unit Elevator | M92: PKS Berakhir 31 Desember 2018
C94: 11. | D94: Pemimpin PT. Bank jateng Cab. Purbalingga | I94: 13 | J94: 900/588/2018 Tgl. 09 Februari 2018 | K94: Penempatan Deposito | M94: PKS Berakhir 09 Februari 2019
C96: 12. | D96: Pemimpin PT. Bank jateng Cab. Purbalingga | I96: 14 | J96: 900/589/2018 Tgl. 09 Februari 2018 | K96: Penempatan Deposito | M96: PKS Berakhir 09 Februari 2019
C98: 13. | D98: Pemimpin PT. Bank jateng Cab. Purbalingga | I98: 15 | J98: 900/590/2018 Tgl. 09 Februari 2018 | K98: Penempatan Deposito | M98: PKS Berakhir 09 Februari 2019
C100: 14. | D100: Direktur PT. Telekomunikasi Indonesia, Tbk | G100: 2 | H100: 394/02/IV/2018 Tgl. 17 April 2018 | K100: Implementasi Layanan Total Solusi Smart City | M100: KSB Berakhir 17 April 2019
E102: 1. | F102: Kepala Dinas Pertanian Kabupaten Purbalingga | I102: 16 | J102: B-213/BATAN/DK/KS001/03/2018 Tgl. 01 Maret 2018 | K102: Promosi Hasil Litbang IPTEK Nuklir Bidang Pertanian di Kabupaten Purbalingga | M102: PKS Berakhir 01 Maret 2019
E104: 2. | F104: Kepala LIPI | G104: 3 | H104: 071/03/VI/2018 Tgl. 25 Juni 2018 | K104: Penelitian Pengembangan Pemanfaatan Hasil-hasil Penelitian Pengembangan dan Pembinaan Ilmu Pengetahuan dan Teknologi | M104: KSB Berakhir 25 Juni 2019
E106: 3. | F106: Kepala BAPPELITBANGDA Kab. Purbalingga | I106: 17 | J106: 020/KS/BKHHLIPI/VI/2018 Tgl. 26 Juni 2018 | K106: Penyelenggaraan Perkemahan Ilmiah Remaja Nasional XVII Tahun 2018
B108: 3 | D108: 14 | F108: 3 | H108: 3 | J108: 17
A111: DATA KERJA SAMA DAERAH
A112: KABUPATEN DEMAK
A114: KSDD | C114: KSDPK | E114: SINERGI | H114: NOMOR / TANGGAL | K114: RUANG LINGKUP | M114: KETERANGAN
H115: Kesepakatan | J115: Perjanjian
A117: 1.
A125: DATA KERJA SAMA DAERAH
A126: KABUPATEN JEPARA
A128: KSDD | C128: KSDPK | E128: SINERGI | H128: NOMOR / TANGGAL | K128: RUANG LINGKUP | M128: KETERANGAN
H129: Kesepakatan | J129: Perjanjian
A131: 1.
A139: DATA KERJA SAMA DAERAH
A140: KABUPATEN BANJARNEGARA
A142: KSDD | C142: KSDPK | E142: SINERGI | H142: NOMOR / TANGGAL | K142: RUANG LINGKUP | M142: KETERANGAN
H143: Kesepakatan | J143: Perjanjian
A145: 1.
A153: DATA KERJA SAMA DAERAH
A154: KABUPATEN KEBUMEN
A156: KSDD | C156: KSDPK | E156: SINERGI | H156: NOMOR / TANGGAL | K156: RUANG LINGKUP | M156: KETERANGAN
H157: Kesepakatan | J157: Perjanjian
A159: 1.
A166: DATA KERJA SAMA DAERAH
A167: KABUPATEN PURWOREJO
A169: KSDD | C169: KSDPK | E169: SINERGI | H169: NOMOR / TANGGAL | K169: RUANG LINGKUP | M169: KETERANGAN
H170: Kesepakatan | J170: Perjanjian
A172: 1.
A181: DATA KERJA SAMA DAERAH
A182: KABUPATEN WONOSOBO
A184: KSDD | C184: KSDPK | E184: SINERGI | H184: NOMOR / TANGGAL | K184: RUANG LINGKUP | M184: KETERANGAN
H185: Kesepakatan | J185: Perjanjian
A187: 1.
A194: DATA KERJA SAMA DAERAH
A195: KABUPATEN MAGELANG
A197: KSDD | C197: KSDPK | E197: SINERGI | H197: NOMOR / TANGGAL | K197: RUANG LINGKUP | M197: KETERANGAN
H198: Kesepakatan | J198: Perjanjian
A200: 1.
A209: DATA KERJA SAMA DAERAH
A210: KABUPATEN BOYOLALI
A212: KSDD | C212: KSDPK | E212: SINERGI | H212: NOMOR / TANGGAL | K212: RUANG LINGKUP | L212: URUSAN YANG DIKERJASAMAKN | M212: KETERANGAN
H213: Kesepakatan | J213: Perjanjian
A215: 1. | B215: Dishub Kota Surakarta, Dishub Kabupaten Sukoharjo, Dishub Perumahan dan Kawasan Permukiman Kabupaten Karanganyar, Dishub Kab. Wonogiri, Dishub Kab. Sragen, Dishub Kab. Klaten | I215: 1 | J215: 554/8/22/2018 Tgl. 08 Februari 2018 | K215: Manajemen dan Rekayasa Lalu Lintas da Kecelakaan Lalu Lintas, Pengendalian Operasional, Angkutan Penumpang Umum, dan Barang, Operasional Pengujian Kendaraan Bermotor dan pemanfaatan Informasi dan Komunikai | L215: Lalu Lintas | M215: 5 Tahun
A217: 2. | B217: Kabupaten Sukoharjo, Karanganyar, Wonogiri, Sragen, Klaten dan Kota Surakarta | I217: 2 | J217: 019.5/21/031/2018 Tgl.08 Februari 2018 | K217: Pemberdayaan Perempuan dan Perlindungan Anak serta Pengendalian Penduduk dan KB | M217: 5 Tahun
C219: 1. | D219: PT. Pertamina (Persero) Terminal BBM Boyolali | G219: 1 | H219: Tgl. 02 Februari 2018 | K219: Pelaksanaan Tera/ Tera Ulang Tangki Ukur Mobil, Master Meter, dan Meter Arus Bahan Bakar Minyak | M219: 1 Tahun
C221: 2. | D221: Universitas Sahid Surakarta | I221: 3 | J221: 081/R/MOU/Usahid-Ska/V/2018 Tgl. 28 Mei 2018 | K221: Pelaksanaan Tri Dharma Perguruan Tinggi | L221: Pendidikan | M221: 1 Tahun
E223: 1. | F223: Kantor Wilayah Direktorat Jenderal Pajak Jateng II | G223: 2 | H223: Tgl. 22 Maret 2018 | K223: Penyediaan Data Melalui Pemanfaatan Pelayanan Perizinan Dalam Rangka Meningkatkan Penerimaan Dari Sektor Pajak | L223: Pajak | M223: 1 Tahun
E225: 2. | F225: Perum Perhutani | I225: 4 | J225: 003/PKS/Tiw/Divre Jtg/2018 Tgl. 20 April 2018 | K225: Penggunaan Kawasan Hutan Untuk Pemasangan Jaringan Listrik Pedesaan | M225: 2 Tahun
E227: 3. | F227: Badan Informasi Geospasial | G227: 3 | H227: 130/17/35/2018 Tgl. 02 Mei 2018 | K227: Penyelenggaraan, Pengembangan dan Pemanfaatan Data dan Informasi Geospasial di Kabupaten Boyolali | M227: 1 Tahun
B229: 2 | D229: 2 | F229: 3 | H229: 3 | J229: 4
A232: DATA KERJA SAMA DAERAH
A233: KABUPATEN KLATEN
...

Sheet DI Yogyakarta
A1: DATA KERJA SAMA DAERAH
A2: PROVINSI YOGYAKARTA
A4: KSDD | C4: KSDPK | E4: SINERGI | H4: NOMOR / TANGGAL | K4: RUANG LINGKUP | L4: URUSAN YANG DIKERJASAMAKAN | M4: KETERANGAN
H5: Kesepakatan | J5: Perjanjian
A7: 1. | B7: Pemprov Jatim | I7: 1 | J7: Perjanjian Tgl. 08 Juni 2018 | K7: Kerjasama Pengembangan Kearsipan dan Perpustakan | M7: 5 Tahun
E9: 1. | F9: LAPAN | I9: 2 | J9: Perjanjian Tgl. 12 Februari 2018 | K9: Pengembangan Dan Pemanfaatan Sistem Embaran Maritim Untuk Mendukung Keselamatan Pelayaran Dan Peningkatan Perikanan Tangkap DIY | M9: 3 Tahun
E11: 2. | F11: Institut Seni Indonesia | I11: 3 | J11: Perjanjian Tgl. 17 April 2018 | K11: Pelestarian dan Pemberdayaan Bidang Seni dan Budaya | L11: Seni Budaya | M11: 5 Tahun
E13: 3. | F13: Badan Informasi Geospasial | G13: 1 | H13: Kesepakatan Tgl. 27 April 2018 | I13: 4 | J13: Perjanjian Tgl. 01 Agustus 2018 | K13: Pengelolaan dan Pengembangan Simpul Jaringan Informasi Geospasial Daerah DIY | M13: 3 Tahun
E15: 4. | F15: Badan Informasi Geospasial | I15: 5 | J15: Perjanjian Tgl. 01 Agustus 2018 | K15: Penyelenggaraan Data Geospasial Dasar Skala Besar Untuk Mendukung Pembangunan di wilayah DIY | M15: 3 Tahun
B17: 1 | F17: 4 | H17: 1 | J17: 5
A19: DATA KERJA SAMA DAERAH
A20: KABUPATEN KULON PROGO
A22: KSDD | C22: KSDPK | E22: SINERGI | H22: NOMOR / TANGGAL | K22: RUANG LINGKUP | L22: URUSAN YANG DIKERJASAMAKAN | M22: KETERANGAN
H23: Kesepakatan | J23: Perjanjian
A25: 1. | B25: Kabupaten Kulon Progo Dengan Kabupaten Gianyar | G25: 1 | H25: 04/MoU.KP/Hkm/2018 Bulan Januari 2018 | K25: Menciptakan Sinergitas Penyelenggaraan Pembangunan serta mengoptimalkan pemanfaatan sumber daya alam dan sumber daya manusia melalui pelestarian dan pembangunan seni budaya dan pariwisata sesuai fungsi, Tugas, dan wewenang masing-masing
A27: 2. | B27: Kabupaten Bantul | G27: 2 | H27: 510/PK.KP/57.1/2018 Tgl. 09 Februari 2018 | K27: Penyelenggaraan Pelayanan Tera, Tera Ulang dan Pengawasan Metrologi Legal
B29: 2 | H29: 2
A32: DATA KERJA SAMA DAERAH
A33: KABUPATEN BANTUL
A35: KSDD | C35: KSDPK | E35: SINERGI | H35: NOMOR / TANGGAL | K35: RUANG LINGKUP | L35: URUSAN YANG DIKERJASAMAKAN | M35: KETERANGAN
H36: Kesepakatan | J36: Perjanjian
A38: 1. | B38: Kabupaten Kulon Progo | I38: 1 | J38: 03/PK/Bt/2018 Tgl. 09 Februari 2018 | K38: Penyelenggaraan Pelayanan Tera, Tera Ulang dan Pengawasan Metrologi legal | M38: Berakhir Pada 08 Februari 2020
A40: 2. | B40: Kabupaten Sragen | G40: 1 | H40: 03/MoU/Bt/2018 Tgl. 05 Maret 2018 | K40: Peningkatan Sumber Daya manusia, Pelayanan Publik, Perekonomian, dan Pemberdayaan Masyarakat | M40: Berakhir Pada 04 Maret 2019
A42: 3. | B42: Daerah Istimewa Yogyakarta | I42: 2 | J42: 08/PK/Bt/2018 Tgl. 27 Maret 2018 | K42: Penyelenggaraan Tes Psikologi | M42: Berakhir Pada 30 Juni 2018
A44: 4. | B44: Kabupaten Grobogan | G44: 2 | H44: 05/MoU/BT/2018 Tgl. 02 April 2018 | K44: Pemerintahan, Pembangunan, dan Kemasyarakatan | M44: Berakhir Pada 01 April 2019
A46: 5. | B46: Kabupaten Grobokan | I46: 3 | J46: 09/PK/Bt/2018 Tgl. 13 April 2017 | K46: Pemanfaatan sistem informasi manajemen tunjangan kinerja pemerintah | M46: Berakhir Pada 12 April 2021
A48: 6. | B48: Kota Surabaya | G48: 3 | H48: 14/Mou/Bt/2018 Tgl. 31 Mei 2018 | K48: Teknologi dan Informasi dalam pembelajaran sistem aplikasi, Promosi Potensi Daerah, Perdagangan | M48: Berakhir Pada 30 Mei 2019
C50: 1. | D50: Universiatas Ahmad Dahlan | I50: 4 | J50: 01.1/PK/Bt/2018 Tgl. 05 Januari 2018 | K50: Peningkatan Mutu Pelayanan Kesehatan Mental dan Kapasitas Sumber Daya Masyarakat Melalui Pelaksanaan Tridharma perguruan tinggi | L50: Pendidikan | M50: Berakhir Pada 04 Januari 2021
C52: 2. | D52: Pimpinan Daerah "Aisyiah | I52: 5 | J52: 01.2/PK/Bt/2018 Tgl. 08 Januari 2018 | K52: Upaya Peningkatan Penanggulangan penyakit Tuberkulosis (TB) | L52: Kesehatan | M52: Berakhir Pada 31 Desember 2020
C54: 3. | D54: PT. BTN (Persero) | I54: 6 | J54: 04/PK/Bt/2018 Tgl. 12 Februari 2018 | K54: Penerimaan Pembayaran Pajak Bumi dan Bangunan Perdesaan dan Perkotaan | L54: Perpajakan | M54: Berakhir Pada 11 Februari 2023
C56: 4. | D56: PT. BTN (Persero) | G56: 4 | H56: 01/MoU/Bt/2018 Tgl. 12 Februari 2018 | K56: Pemanfaatan produk dan jasa layanan perbankan dan pemberdayaan perekonomian daerah melalui CSR | M56: Berakhir Pada 11 Februari 2021
C58: 5. | D58: STIKES Surya Global Yogyakarta | G58: 5 | H58: 06/MoU/Bt/2018 Tgl. 20 April 2018 | K58: Pendidikan, Penelitian, dan Pengabdian Masyarakat | L58: Pendidikan | M58: Berakhir Pada 19 April 2020
C60: 6. | D60: Universitas Atmajaya Yogyakarta | G60: 6 | H60: 10/PK/Bt/2018 Tgl. 20 April 2018 | K60: Pelaksanaan Tri dharma Perguruan Tinggi | L60: Pendidikan | M60: Berakhir Pada 19 April 2023
C62: 7. | D62: STIKES Surya Global Yogyakarta | G62: 7 | H62: 11/PK/Bt/2018 Tgl. 23 April 2018 | K62: Pelaksanaan Tri Dharma Perguruan Tinggi | L62: Pendidikan | M62: Berkahir Pada 22 April 2020
C64: 8. | D64: STIMIK AMIKOM | I64: 7 | J64: 22/PK/Bt/2018 Tgl. 07 Mei 2018 | K64: Pengembangan Potensi Pariwisata Berbasis Teknologi Informasi | M64: Berakhir Pada 06 Mei 2020
C66: 9. | D66: PT. BPD DIY | G66: 8 | H66: 09/MoU/Bt/2018 Tgl. 14 Mei 2018 | K66: Pengelolaan keuangan Daerah, Pemanfaatan Produk dan Jasa Perbankan dan Pemberdayaan perekonomian melalui CSR | M66: Berakhir Pada 13 Mei 2023
C68: 10. | D68: PT. BRI Bantul | G68: 9 | H68: 11/MoU/Bt/2018 Tgl. 15 Mei 2018 | I68: 8 | J68: 24/PK/Bt/2018 Tgl. 15 Mei 2018 | K68: Pengelolaan keuangan Daerah, Pemanfaatan Produk dan Jasa Perbankan dan Pemberdayaan perekonomian melalui CSR | M68: Berakhir Pada 14 Mei 2023
C70: 11. | D70: Universitas Atmajaya Yogyakarta | G70: 10 | H70: 15/MoU/Bt/2018 Tgl. 25 Mei 2018 | K70: Pendidikan, penelitian dan pengabdian masyarakat | M70: Berakhir Pada 24 Mei 2019
C72: 12. | D72: Universitas PGRI Yogyakarta | G72: 11 | H72: 13/MoU/Bt/2018 Tgl. 28 Mei 2018 | I72: 9 | J72: 26/PK/Bt/2018 Tgl. 26 Mei 2018 | K72: Pelayanan Publik, Pembangunan sarana dan prasarana, dan pengembangan SDM | M72: Berakhir Pada 27 Mei 2019
C74: 13. | D74: Sekolah Tinggi Pariwisata Ampta | G74: 12 | H74: 15/Mou/Bt/2018 Tgl. 05 Juni 2018 | I74: 10 | J74: 27/PK/Bt/2018 Tgl. 05 Juni 2018 | K74: Pendidikan, penelitian dan pengabdian masyarakat | M74: Berakhir Pada 04 Juni 2021
C76: 15. | D76: PMI Kab. Bantul | I76: 11 | J76: 28/PK/Bt/2018 Tgl. 09 Juli 2018 | K76: Pemutakhiran Data Golongan Darah Penduduk dalam database kependudukan | M76: Berakhir Pada 08 Juli 2021
C78: 16. | D78: PT. BPD DIY Cab. Bantul | I78: 12 | J78: 29.1/PK/Bt/2018 Tgl. 16 Juli 2018 | K78: Penyaluran Dana Bantuan Operasional Penyelenggaraan Pendidikan Anak Usia Dini Tahun 2018 | M78: Berakhir Pada 31 Desember 2018
C80: 17. | D80: BPJS Kesehatan | G80: 13 | H80: 16/MoU/Bt/2018 Tgl. 30 Juli 2018 | I80: 13 | J80: 32/PK/Bt/2018 Tgl. 31 Juli 2018 | K80: Perluasan cakupan peserta, Pembayaran iuran JAMKESNAS, Pengelolaan dan kepesertaan, Integritas penerima Bantuan Iuran pendapatan dan belanja daerah (PBI APBD) | M80: Berakhir Pada 30 Juli 2020
E82: 1. | F82: Universitas Gadjah Mada | G82: 14 | H82: 06/PK/Bt/2018 Tgl. 20 Februari 2018 | K82: Pelaksanaan Tridharma Perguruan Tinggi Negeri | L82: Pendidikan | M82: Berakhir Pada 19 Februari 2021
E84: 2. | F84: Kejaksaan Negeri Bantul | G84: 15 | H84: 07/MoU/Bt/2018 Tgl. 24 April 2018 | I84: 14 | J84: 12/PK/Bt/2018 Tgl. 24 April 2018 | K84: Bantuan Hukum Pertimbangan hukum, dan tindakan hukum lainnya | L84: Hukum | M84: Berakhir Pada 23 April 2019
E86: 3. | F86: Kementerian Komunikasi dan Informasi | G86: 16 | H86: 08/MoU/Bt/2018 Tgl. 08 Mei 2018 | K86: Bimbingan Teknis Penyusunan Masterplan Smart City, Pertukaran Data dan legal software menggunakan FOSS | L86: Teknologi Informasi | M86: Berakhir Pada 07 Mei 2019
B88: 6 | D88: 17 | F88: 3 | H88: 16 | J88: 14
A90: DATA KERJA SAMA DAERAH
A91: KABUPATEN GUNUNG KIDUL
A93: KSDD | C93: KSDPK | E93: SINERGI | G93: NOMOR / TANGGAL | K93: RUANG LINGKUP | L93: URUSAN YANG DIKERJASAMAKAN | M93: KETERANGAN
G94: Kesepakatan | I94: Perjanjian
A96: 1. | B96: Pemerintah kabupaten Pacitan, Kabuaten wonohiri, Kabupaten Gunungkidul | I96: 1 | J96: 415.4/PK/11/2018 Tgl. 08 Maret 2018 | K96: Perjanjian Kerja sama dalam pemberdayaan dan peningkatan sumber daya dibidang perikanan di kawasan PAWONSARI | L96: Perikanan | M96: Berakhir Pada 07 Maret 2021
A98: 2. | B98: Pemerintan Kabupaten Simeulue, Nanggroe Aceh Darussalam | I98: 2 | J98: 415.4/PK/17.1/2018 Tgl. 04 Mei 2018 | K98: Pelaksanaan Kegiatan pembangunan, fasilitasi perpindahan dan penempatan, serta pengembangan satuan permukiman transmigrasi sigulasi kawasan transmigrasi silaut | L98: Transmigrasi | M98: Berakhir pada 03 Mei 2023
A100: 3. | B100: Pemerintah Kabupaten Kayong Kalimantan Barat | I100: 3 | J100: Perjanjian | K100: Pelaksanaan Kegiatan pembangunan, fasilitasi perpindahan dan penempatan, serta pengembangan satuan permukiman transmigrasi sigulasi kawasan transmigrasi silaut | L100: Transmigrasi | M100: Berakhir pada 03 Mei 2023
A102: 4. | B102: Pemerintah Kota Malang | G102: 1 | H102: 415.4/KB/12/2018 Tgl. 06 Agustus 2018 | K102: Kerjasama dalam pengembangan potensi daerah dan peningkatan kapasitas sumber daya manusia | M102: Berakhir pada 05 Agustus 2021
A104: 5. | B104: Pemprov DIY, Pemprov Kalimantan Utara, Pemda Sleman, Pemkot Yogyakarta, Pemda Gunungkidul, Pemda Bulungan | G104: 2 | H104: 415.4/KB/18/2018 Tgl. 25 September 2018 | K104: Kerjasama Pelaksanaan Transmigrasi Antar Pemerintah Daerah dan Perjanjian Kerjasama | L104: Transmigrasi | M104: Berakhir Pada 25 September 2019
C106: 1. | D106: Pemerintah Kabupaten Gunungkidul Dengan STIKES Wira Husada | G106: 3 | H106: 415.4/KB/01/2018 Tgl. 02 Januari 2018 | K106: Pelaksanaan Tri Dharma Perguruan Tinggi | L106: Pendidikan | M106: Berakhir pada 01 Januari 2023
C108: 2. | D108: STIKES Betheseda Yakkum Yogyakarta | G108: 4 | H108: 415.4/KB/02/2018 Tgl. 02 Januari 2018 | K108: Pelaksanaan Tri Dharma Perguruan Tinggi | L108: Pendidikan | M108: Berakhir pada 01 Januari 2023
C110: 3. | D110: Pemerintah Kabupaten Gunungkidul Dengan STIKES Wira Husada | I110: 4 | J110: 415.4/PK/01/2018 Tgl. 03 Januari | K110: Pelaksanaan KKN di Dinas Kesehatan dan fasilitas Pelayanan Kesehatan | L110: Pendidikan | M110: Berakhir pada 02 Januari 2021
C112: 4. | D112: STIKES Betheseda Yakkum Yogyakarta | I112: 5 | J112: 415.4/PK/02/2018 Tgl. 03 Januari 2018 | K112: Pelaksanaan PKL di Dinas Kesehatan dan Fasilitas Pelayanan Kesehatan | L112: Pendidikan | M112: Berakhir pada 02 Januari 2021
C114: 5. | D114: STIKES Betheseda Yakkum Yogyakarta | I114: 6 | J114: 415.4/PK/03/2018 Tgl. 03 Januari 2018 | K114: Pelaksanaan PKL di Rumah Sakit Umum Daerah Wonosari | L114: Pendidikan | M114: Berakhir Pada 02 Januari 2021
C116: 6. | D116: STIKES Akbiyono Yogyakarta | I116: 7 | J116: 415.4/PK/04/2018 Tgl. 03 Januari 2018 | K116: Pelaksanaan PKL di Dinas Kesehatan | L116: Pendidikan | M116: Berakhir Pada 02 Januari 2021
C118: 7. | D118: STIKES Akbiyono Yogyakarta | I118: 8 | J118: 415.4/PK/05/2018 Tgl. 03 Januari 2018 | K118: Pelaksanaan PKL di Rumah Sakit Umum Daerah Wonosari | L118: Pendidikan | M118: Berakhir Pada 02 Januari 2021
C120: 8. | D120: PT BPR Bank Daerah Gunung Kidul | I120: 9 | J120: 415.4/PK/06/2018 Tgl. 29 Januari 2018 | K120: Sewa Menyewa Bangunan Milik Pemerintah Kabupaten Gunungkidul di RSUD Wonosari | M120: Berakhir pada 11 Februari 2021
C122: 9. | D122: PT BRI (Persero) Cabang Wonosari | I122: 10 | J122: 415.4/PK/07/2018 Tgl. 12 Februari 2018 | K122: Sewa menyewa Bangunan Milik Pemerintah Kabupaten Gunungkidul di RSUD Wonosari untuk ruang pelayanan Kas | M122: Berakhir pada 11 Februari 2021
C124: 10. | D124: PT. Putra Sigit Perkasa (SPBU Kranon) | I124: 11 | J124: 415.4/PK/12/2018 Tgl. 09 Maret 2018 | K124: Sewa menyewa Tanah Milik Pemerintah Kabupaten gunungkidul untuk SPBU | M124: Berakhir pada 31 Desember 2019
C126: 11. | D126: Universitas Ahmad Dahlan | G126: 5 | H126: 415.4/KB/06/2018 Tgl. 26 Maret 2018 | K126: Pelaksanaan Tri Dharma Perguruan Tinggi | L126: Pendidikan | M126: Berakhir pada 25 Maret 2023
C128: 12. | D128: Poltekes Permata Indonesia | G128: 6 | H128: 415.4/KB/06.1/2018 Tgl. 28 Maret 2018 | K128: Pelaksanaan Tri dharma Perguruan Tinggi | L128: Pendidikan | M128: Berakhir pada 25 Maret 2023
C130: 13. | D130: PT BPD Daerah Istimewa Yogyakarta Cabang Gunungkidul | I130: 12 | J130: 415.4/PK/15/2018 Tgl. 09 April 2018 | K130: Sewa menyewa tanah milik Pemerintah Kabupaten Gunungkidul di Dinas Pendidikan, Pemuda dan Olah Raga | M130: Berakir pada 06 April 2023
C132: 14. | D132: PT BPR Bank Daerah Gunungkidul | I132: 13 | J132: 415.4/PK/15.1/2018 Tgl. 16 April 2018 | K132: Sewa Menyewa Tanah Milik Pemerintah Kabupaten Gunungkidul di komplek Kantor Kecamatan Ngawen untuk Pelayanan Kas PD BPR Bank Daerah Gunungkidul | M132: Berakhir pada 16 April 2023
C134: 15. | D134: PT BPR Bank Daerah Gunungkidul | I134: 14 | J134: 415.4/PK/16/2018 Tgl. 25April 2018 | K134: Sewa Menyewa Tanah Milik Pemerintah Kabupaten Gunungkidul di Terminal Semin untuk Pelayanan Kas PD BPR Bank Daerah Gunungkidul | M134: Berakhir Pada 24 April 2018
C136: 16. | D136: PT. BRI Syariah | G136: 7 | H136: 415.4/KB/07/2018 Tgl. 27 Mei 2018 | K136: Kerjasama Pengelolaan Keuangan Daerah dan Pemberdayaan Perekonomian Daerah | L136: Keuangan | M136: Berakhir pada 26 Mei 2021
C138: 17. | D138: PT. POS Indonesia Kantor Regional 6 Semarang | G138: 8 | H138: 415.4/KB/08/2018 Tgl. 27 Mei 2018 | K138: Kerjasama Sistem Pengelolaan Penyediaan dan Pemanfaatan Jasa PT POS Indonesia | M138: Berakhir pada 26 Mei 2018
C140: 18. | D140: Rifka Anissa Womens Crisis Center | G140: 9 | H140: 415.4/KB/18/2018 Tgl. 25 Juni 2018 | K140: Pencegahan dan Penanganan Kekerasan Perempuan dan Anak | M140: Berakhir Pada 24 Juni 2021
C142: 19. | D142: Politeknik Pariwisata Batam | G142: 10 | H142: 415.4/KB/11/2018 Tgl. 02 Agustus 2018 | K142: Pelaksanaan Tri dharma Perguruan Tinggi | L142: Pendidikan | M142: Berakhir Pada 01 Agustus 2023
C144: 20. | D144: Universitas Janabadra | G144: 11 | H144: 415.4/KB/13/2018 Tgl. 20 Agustus 2018 | K144: Pelaksanaan Tri dharma Perguruan Tinggi | L144: Pendidikan | M144: Berakhir Pada 01 Agustus 2023
C146: 21. | D146: STIE YKPN Yogyakarta | G146: 12 | H146: 415.4/KB/17/2018 Tgl. 02 Agustus 2018 | K146: Pelaksanaan Tri dharma Perguruan Tinggi | L146: Pendidikan | M146: Berakhir pada 19 Agustus 2019
C148: 22. | D148: Sekolah Tinggi Pariwisata STIE API Yogyakarta | G148: 13 | H148: 415.4/KB/16/2018 Tgl. 20 Agustus 2018 | K148: Pelaksanaan Tri dharma Perguruan Tinggi | L148: Pendidikan | M148: Berakhir pada 19 Agustus 2019
C150: 23. | D150: PT. Bank Mandi Syariah | G150: 14 | H150: 415.4/KB/23/2018 Tgl. 04 Oktober 2018 | K150: Kerjasama Pengelolaan Keuangan Daerah dan Pemberdayaan Perekonomian Daerah | L150: Keuangan | M150: Berakhir pada 03 Oktober 2021
C152: 24. | D152: PT. Astra Tbk, Yayasan Astra Michael D Ruslim | G152: 15 | H152: 415.4/KB/19/2018 Tgl. 15 Oktober 2018 | K152: Program Bantuan Pendidikan | L152: Pendidikan | M152: Berakhir Pada 15 Oktober 2019
C154: 25. | D154: Sekolah Tinggi Teknologi Adisutjipto Yogyakarta | G154: 16 | H154: 415.4/KB/20/2018 Tgl. 16 Oktober 2018 | K154: Pelaksanaan Tri dharma Perguruan Tinggi | L154: Pendidikan | M154: Berakhir Pada 16 Oktober 2019
C156: 26. | D156: Intitut Teknologi Yogyakarta | G156: 17 | H156: 415.4/KB/21/2018 Tgl. 18 Oktober 2018 | K156: Pelaksanaan Tri dharma Perguruan Tinggi | L156: Pendidikan | M156: Berakhir Pada 16 Oktober 2019
C158: 27. | D158: SOS Children's Yogyakarta | G158: 18 | H158: 415.4/KB/24/2018 Tgl. 11 Desember 2018 | K158: Perlindungan Anak, Pemenuhan Hak Anak, dan Program | M158: Berakhir Pada 10 Desember 2019
E160: 1. | F160: Kejaksaan Negeri Gunungkidul | G160: 19 | H160: 415.4/KB/03/2018 Tgl. 02 Januari 2018 | K160: Kerjasama Bidang hukum perdata dan tata usaha negara dilingkungan pemerintah kabupaten gunungkidul | L160: Hukum | M160: Berakhir pada 16 Januari 2020
E162: 2. | F162: Bapan Pusat Statistik Kabupaten Gunungkidul | I162: 15 | J162: 415.4/PK/08/2018 Tgl. 09 Februari 2018 | K162: Pelaksanaan Swakelola Program Pengembangan Statistik Daerah Kabupaten Gunungkidul | M162: Berakhir Pada 31 Desember 2018
E164: 3. | F164: Direktorat Pengembangan Penyehatan Lingkungan Permukiman Direktorat Cipta Karya Kementerian PUPR | I164: 16 | J164: 415.4/PK/10/2018 Tgl. 14 Februari 2018 | K164: Penyelenggaraan infrastruktur persampahan berupa peningkatan kinerja TPA Wukisari Kecamatan Wonosari dalam bentuk pembangunan landfill baru seluas 3000 m2 beserta bangunan pendukung | L164: Infrastruktur | M164: Berakhir pada 13 Februari 2021
E166: 4. | F166: Perwakilan BKKBN DIY | I166: 17 | J166: 415.4/PK/14/2018 Tgl. 14 Maret 2018 | K166: Pelaksanaan Program Kependudukan, Keluarga Berencana, dan Pembangunan Keluarga Daerah Istimewa Yogyakarta di Kabupaten Gunungkidul | M166: Berakhir pada 31 Desember 2018
E168: 5. | F168: IPDN | I168: 18 | J168: 415.4/KB/05/2018 tgl. 27 Maret 2018 | K168: Kerjasama Pendidikan dan program pendampingan kapamongprajaan | L168: Pendidikan | M168: Berakhir pada 19 Maret 2023
E170: 6. | F170: Direktorat Jendral Pendidikan Dasar dan Menengah Kemendikbud | I170: 19 | J170: 415.4/PK/46/2018 Tgl. 28 Desember 2018 | K170: Pelaksanaan Pembangunan Aplikasi Rencana Kegiatan dan Pembangunan Sekolah | M170: Berakhir pada 27 Desember 2021
E172: 7. | F172: Universitas Negeri Semarang | G172: 20 | H172: 415.4/KB/10/2018 Tgl. 16 Juli 2018 | K172: Pelaksanaan Tridharma Perguruan tinggi | L172: Pendidikan | M172: Berakhir pada 15 Juli 2023
E174: 8. | F174: Pusat data dan statistik Pendidikan dan Kebudayaan Kemendikbud RI | G174: 21 | H174: 415.4/KB/14/2018 Tgl. 23 Agustus 2018 | K174: Pengelolaan dan pemanfaatan data pokok pendidikan
E176: 9. | F176: Badan Penelitian dan Pengembangan Kesehatan Kementerian Kesehatan RI | G176: 22 | H176: 415.4/KB/22/2018 Tgl. 30 Oktober 2018 | K176: Penelitian dan Pengembangan Kesehatan | M176: Berakhir pada 29 Oktober 2019
E178: 10. | F178: Sekretaris Jenderal Kementerian Kesehatan RI | G178: 23 | H178: 415.4/KB/25/2018 Tgl. 28 Desember 2018 | K178: Pengadaan Calon Pegawai Negeri Sipil di Lingkungan Pemerintah Kabupaten Gunungkidul dari Pegawai tidak tetap kementerian Kesehatan | M178: Berakhir Pada 16 Desember 2019
E180: 11. | F180: Direktorat Jendral Pendidikan Dasar dan Menengah Kementerian Pendidikan dan Kebudayaan | G180: 24 | H180: 415.4/KB/26/2018 Tgl. 28 Desember 2018 | K180: Pembangunan Aplikasi Rencana Kegiatan dan Anggaran Sekolah | M180: Berakhir Pada 27 Desember 2021
B182: 5 | D182: 27 | F182: 11 | H182: 24 | J182: 19
A184: DATA KERJA SAMA DAERAH
A185: KABUPATEN SLEMAN
A187: KSDD | C187: KSDPK | E187: SINERGI | H187: NOMOR / TANGGAL | K187: RUANG LINGKUP | L187: URUSAN YANG DIKERJASAMAKAN | M187: KETERANGAN
H188: Kesepakatan | J188: Perjanjian
A191: 1. | B191: Kota Yogyakarta, Kabupaten Bantul, Kabupaten Bulungan | I191: 1 | J191: 6/PK.KDH/D/2018 Tgl. 03 Januari 2018 | K191: Penyelenggaraan Transmigrasi Dana Sharing | M191: 5 Tahun
...

Sheet Prov Banten
A2: DATA KERJA SAMA DAERAH
B3: PROVINSI BANTEN
A5: KSDD | C5: KSDPK | E5: SINERGI | H5: NOMOR / TANGGAL | K5: RUANG LINGKUP | M5: URUSAN YANG DIKERJASAMAKAN | O5: KETERANGAN
G6: Kesepakatan | I6: Perjanjian
A21: DATA KERJA SAMA DAERAH
B22: PEMERINTAH KABUPATEN SERANG
A24: KSDD | C24: KSDPK | E24: SINERGI | H24: NOMOR / TANGGAL | K24: RUANG LINGKUP | M24: URUSAN YANG DIKERJASAMAKAN | O24: KETERANGAN
G25: Kesepakatan | I25: Perjanjian
C27: 1 | D27: PT Arwana Nuansa Kramik | G27: 1 | H27: 620/MoU.05-Huk/2018 Tgl. 17 Januari 2018 | L27: Sharing Pembiayaan Interchange
C29: 2 | D29: Universitas Katolik Parahyangan | G29: 2 | H29: 073/MoU.10-Huk/2018 Tgl. 23 Februari 2018 | L29: Pendidikan dan Penelitian | N29: Pendidikan
C31: 3 | D31: PT DSG Suryamas Indonesia | G31: 3 | H31: 620/MoU 12.Huk/2018 Tgl. 21 Februari 2018 | L31: Interchange
C33: 4 | D33: PT Modern Panel Indoesia | G33: 4 | H33: 620/MoU 14.Huk/2018 Tgl. 21 Februari 2018 | L33: Interchange
C35: 5 | D35: PT Charoen Pokphand Indonesia | G35: 5 | H35: 620/MoU 15-Huk/2018 Tgl. 21 Februari 2018 | L35: Interchange
C37: 6 | D37: PT Charoen Pokphand Indonesia | G37: 6 | H37: 620/MoU 16-Huk/2018 Tgl. 21 Februari 2018 | L37: Interchange
C39: 7 | D39: PT Jakarta Kyoel Steal Works | G39: 7 | H39: 620/MoU 17-Huk/2018 Tgl. 21 Februari 2018 | L39: Interchange
C41: 8 | D41: PT Akukultur Probiotik Indonesia | G41: 8 | H41: 620/MoU 18-Huk/2018 Tgl. 21 Februari 2018 | L41: Interchange
C43: 9 | D43: PT Sejahtera Mtra Lestari | G43: 9 | H43: 620/MoU 19-Huk/2018 Tgl. 21 Februari 2018 | L43: Interchange
C45: 10 | D45: PT Citra Resins Inndonesia | G45: 10 | H45: 620/MoU 20-Huk/2018 Tgl. 21 Februari 2018 | L45: Interchange
C47: 11 | D47: PT Yasunaga Indonesia | G47: 11 | H47: 620/MoU 21-Huk/2018 Tgl. 21 Februari 2018 | L47: Interchange
C49: 12 | D49: PT Berri Indosari | G49: 12 | H49: 620/MoU 22-Huk/2018 Tgl. 21 Februari 2018 | L49: Interchange
C51: 13 | D51: PT Modern Gravure Indonesia | G51: 13 | H51: 620/MoU 23-Huk/2018 Tgl. 21 Februari 2018 | L51: Interchange
C53: 14 | D53: PT Hasta Prima Mandiri | G53: 14 | H53: 620/MoU 24-Huk/2018 Tgl. 21 Februari 2018 | L53: Interchange
... C63: 19 | D63: ITB | G63: 19 | H63: 073/MoU.44-Huk/2018 Tgl. 08 Juni 2018 | L63: Kerjasama Dalam Bidang Pendidikan, Peeitian dan Pengabdian Kepada Masyarakat
C65: 20 | D65: BPJS Kesehatan Cabang | I65: 1 | J65: 440/ADD.Perj-45-Huk/2018 Tgl. 30 Maret 2018 | L65: Kesehatan Program Jamkes Nas Bagi Penduduk yang Didaftrakan Pemerintah Kabpaten Serang
C67: 21 | D67: PT Arka Jaya Menari | I67: 2 | J67: 549/Perj.47-Huk/2018 | L67: Pemanfaatan Lahan Hasil Reklamasi Untuk INDUSTRI Pabrik, Kontruksi, dan Pelabuhan Penunjang di Desa Margagiri Kecamatan Bojonegara Kabupaten Serang
E69: 1 | F69: Lembaga Administrasi Negara (LAN) | G69: 20 | H69: 073/MoU.07-Huk/2018 Tgl. 17 Januari 2018 | L69: Penyelenggaraan Kegiatan Kajian Kebijakan, Pelatihan dan Pengembangan Kompetensi, Inovasi Administrasi Negara serta Pendidikan Tinggi
E71: 2 | F71: Komando Distrik Militer 0602 | I71: 3 | J71: 642/Perj II.Huk/2018 26 Februari 2018 | L71: Pembangunan Rumah Tidak Layak Huni di Kabupaten Seang
E73: 3 | F73: Badan Standarisasi Nasional Pemerintah Kabupaten Serang | G73: 21 | H73: 770/MoU.28-Huk/2018 Tgl. 16 Maret 2018 | L73: Pembinaan dan Pengembangan Standarisasi dan Penilaian Kesesuaian di Lingkungan Pemerintah Kabupaten Serang
E75: 4 | F75: Badan Pusat Statistik Kabupaten Serang | G75: 22 | H75: 130/MoU.29-Huk/2018 Tgl. 13 Maret 2018 | L75: Penyelenggaraan Statistik
E77: 5 | F77: Direktorat Jenderal Minyak dan Gas Bumi Kementerian dan Sumber Daya Mineral Pemerintah Kabupaten Serang | G77: 23 | H77: 547/MoU-411-Huk/2018 Tgl. 23 Maret 2018 | L77: Penyediaan dan Perindustrian dan Gas Bumi Melalui Janangan Distribusi Gas Bumi untuk Rumah Tangga di Wilayah Kabupaten Serang
E79: 6 | F79: Kementerian Desa, Pembangunan Daerah Tertinggal dari Transmigrasi RI | G79: 24 | H79: Tgl. 16 Mei 2018 | L79: Kemitraan Produk Unggulan Kawasan Perdesaan Kabupaten Serang
E81: 7 | F81: Kementerian PUPR | G81: 25 | H81: 620/BA 43 - Huk/2018 | L81: Berita Secara Serah Terima Interchange
E83: 8 | F83: Baznas | I83: 4 | J83: 948/Perj.46-Huk/2018 | L83: NPAD
D85: 21 | F85: 8 | H85: 25 | J85: 4
A88: DATA KERJA SAMA DAERAH
B89: KABUPATEN LEBAK
A91: KSDD | C91: KSDPK | E91: SINERGI | H91: NOMOR / TANGGAL | K91: RUANG LINGKUP | M91: URUSAN YANG DIKERJASAMAKAN | O91: KETERANGAN
G92: Kesepakatan | I92: Perjanjian
A107: DATA KERJA SAMA DAERAH
B108: KABUPATEN PANDEGLANG
A110: KSDD | C110: KSDPK | E110: SINERGI | H110: NOMOR / TANGGAL | K110: RUANG LINGKUP | M110: URUSAN YANG DIKERJASAMAKAN | O110: KETERANGAN
G111: Kesepakatan | I111: Perjanjian
A126: DATA KERJA SAMA DAERAH
B127: KABUPATEN TANGERANG
A129: KSDD | C129: KSDPK | E129: SINERGI | H129: NOMOR / TANGGAL | K129: RUANG LINGKUP | M129: URUSAN YANG DIKERJASAMAKAN | O129: KETERANGAN
G130: Kesepakatan | I130: Perjanjian
A145: DATA KERJA SAMA DAERAH
B146: KOTA CILEGON
A148: KSDD | C148: KSDPK | E148: SINERGI | H148: NOMOR / TANGGAL | K148: RUANG LINGKUP | M148: URUSAN YANG DIKERJASAMAKAN | O148: KETERANGAN
G149: Kesepakatan | I149: Perjanjian
A164: DATA KERJA SAMA DAERAH
B165: KOTA SERANG
A167: KSDD | C167: KSDPK | E167: SINERGI | H167: NOMOR / TANGGAL | K167: RUANG LINGKUP | M167: URUSAN YANG DIKERJASAMAKAN | O167: KETERANGAN
G168: Kesepakatan | I168: Perjanjian
A183: DATA KERJA SAMA DAERAH
B184: KOTA TANGERANG
A186: KSDD | C186: KSDPK | E186: SINERGI | H186: NOMOR / TANGGAL | K186: RUANG LINGKUP | M186: URUSAN YANG DIKERJASAMAKAN | O186: KETERANGAN
G187: Kesepakatan | I187: Perjanjian
A203: DATA KERJA SAMA DAERAH
B204: KOTA TANGERANG SELATAN
A206: KSDD | C206: KSDPK | E206: SINERGI | H206: NOMOR / TANGGAL | K206: RUANG LINGKUP | M206: URUSAN YANG DIKERJASAMAKAN | O206: KETERANGAN
G207: Kesepakatan | I207: Perjanjian

Sheet Prov DKI 
A2: DATA KERJA SAMA DAERAH
B3: PROVINSI DKI
A5: KSDD | C5: KSDPK | E5: SINERGI | H5: NOMOR / TANGGAL | K5: RUANG LINGKUP | M5: URUSAN YANG DIKERJASAMAKAN | O5: KETERANGAN
G6: Kesepakatan | I6: Perjanjian
A21: DATA KERJA SAMA DAERAH
B22: KOTA JAKARTA PUSAT
A24: KSDD | C24: KSDPK | E24: SINERGI | H24: NOMOR / TANGGAL | K24: RUANG LINGKUP | M24: URUSAN YANG DIKERJASAMAKAN | O24: KETERANGAN
G25: Kesepakatan | I25: Perjanjian
A39: DATA KERJA SAMA DAERAH
B40: KOTA JAKARTA UTARA
A42: KSDD | C42: KSDPK | E42: SINERGI | H42: NOMOR / TANGGAL | K42: RUANG LINGKUP | M42: URUSAN YANG DIKERJASAMAKAN | O42: KETERANGAN
G43: Kesepakatan | I43: Perjanjian
A58: DATA KERJA SAMA DAERAH
B59: KOTA JAKARTA SELATAN
A61: KSDD | C61: KSDPK | E61: SINERGI | H61: NOMOR / TANGGAL | K61: RUANG LINGKUP | M61: URUSAN YANG DIKERJASAMAKAN | O61: KETERANGAN
G62: Kesepakatan | I62: Perjanjian
A77: DATA KERJA SAMA DAERAH
B78: KOTA JAKARTA TIMUR
A80: KSDD | C80: KSDPK | E80: SINERGI | H80: NOMOR / TANGGAL | K80: RUANG LINGKUP | M80: URUSAN YANG DIKERJASAMAKAN | O80: KETERANGAN
G81: Kesepakatan | I81: Perjanjian
A96: DATA KERJA SAMA DAERAH
B97: KOTA JAKARTA BARAT
A99: KSDD | C99: KSDPK | E99: SINERGI | H99: NOMOR / TANGGAL | K99: RUANG LINGKUP | M99: URUSAN YANG DIKERJASAMAKAN | O99: KETERANGAN
G100: Kesepakatan | I100: Perjanjian

Sheet Prov Bali
A1: DATA KERJA SAMA DAERAH
B2: KABUPATEN BADUNG
A4: KSDD | C4: KSDPK | E4: SINERGI | H4: NOMOR / TANGGAL | K4: RUANG LINGKUP | M4: URUSAN YANG DIKERJASAMAKAN | O4: KETERANGAN
G5: Kesepakatan | I5: Perjanjian
A7: 1 | B7: Pemerintah Provinsi Bali | G7: 1 | H7: 075/02/KB/B.Pem.Otda/II/2018 Tgl. 09 Februari 2018 | L7: Penyelenggaraan Jaminan Kesehatan Krama Badung Sehat | N7: Kesehatan | O7: KSB berakhir 09 Februari 2019
A9: 2 | B9: Pemerintah Kabupaten Lumajang | G9: 2 | H9: 130/02/427.11/2018 Tgl. 11 Februari 2018 | L9: Kerjasama Pembangunan Antar Daerah | N9: Pembangunan | O9: KSB berakhir 11 Februari 2019
A11: 3 | B11: Pemerintah Kota Denpasar, Pemerintah Kabupaten Gianyar, dan Pemerintah Kabupaten Tabanan | G11: 3 | H11: 075/14/KB/B.PEM.OTDA/V/2018 Tgl. 21 Mei 2018 | L11: Pelayanan Sistem Angkutan Umum | N11: Transportasi | O11: KSB berakhir 15 Mei 2019
A13: 4 | B13: Pemerintah Provinsi Bali | I13: 1 | J13: 075/04/PKS/B.Pem.Otda/II/2018 Tgl. 09 Februari 2018 | L13: Penyelenggara Jaminan Kesehatan Krama Badung Sehat | N13: Kesehatan | O13: PKS berakhir 09 Februari 2020
A15: 5 | B15: Pemerintah Kabupaten Banggai | I15: 2 | J15: 134.4/2850/PKS/TKKSD-Bdg/2018 Tgl. 02 Mei 2018 | L15: Pelestarian, Penngkatan, dan Pengembangan Seni Budaya | N15: Kesenian | O15: PKS berakhir 25 Juli 2020
A17: 6 | B17: Pemerintah Kota Denpasar, Pemerintah Kabupaten Gianyar, dan Pemerintah Kabupaten Tabanan | I17: 3 | J17: 075/17/PKS/B.PEM.OTDA/V/2018 Tgl. 21 Mei 2018 | L17: Pelayanan Sistem Angkutan Umum | N17: Transportasi | O17: PKS berakhir 21 Mei 2023
C19: 1 | D19: Sekolah Tinggi Manajemen Informatika dan Teknik Komputer STIKOM BALI | G19: 4 | H19: 134.4/317/KB//TKKSD-Bdg/2018 Tgl. 18 Januari 2018 | L19: Pendidikan, Penelitian dan Pengabdian Pada Masyarakat | N19: Pendidikan | O19: KSB berakhir 18 Januari 2019
C21: 2 | D21: PT. Dayamitra Telekomunikasi | G21: 5 | H21: 134.4/622/KB/TKKSD-Bdg/2018 Tgl. 31 Januari 2018 | L21: Pengembangan Sarana Penunjang Smart City | N21: Teknologi | O21: KSB berakhir 31 Januari 2019
C23: 3 | D23: Rumah Sakit Umum Dharma Yadnya | G23: 6 | H23: 134.4/649/KB/TKKSD-Bdg/2018 Tgl. 01 Februari 2018 | L23: Penyelenggara Jaminan Kesehatan Krama Badung Sehat | N23: Kesehatan | O23: KSB berakhir 01 Februari 2019
C25: 4 | D25: PT. Asuransi Jasa Indonesa (Persero) | G25: 7 | H25: 134.4/1344/KB/TKKSD-Bdg/2018 Tgl. 28 Februari 2018 | L25: Asuransi Kerugian | N25: Asuransi | O25: KSB berakhir 28 Februari 2019
C27: 5 | D27: Pusat Pengembangan Manajemen Pengadaan Indonesia | G27: 8 | H27: 134.4/1637/KB/TKKSD-Bdg/2018 Tgl. 12 Maret 2018 | L27: Pelaksanaan Pelatihan Peningkatan Kapasitas ASN | N27: Pelatihan | O27: KSB berakhir 12 Maret 2019
C29: 6 | D29: Universitas Mahasaraswati Denpasar | G29: 9 | H29: 134.4/2541/KB/TKKSD-Bdg/2018 Tgl. 20 April 2018 | L29: Pendidikan, Penelitian dan Pengabdian Masyarakat | N29: Pendidikan | O29: KSB berakhir 20 April 2019
C31: 7 | D31: PT. Bank Pembangunan Daerah Bali | G31: 10 | H31: 134.4/2763/KB/TKKSD-Bdg/2018 Tgl. 30 April 2018 | L31: Penggunaan Produk dan Jasa Perbankan | N31: Perbankan | O31: KSB berakhir 30 April 2019
C33: 8 | D33: STIKOM INDONESIA | G33: 11 | H33: 134.4/2793/KB/TKKSD-Bdg/2018 Tgl. 30 April 2018 | L33: Pendidikan, Penelitian dan Pengabdian Masyarakat | N33: Pendidikan | O33: KSB berakhir 30 April 2019
C35: 9 | D35: Lembaga Pelatihan Kerja Duta Sahaya | G35: 12 | H35: 134.4/3373/KB/TKKSD-Bdg/2018 Tgl. 07 Mei 2018 | L35: Peningkatan Kualias dan Kesempatan Pemagangan Calon Tenaga Kerja | N35: Pelatihan | O35: KSB berakhir 07 Mei 2019
C37: 10 | D37: PT. Pengembangan Pariwisata Indonesia | G37: 13 | H37: 134.4/3074/KB/TKKSD-Bdg/2018 Tgl. 11 Mei 2018 | L37: Penyelenggaraan Kepariwisataan | N37: Pariwisata | O37: KSB berakhir 11 Mei 2019
C39: 11 | D39: Sekolah Tinggi Ilmu Sosial dan Ilmu Politik (STISIP) Margarana Tabanan | G39: 14 | H39: 134.4/3373/KB/TKKSD-Bdg/2018 Tgl. 23 Mei 2018 | L39: Pendidikan, Penelitian dan Pengabdian Masyarakat | N39: Pendidikan | O39: KSB berakhir 23 Mei 2019
C41: 12 | D41: IKIP SARASWATI | G41: 15 | H41: 134.4/3664/KB/TKKSD-Bdg/2018 Tgl. 06 Juni 2018 | L41: Pendidikan, Penelitian, dan Pengabdian Kepada Masyarakat | N41: Pendidikan | O41: KSB berakhir 06 Juni 2019
C43: 13 | D43: Rumah Sakit Umum Dharma Yadnya | I43: 4 | J43: 134.4/650/PKS/TKKSD-Bdg/2018 Tgl. 01 Februari 2018 | L43: Penyelenggara Jaminan Kesehatan Krama Badung Sehat | N43: Kesehatan | O43: PKS berakhir 01 Februari 2020
C45: 14 | D45: PT. Dayamitra Telekomunikasi | I45: 5 | J45: 134.4/1134/KB/TKKSD-Bdg/2018 Tgl. 21 Februari 2018 | L45: Pengembangan Sarana Penunjang Smart City | N45: Teknologi | O45: PKS berakhir 21 Februari 2021
C47: 15 | D47: PT. Asuransi Jasa Indonesia (PERSERO) | I47: 6 | J47: 134.4/1391/KB/TKKSD-Bdg/2018 Tgl. 01 Maret 2018 | L47: Asuransi Usaha Tani Padi (AUTP) Bagi Petani | N47: Asuransi | O47: PKS berakhir 01 Maret 2021
C49: 16 | D49: Pusat Pengembangan Manajemen Pengadaan Indonesia | I49: 7 | J49: 134.4/1639/KB/TKKSD-Bdg/2018 Tgl. 06 Maret 2018 | L49: Pelaksanaan Pelatihan Pengadaan Barang/Jasa Pemerintah (PBJP) | N49: Pelatihan | O49: PKS berakhir 06 Desember 2021
C51: 17 | D51: Lembaga Pelatihan Kerja Duta Sahaya | I51: 8 | J51: 134.4/1336.a/PKS/TKKSD-Bdg/2018 Tgl. 14 Mei 2018 | L51: Penigkatan Kualitas dan Kesempatan Pemagangan Calon Tenaga Kerja | N51: Pelatihan | O51: PKS berakhir 14 Mei 2021
C53: 18 | D53: PT. Bank Pembangunan Daerah Bali | I53: 9 | J53: 134.4/3388/PKS/TKKSD-Bdg/2018 Tgl. 24 Mei 2018 | L53: Penyelenggaraan Mal Pelayanan Publik | N53: Administrasi | O53: PKS berakhir 24 Mei 2021
E55: 1 | F55: Institut Seni Indonesia Denpasar | G55: 16 | H55: 133.4/227/KB/TKKSD-Bdg/2018 Tgl. 11 Januari 2018 | L55: Pelaksanaan Tri Dharma Peguruan Tinggi | N55: Pendidikan | O55: KSB berakhir 11 Januari 2019
E57: 2 | F57: Badan Pusat Statistik Kabupaten Badung | G57: 17 | H57: 134.4/750/KB/TKKSD-Bdg/2018 Tgl. 01 Februari 2018 | L57: Penyediaan dan Pemanfaatan Data dan Informasi Statistik | O57: KSB berakhir 06 Februari 2019
E59: 3 | F59: Kementerian Agama Republik Indonesia | G59: 18 | H59: 134.4/982/KB/TKKSD-Bdg/2018 Tgl. 19 Februari 2018 | L59: Peningkatan Kualtas Kehidupan Beragama | N59: Agama | O59: KSB berakhir 19 Februari 2019
E61: 4 | F61: Kantor Wilayah Kementerian Hukum dan HAM Bali | G61: 19 | H61: 134.4/2870/KB/TKKSD-Bdg/2018 Tgl. 03 Mei 2018 | L61: Pelayanan Terpadu di Kabupaten Badung | N61: Pelayanan Publik | O61: KSB berakhir 03 Mei 2019
E63: 5 | F63: Kepolisian Resor Bandung | G63: 20 | H63: 134.4/3155/KB/TKKSD-Bdg/2018 Tgl. 15 Mei 2018 | L63: Pelayanan Terpadu di Kabupaten Badung | N63: Pelayanan Publik | O63: KSB berakhir 15 Mei 2019
E65: 6 | F65: Kantor Wilayah Direktorat Jenderal Pajak Bali | G65: 21 | H65: 134.4/3384/KB/TKKSD-Bdg/2018 Tgl. 24 Mei 2018 | L65: Pelayanan Publik dan Penghimpunan Data Informasi Perpajakan di Kabupaen Badung | N65: Pajak | O65: KSB berakhir 24 Mei 2019
E67: 7 | F67: BPOM Denpasar | G67: 22 | H67: 134.4/3385/KB/TKKSD-Bdg/2018 Tgl. 24 Mei 2018 | L67: Peningkatan Efektifitas Pengawasan Obat dan Makanan di Kabupaten Badung | N67: Kesehatan | O67: KSB berakhir 24 Mei 2019
E69: 8 | F69: LPPM Universitas Udayana | I69: 10 | J69: 134.4/308/PKS/TKKSD-Bdg/2018 Tgl. 17 Januari 2018 | L69: Kajian Evaluasi Program Krama Badung Sehat (KBS) di Kabupaten Badung | N69: Pendidikan | O69: PKS berakhir 31 Mei 2018
E71: 9 | F71: LPPM Universitas Udayana | I71: 11 | J71: 134.4/598/PKS/TKKSD-Bdg/2018 Tgl. 30 Januari 2018 | L71: Kajian Penentuan Area Potensi Penangkapan Ikan Melalui Aplikasi FISH GO di Perairan Kabupaten Badung | N71: Pendidikan | O71: PKS berakhir 30 April 2018
E73: 10 | F73: Pusat Penelitian dan Pengembagan Bimbingan Masyarakat Agama dan Layanan Keagamaan Kementerian Agama Republik Indonesia | I73: 12 | J73: 134.4/981/PKS/TKKSD-Bdg/2018 Tgl. 14 Februari 2018 | L73: Survey Penusunan Indeks Kerukunan Umat Beragama Kabupaten Badung | N73: Keagamaan | O73: PKS berakhir 14 Agustus 2020
E75: 11 | F75: Kepolisian Resor Bandung | I75: 13 | J75: 134.4/1506/KB/TKKSD-Bdg/2018 Tgl. 06 Maret 2018 | L75: Program Pembinaan Mental dan Kesamaptaan Pemuda | N75: Pembinaan | O75: PKS berakhir 06 Maret 2021
E77: 12 | F77: LPPM Universitas Udayana | I77: 14 | J77: 134.4/2011/PKS/TKKSD-Bdg/2018 Tgl. 28 Maret 2018 | L77: Kajian Efektifitas Pemanfaatan Tempat Pengolahan Sampah Terpadu (TPST) | N77: Pendidikan | O77: PKS berakhir 28 Juni 2018
E79: 13 | F79: LPPM Universitas Udayana | I79: 15 | J79: 134.4/2670/PKS/TKKSD-Bdg/2018 Tgl. 25 April 2018 | L79: Kajian Pemanfaatan dan Pengolahan Buah Mangrove Menjadi Bahan Minuman di Kabupaten Badung | N79: Pendidikan | O79: PKS berakhir 25 Juli 2018
E81: 14 | F81: Kepolisian Resor Bandung | I81: 16 | J81: 134.4/3378/PKS/TKKSD-Bdg/2018 Tgl. 24 Mei 2018 | L81: Penyelenggaraan Mal Pelayanan Publik | N81: Administrasi | O81: PKS berakhir 24 Mei 2021
E83: 15 | F83: Kantor Wilayah Direktorat Jenderal Pajak Bali | I83: 17 | J83: 134.4/3392/PKS/TKKSD-Bdg/2018 Tgl. 24 Mei 2018 | L83: Penyelenggaraan Mal Pelayanan Publik | N83: Administrasi | O83: PKS berakhir 24 Mei 2021
E85: 16 | F85: Kantor Wilayah Kementerian Hukum dan HAM | I85: 18 | J85: 134.4/3393/PKS/TKKSD-Bdg/2018 Tgl. 24 Mei 2018 | L85: Penyelenggaraan Mal Pelayanan Publik | N85: Administrasi | O85: PKS berakhir 24 Mei 2021
E87: 17 | F87: Kantor Wilayah Kementerian Hukum dan HAM | I87: 19 | J87: 134.4/3394/PKS/TKKSD-Bdg/2018 Tgl. 24 Mei 2018 | L87: Penyelenggaraan Mal Pelayanan Publik | N87: Administrasi | O87: PKS berakhir 24 Mei 2021
E89: 18 | F89: BPOM di Denpasar | I89: 20 | J89: 134.4/3395/PKS/TKKSD-Bdg/2018 Tgl. 24 Mei 2018 | L89: Penyelenggaraan Mal Pelayanan Publik | N89: Administrasi | O89: PKS berakhir 24 Mei 2021
E91: 19 | F91: Kantor Pertanahan Kabupaten Badung | I91: 21 | J91: 134.4/3396/PKS/TKKSD-Bdg/2018 Tgl. 24 Mei 2018 | L91: Penyelenggaraan Mal Pelayanan Publik | N91: Administrasi | O91: PKS berakhir 24 Mei 2021
B93: 6 | D93: 18 | F93: 19 | H93: 22 | J93: 21
A95: DATA KERJA SAMA DAERAH
B97: KABUPATEN KLUNGKUNG
A99: KSDD | C99: KSDPK | E99: SINERGI | H99: NOMOR / TANGGAL | K99: RUANG LINGKUP | M99: URUSAN YANG DIKERJASAMAKAN | O99: KETERANGAN
G100: Kesepakatan | I100: Perjanjian
C102: 1 | D102: PT. BPD Bali | I102: 1 | J102: 075/02/PKS/Pem Tgl. 01 Februari 2018 | L102: Penerimaan Bea Perolehan Hak atas Tanah dan Bangunan (BPHTB) | N102: Bea BPHTB | O102: PKS Berakhir 01 Februari 2023
C104: 2 | D104: BPJS Kesehatan Cabang Klugkung | I104: 2 | J104: 075/11/PKS/Pem Tgl. 01 Februari 2018 | L104: Memberikan Jaminan Kesehatan Bagi Seluruh Penduduk Kabupaten Klungkung | N104: Kesehatan | O104: PKS Berakhir 31 Desember 2020
C106: 3 | D106: PT. BRI (Persero) Tbk. Cabang Samapura | I106: 3 | J106: 075/17/PKS/2018 Tgl. 07 Me 2018 | L106: Jasa Kustodian | N106: Jasa | O106: PKS Berakhir 07 Mei 2021
C108: 4 | D108: PT. Bank Mandiri (Persero) Tbk. | I108: 4 | J108: 075/20/PKS/2018 Tgl. 15 Mei 2018 | L108: Pelayanan Jasa Perbankan | N108: Perbankan | O108: PKS Berakhir 15 Mei 2023
C110: 5 | D110: PT. Taspen Cabang Denpasar | I110: 5 | J110: 075/23/PKS/2018 Tgl. 02 Juli 2018 | L110: Penerapan Aplikasi SIMGAJI, Pelayanan Proaktif dan Klaim Otomatis Kepada PNS Daerah | N110: Teknologi | O110: PKS Berakhir 02 Juli 2023
E112: 1 | F112: Kejaksaan Negeri Klungkung | G112: 1 | H112: 075/KSB/Pem | L112: Penyelesaian Masalah Hukum di Bidang Perdata dan Tata Usaha Negara | N112: Hukum | O112: KSB selama 1 Tahun
E114: 2 | F114: TNI Angkatan Laut | I114: 6 | J114: 075/06/PKS/Pem Tgl. 08 Februari 2018 | L114: Pelaksanaan Kegiatan Multilateral Naval Exercise Komodo 2018 di Wilayah Kabupaten Klungkung | N114: Agenda Kegiatan | O114: PKS Bberakhir 06 Agustus 2018
E116: 3 | F116: Kantor Wilayah Direktorat Jenderal Pajak Bali | I116: 7 | J116: 075/09/PKS/Pem Tgl. 13 Februari 2018 | L116: Penghimpunan Data dan Informasi Perpajakna serta Pelaksanaan Konfirmasi Status Wajib Pajak | N116: Perpajakan | O116: PKS Berakhir 13 Februari 2023
E118: 4 | F118: Sekolah Tinggi Transportasi Darat | I118: 8 | J118: 075/14/PKS/Pem Tgl. 13 Maret 2018 | L118: Pemenuhan Kebutuhan SDM di Bidang Perhubungan Darat | N118: Transportasi | O118: PKS Berakhir 13 Maret 2023
D120: 5 | F120: 4 | H120: 1 | J120: 8
A123: DATA KERJA SAMA DAERAH
B125: PEMERINTAH KOTA DENPASAR
A127: KSDD | C127: KSDPK | E127: SINERGI | H127: NOMOR / TANGGAL | K127: RUANG LINGKUP | M127: URUSAN YANG DIKERJASAMAKAN | O127: KETERANGAN
G128: Kesepakatan | I128: Perjanjian
A130: 1. | B130: Pemerintah Kabupaten Badung | G130: 1 | H130: 075/02/KB/B.PEM/II/2018 Tgl. 09 Februari 2018 | L130: Penyelenggaraan Jaminan Kesehatan Krama Badung | N130: Kesehatan | O130: KSB Berakhir 09 Februari 2019
A132: 2. | B132: Pemerintah Kabupaten Badung | I132: 1 | J132: 075/04/PKS/B.PEM/II/2018 Tgl. 09 Februari 2018 | L132: Penyelenggaraan Jaminan Kesehatan Krama Badung Sehat | N132: Kesehatan | O132: PKS Berakhir 09 Februari 2021
A134: 3. | B134: Pemerintah Kabupaten Karangasem | G134: 2 | H134: 415.4/03/KB/BKS/2018 Tgl. 06 April 2018 | L134: Penyelenggaraan Pelayanan Tera, Tera Ulang dan Pengawasan Metrologi Legal
A136: 4. | B136: Pemerintah Kota Denpasar, Pemkab Bandung, Pemkab Gianyar dan Pemkab Tabanan | G136: 3 | H136: 075/06/KB/B.PEM/IV/2018 Tgl. 10 April 2018 | L136: Pelayanan Sistem Angkutan Umum di Wilayah Denpasar, Bandung, Gianyar dan Tabanan (SARBAGITA) | O136: KSB Berakhir 10 April 2019
A138: 5. | B138: Pemerintah Kota Denpasar, Pemkab Bandung, Pemkab Gianyar dan Pemkab Tabanan (SARBAGITA) | I138: 2 | J138: 075/17/PKS/B.PEM/V/2018 Tgl. 21 Mei 2018 | L138: Pelayanan Sistem Angkutan Umum di Wilayah Denpasar, Bandung, Gianyar dan Tabanan (SARBAGITA) | O138: KSB Berakhir 21 Mei 2023
A140: 6. | B140: SATPOL PP Prov. NTB | I140: 3 | J140: 075/18/PKS/B.PEM/VI/2018 Tgl. 05 Juni 2018 | L140: Penyelenggaraan Penertiban Umum dan Ketentraman Masyarakat serta Perlindungan Masyarakat | O140: PKS Berahir 05 Juni 2023
C142: 1. | D142: IKIP PGRI | G142: 4 | H142: 075/01/KB/B.PEM/II/2018 Tgl. 06 Februari 2018 | L142: Pelaksanaan Tri Dharma Perguruan Tinggi di Provinsi Bali | N142: Pendidikan | O142: KSB Berakhir 06 Februari 2019
C144: 2. | D144: IKIP PGRI | I144: 4 | J144: 075/01/PKS/B.PEM/II/2018 Tgl. 06 Februari 2018 | L144: Pelaksanaan Tri Dharma Perguruan Tinggi di Provinsi Bali | N144: Pendidikan | O144: PKS Berakhir 06 Februari 2023
C146: 3. | D146: Universitas Warmadewa | I146: 5 | J146: 075/02/PKS/B.PEM/II/2018 Tgl. 06 Februari 2018 | L146: Pelaksanaan Tri Dharma Perguruan Tinggi di Provinsi Bali | N146: Pendidikan | O146: PKS Berakhir 06 Februari 2023
C148: 4. | D148: PT. Sinar Roda Utama | G148: 5 | H148: 075/03/KB/B.PEM/II/2018 Tgl. 15 Februari 2018 | L148: Pelayanan Hemodialisis di UPT. RSUD Bali Mandara Provinsi Bali | N148: Kesehatan | O148: KSB Berakhir 15 Februari 2019
C150: 5. | D150: PT. Sinar Roda Utama | I150: 6 | J150: 075/05/PKS/B.PEM/II/2018 Tgl. 15 Februari 2018 | L150: Pelayanan Hemodialisis di UPT. RSUD Bali Mandara Provinsi Bali | N150: Kesehatan | O150: PKS Berakhir 15 Februari 2023
C152: 6. | D152: PT. Bank Tabungan Pensiunan Nasional Tbk | G152: 6 | H152: 075/04/KB/B.PEM/III/2018 Tgl. 06 Maret 2018 | L152: Pembekalan dan Layanan Kepada PNS yang Akan Memasuki Masa Persiapan Pensiun di Lingkungan Pemerintah Provinsi Bali | O152: KSB Berakhir 06 Juni 2018
C154: 7. | D154: PT. Bank Tabungan Pensiunan Nasional Tbk | I154: 7 | J154: 075/06/PKS/B.PEM/III/2018 Tgl. 06 Maret 2018 | L154: Pembekalan dan Layanan Kepada PNS yang Akan Memasuki Masa Persiapan Pensiun di Lingkungan Pemerintah Provinsi Bali | O154: PKS Berakhir 06 Juni 2023
C156: 8. | D156: Yayasan Peduli Kemanusiaan (YPK) Bali | G156: 7 | H156: 415.4/03/KB/BKS/2018 Tgl. 03 April 2018 | L156: Program Deteksi dan Intervensi Dini Bagi Orang Dengan Disabilitas Fisik di Kota Denpasar Bali | N156: Kesehatan
C158: 9. | D158: Yayasan John Fawcett Indonesia (JFF) | G158: 8 | H158: 415.4/04/KB/BKS/2018 Tgl. 03 April 2018 | L158: Pelayanan Kesehatan Mata Bagi Masyarakat Penerima Manfaat di Wilayah Kota Denpasar | N158: Kesehatan
C160: 10. | D160: STIKES Citra Husada Mandiri Kupang | H160: 075/09/KB/B.PEM/IV/2018 Tgl. 11 April 2018 | L160: Praktik Klinik Keperawatan Jiwa Mahasiswa STIKES Citra Husada Mandiri Kupang di RS. Jiwa Provinsi Bali | N160: Kesehatan | O160: KSB Berakhir 11 April 2019
C162: 11. | D162: STIKES Advaita Medika Tabanan | G162: 9 | H162: 075/10/KB/B.PEM/IV/2018 Tgl. 11 April 2018 | L162: Praktik Klinik Keperawatan Mahasiswa STIKES Advaita Medika Tabanan di RS. Jiwa Provinsi Bali | N162: Kesehatan | O162: KSB Berakhir 11 April 2019
C164: 12. | D164: STIKES Advaita Medika Tabanan | I164: 8 | J164: 075/13/PKS/B.PEM/IV/2018 Tgl. 11 April 2018 | L164: Praktik Klinik Keperawatan Mahasiswa STIKES Advaita Medika Tabanan di RS. Jiwa Provinsi Bali | N164: Kesehatan | O164: KSB Berakhir 11 April 2023
C166: 13. | D166: STIKES Wira Medika Bali | I166: 9 | J166: 075/11/PKS/B/B.PEM/IV/2018 Tgl. 11 April 2018 | L166: Praktik Klinik Keperawatan Mahasiswa STIKES Wira Medika Bali Provinsi Bali | N166: Kesehatan | O166: PKS Berakhir 11 April 2023
C168: 14. | D168: Perkumpulan Keluarga Berencana Indonesia (PKBI) Daerah Bali | G168: 10 | H168: 415.4/06/KB/BKS/2018 Tgl. 23 April 2018 | L168: Pelaksanaan Pendidikan Kesehatan Reproduksi dan Seksual Yang Komperhensif Pada Remaja SMP Kota Denpasar | N168: Kesehatan
C170: 15. | D170: STIKES Citra Husada Mandiri Kupang | I170: 10 | J170: 075/12/PKS/B.PEM/IV/2018 Tgl. 11 Mei 2018 | L170: Praktik Klinik Keperawatan Jiwa Mahasiswa STIKES Citra Husada Mandiri Kupang di RS. Jiwa Provinsi Bali | N170: Kesehatan | O170: KSB Berakhir 11 Mei 2023
C172: 16. | D172: PT. NIKKI PURI MEDIKA | G172: 11 | H172: 075/11/KB/B.PEM/V/2018 Tgl. 15 Mei 2018 | L172: Layanan Pemeriksaan Laboratorium | N172: Kesehatan | O172: KSB Berakhir 15 Agustus 2018
C174: 17. | D174: PT. NIKKI PURI MEDIKA | I174: 11 | J174: 075/14/PKS/B.PEM/V/2018 Tgl. 15 Mei 2018 | L174: Layanan Pemeriksaan Laboratorium | N174: Kesehatan | O174: KSB Berakhir 15 Mei 2023
C176: 18. | D176: Yayasan Senyum Bali | G176: 12 | H176: 075/12/KB/B.PEM/V/2018 Tgl. 15 Mei 2018 | L176: Pelaksanaan Operasi Deformitas Pada Wajah | N176: Kesehatan | O176: KSB Berakhir 15 Agustus 2018
C178: 19. | D178: Yayasan Senyum Bali | I178: 13 | J178: 075/15/PKS/B.PEM/V/2018 Tgl. 15 Mei 2018 | L178: Pelaksanaan Operasi Deformitas Pada Wajah | N178: Kesehatan | O178: KSB Berakhir 15 Mei 2023
C180: 20. | D180: Universitas Marwadewa | G180: 13 | H180: 415.4/11/KB/BKS/2018 Tgl. 02 Juli 2018 | L180: Implementasi Tri Dharma Perguruan Tinggi | N180: Pendidikan
E182: 1. | F182: Universitas Udayana | I182: 14 | J182: 075/03/PKS/B.PEM/II/2018 Tgl. 06 Februari 2018 | L182: Pelaksanaan Tri Dharma Perguruan Tinggi di Provinsi Bali | N182: Pendidikan | O182: PKS Berakhir 06 Februari 2023
E184: 2. | F184: Kementerian Perencanaan Pembangunan Nasional/Badan Perencanaan Pembangunan Nasional, Kementerian Pendidikan dan Kebudayaan dan Kementerian Perindustrian | G184: 14 | H184: 415.4/01/KB/BKS/2018 Tgl. 08 Februari 2018 | L184: Proyek Percontohan Pusat Pengembangan Keahlian (Skill Development centre) Kota Denpasar
E186: 3. | F186: Kantor Wilayah Direktorat Jenderal Pajak Bali, Kantor Wilayah Kementerian Hukum dan HAM Bali, Kepolisian Resor Kota Denpasar, Kantor Pertanahan Kota Denpasar, PT. BPD Bali, PT. BRI, Persero Tbk Kantor Cabang Denpasar, BPJS Kesehatan Cabang Denpasar, BPJS Ketenagakerjaan Cabang Bali Denpasar, PT. PLN (Persero) Distribusi Bali Area Bali Selatan, PDAM Kota Denpasar | G186: 15 | H186: 415.4/02/KB/BKS/2018 Tgl. 12 Februari 2018 | L186: Penyelenggaraan Mal Pelayanan Publik di Kota Denpasar
E188: 4. | F188: STTD | G188: 16 | H188: 075/05/KB/B.PEM/III/2018 Tgl. 06 Maret 2018 | L188: Penyelenggaraan Tri Dharma Perguruan Tinggi STTD di Provinsi Bali | N188: Trannsportasi Darat | O188: KSB Berakhir 06 Maret 2019
E190: 5. | F190: STTD | G190: 17 | H190: 075/07/PKS/B.PEM/III/2018 Tgl. 06 Maret 2018 | L190: Pemenuhan Kebutuhan SDM di Bidang Perhubungan Darat | N190: Trannsportasi Darat | O190: PKS Berakhir 06 Maret 2023
E192: 6. | F192: Kanwil DJP Provinsi Bali | I192: 15 | J192: 075/08/PKS/B.PEM/III/2018 Tgl. 26 Maret 2018 | L192: Penggunaan Sistem Informasi Kredit Program (SIKP)
E194: 7. | F194: Politeknik Kesehatan Kementerian Kesehatan Mataram | G194: 18 | H194: 075/07/KB/B.PEM/IV/2018 Tgl. 11 April 2018 | L194: Praktik Klinik Keperawatan Mahasiswa STIKES Wira Medika Bali | O194: KSB Berakhir 11 April 2019
E196: 8. | F196: Politeknik Kesehatan Kementerian Kesehatan Mataram | I196: 16 | J196: 075/10/PKS/B.PEM/IV/2018 Tgl. 11 April 2018 | L196: Praktik Klinik Keperawatan Mahasiswa Politeknik Kesehatan Kemenkes Mataram di RS. Jiwa Provinsi Bali | O196: PKS Berakhir 11 April 2023
...

Sheet Prov NTB
A1: DATA KERJA SAMA DAERAH
A2: KOTA MATARAM
A4: KSDD | C4: KSDPK | E4: SINERGI | H4: NOMOR / TANGGAL | K4: RUANG LINGKUP | M4: URUSAN YANG DIKERJASAMAKAN | O4: KETERANGAN
G5: Kesepakatan | I5: Perjanjian
A7: 1. | B7: Pemerintah Provinsi NTB, Kabupaten Lombok Barat, Kota Mataram | I7: 1 | J7: 658.1/960/DLH-1/2018 Tgl. 02 Januari 2018 | L7: Kerjasama Antar Daerah | O7: Berkahir Pada 02 Januari 2023
A9: 2. | B9: Kabupaten Mataram dan Kota Mataram | I9: 2 | J9: 03/PKS-MTR/IV/2018 April 2018
A11: 3. | B11: Pemerintah Kota Mataram dengan Pemerintah Kabupaen Pohuwoto | I11: 3 | J11: 100/PEM-PHWT/23/X/2018 Tgl. 17 Oktober 2018 | L11: Pelaksanaan Pembangunan, Fasilitas Perpindahan dan Penempatan serta Pengembambangan Satuan Pemukiman Sandalan di Kawasan Transmigrasi Taluditi | N11: Pembangunan dan Pengembangan Wilayah Transmigrasi
C13: 1. | D13: RSUD Kota Mataram Dengan PT. PP (Persero) | I13: 4 | J13: 445/012/RSUD/2018 Tgl. 02 Januari 2018 | L13: Pelayanan Kesehatan Karyawan | N13: Kesehatan
C15: 2. | D15: drg. Ahmed Setia Bakti, Sp.BM | I15: 5 | J15: 445/022/RSUD/I/2018 Tgl. 03 Januari 2018 | L15: Bagi Hasil Pelaksanaan operasi Bedah Mulut dan Gusi pendanaan oleh Yayasan Smile Train | O15: Berakhir Pada 31 Desember 2018
C17: 3. | D17: DPMPTSP dengan PT. Pos Indonesia (Persero) | I17: 6 | J17: 555/42_a/DPMPTSP/II/2018 Tgl. 02 Februari 2018 | L17: Pengiriman Dokumen Dan Barang | N17: Jasa
C19: 4. | D19: PT. POS Indonesia (Persero) | I19: 7 | J19: 555/42.a/DPMPTSP/II/2018 Tgl. 09 Februari 2018 | L19: Pengiriman dokuman dan Barang | O19: Berakhir Pada 08 Februari 2020
C21: 5. | D21: PT. Bank BTN | I21: 8 | J21: 900/153/BKD/II/2018 Tgl. 12 Februari 2018 | L21: Pelaksanaan pembayaran Gaji, Honor, dan Belanja lainnya melalui jasa payroll package (JPP) | O21: Berakhir Pada 12 Februari 2020
C23: 6. | D23: PT. Bank BTN | I23: 9 | J23: 900/158/BKD/II/2018 Tgl. 12 Februari 2018 | L23: Implemetasi aplikasi dan pelayanan cash manajement corporate (CMS Corporate) | O23: Berakhir Pada 12 Februari 2020
C25: 7. | D25: Badan Keuangan Daerah Kota Mataram Dengan PT. Bank NTB Cabang Utama Pejanggik | I25: 10 | J25: 900/153/BKD/II/2018 Tgl. 12 Februari 2018 | L25: Pelaksanaan Pembayaran Gaji, Honor dan Belanja Lainnya Melalui Layanan Jasa Payroll Package (JPP) PT. Bank NTB | N25: Keuangan
C27: 8. | D27: Badan Keuangan Daerah Kota Mataram Dengan PT. Bank NTB Cabang Utama | I27: 11 | J27: 900/158/BKD/II/2018 Tgl. 12 Februari 2018 | L27: Implementasi Aplikasi dan Layanan Cash Management Corporate (CMS Corporate) PT. Bank NTB | N27: Teknologi Informasi
C29: 9. | D29: Yayasan Plan Internasional | G29: 1 | H29: 443.52/24.04/219.sp/Bpd-Kt/III/2018 Tgl. 12 Maret 2018 | L29: Pelaksanaan sanitasi total berbasis masyarakat (STBM) project winner (women and Disability inclusive washand Nutrition) Dukungan yayasan plan internasional dan kelompok kerja ampl | O29: 5 Tahun
C31: 10. | D31: Yayasan Danamon Peduli | G31: 2 | H31: 510/487/DAG/IV/2018 Tgl. 05 April 2018 | L31: Penerapan SNI Pasar Rakyat dalam program pasar sejahtera di Pasar dasan agung | O31: 1 Tahun
C33: 11. | D33: PT. BNI (Persero) | I33: 12 | J33: 444/1200.1/RSUD/IV/2018 Tgl. 23 April 2018 | L33: Program Financial Supply Chain Management
C35: 12. | D35: Pemerintah Daerah Kota Mataram dengan PT. Taspen Asuransi Jiwa Taspen | I35: 13 | J35: 04/Pks-Mtr/V/2018 Tgl. 07 Juni 2018 | L35: Penyeleggaraan ProduK Asuransi Kumpulan Taspen Save Untuk ASN | N35: Asuransi
C37: 13. | D37: DPPKB dengan RS Universitas Mataram | I37: 14 | J37: 067/815/DPPKB/IX/2018 Tgl. 03 Agustus 2018 | L37: Pelayanan VK bersalin dan Poli KIA/KB | N37: Kesehatan
C39: 14. | D39: DPPKB dengan Koran Harian Suara NTB | I39: 15 | J39: 067/815/DPPKB/IX/2018 Tgl. 03 Agustus 2018 | L39: Pemasangan Liputan Program DPPKB Kota Mataram | N39: Publikasi
C41: 15. | D41: DPKKB dengan PT. Radio Rinjani Permai | I41: 16 | J41: 067/815/DPPKB/IX/2018 Tgl. 03 Agustus 2018 | L41: Pemasangan Liputan Program DPPKB Kota Mataram | N41: Publikasi
C43: 16. | D43: DPPKB dengan PT. Radio Swara Lombok | I43: 17 | J43: 067/815/DPPKB/IX/2018 Tgl. 03 Agustus 2018 | L43: Pemasangan Liputan Program DPPKB Kota Mataram | N43: Publikasi
C45: 17. | D45: Yayasan Plan Internasional Indonesia | G45: 3 | H45: 443.52/24.04/219.SP/Bpd-kt/III/2018 Tgl. 12 Maret 2018 | L45: Pelaksanaan Sanitasi Berbasis Masyarakat (STBM) Project Winner (Women And Disability Inclusive Wash And Nutrition) Dukungan Yayasan Plan Internasional Dan Kelompok Kerja AMPL | N45: Pembangunan
C47: 18. | D47: Dinas Perdaganagan Kota Mataram dengan Yayasan Danamon Peduli | I47: 18 | J47: Perjanjian | L47: Penerapan Standar Nasional Indonesia Pasar Rakyat Dalam Program Pasar Sejahtera di Pasar Dasan Agung | N47: Pembangunan Infrastruktur
E49: 1. | F49: Pengadilan Agama Kelas 1 A | G49: 4 | H49: 472.21/01/Dukcapil/III/2018 Tgl. 19 Maret 2018 | L49: Penetapan pengesahan perkawinan (Isbat Nikah) Terpadu secara Kolektif tahun 2018
E51: 2. | F51: Pemerintah Kota Mataram Dengan Dirjen Aplikasi Informatika Kementerian Komunikasi dan Infromatika | G51: 5 | H51: 120.23/1745/DISKOMINFO/V/2018 | L51: Implementasi gerakan menuju 100 Smart City | N51: Teknologi Informasi
E53: 3. | F53: Pemerintah Kota Mataram Dengan Dirjen Aplikasi Informatika Kementerian Komunikasi dan Infromatika | I53: 19 | J53: 120.23/1745/DISKOMINFO/V/2018 Tgl. 18 Mei 2018 | L53: Bimbingan Teknis Penyusunan Master Plan Smart City, Pertukaran data dengan FOSS | N53: Teknologi Indformasi
E55: 4. | F55: Balai Sertifikasi Elektronik Badan Siber dan Sandi Negara | I55: 20 | J55: ...../PKS-MTR/..../2018 | L55: Pemanfaatan Sertifikat Elektronik | N55: Teknologi Informasi
E57: 5. | F57: Kejaksaan Negeri Mataram dan Kepolisian Resor Mataram | I57: 21 | J57: 09/NPK-MTR/XI/2018 Tgl. 08 November 2018 | L57: Koordinasi Aparat Pengawas Internal Pemerintah (APIP) Dengan Aparat Penegak Hukum (APH) dalam Penanganan Laporan atau Pengaduan Masyarakat yang Berindikasi Tindak Pidana Korupsi | N57: Hukum
B59: 3 | D59: 18 | F59: 5 | H59: 5 | J59: 21
A61: DATA KERJA SAMA DAERAH
A62: KABUPATEN LOMBOK BARAT
A64: KSDD | C64: KSDPK | E64: SINERGI | H64: NOMOR / TANGGAL | K64: RUANG LINGKUP | M64: URUSAN YANG DIKERJASAMAKAN | O64: KETERANGAN
H65: Kesepakatan | J65: Perjanjian
A67: 1. | B67: Pemerintah Kabupaten Bogor | I67: 1 | J67: 119/52/KB/KS/III/2018 Tgl. 14 Maret 2018 | L67: Kerjasama antar peningkatan kualitas pembangunan, pemerintahan, pembangunan dan perekonomian | O67: 1 Tahun
C69: 1. | D69: BPJS Kesehatan | I69: 2 | J69: 900/281/DIKES/2018 Tgl. 19 Maret 2018 | L69: Pemberian Sharing Dana Kepada Badan Kerjasama Penyelenggara Jaminan Kesehatan Masyarakat | N69: Kesehatan | O69: 1 Tahun
C71: 2. | D71: Jaringan Masyarakat Sipil | I71: 3 | J71: No. 04 Tahun 2018 | L71: Penerapan dan Pengembangan Aplikasi Desa | N71: Teknologi Informasi | O71: 3 Tahun
E73: 1. | F73: Kementerian Desa Pembangunan Daerah Tertinggal dan Transmigrasi | I73: 4 | J73: 13.6/M-DPDTT/PKS/I/2018 Tgl. 22 Januari 2018 | L73: Urusan Bersama UNT Penanggulangan Kemiskinan pada program pembangunan dan pemberdayaan masyarakat desa, kegiatan peningkatan pelayanan sosial dasar | O73: 1 Tahun
E75: 2. | F75: TNI Angkatan Laut | I75: 5 | J75: No. 5 Tahun 2018 | L75: Pelaksanaan Kegiatan Multilateral Naval Exercise Komodo 2018 | O75: 6 Bulan
E77: 3. | F77: Kemeterian PUPR | I77: 6 | J77: 258/PKS/CL/2018 Tgl. 18 Juli 2018 | L77: Pengelolaan Infrastruktur Sanitasi Berbasis Masyarakat (SANIMAS) di Kab. Lombok Barat | O77: 3 Tahun
B79: 1 | D79: 2 | F79: 3 | J79: 6
A82: DATA KERJA SAMA DAERAH
A84: PEMERINTAH KABUPATEN DOMPU
A86: KSDD | C86: KSDPK | E86: SINERGI | H86: NOMOR / TANGGAL | K86: RUANG LINGKUP | M86: URUSAN YANG DIKERJASAMAKAN | O86: KETERANGAN
G87: Kesepakatan | I87: Perjanjian
C89: 1 | D89: Ikatan Bidan Indonesia | G89: 1 | H89: 500/85/KSD/2018 | L89: Pelayanan Penertiban Akta Kelahiran Untuk Anak yang Lahir dirumah Sakit Umum Daerah Maupun di Puskesmas atau Bidan di Kabupaten Dompu | N89: Kesehatan | O89: SKPD yang Bertanggung Jawab Dukcapil
C91: 2 | D91: PT. Bank NTB | G91: 2 | H91: 500/17/KSD/2018 | L91: Pelaksanaan Transaksi Non Tunai Dengan Pemerintah Kabupaten Dompu Melalui Penggunaan Produk Layanan PT. Bank NTB | N91: Perbankan
C93: 3 | D93: Universitas Muhammadiyah | G93: 3 | H93: 500/50/KSD/2018 | N93: Pendidikan
C95: 4 | D95: Perusahaan Daerah Air Minum (PDAM) | G95: 4 | H95: 500/35/KSD/2018 | L95: Meningkatkan Kinerja, Kemampuan Manajerial dan Sarana Prasarana PDAM Kabupaten Dompu | N95: Penyertaan Modal
E97: 1 | F97: Kepolisian Resort Dompu | G97: 5 | H97: 500/97/KSD/2018 | L97: Koordinasi Aparat Pengawas Internal Pemerintah (APIP) dengan Aparat Penegak Hukum dalam Penanganan Laporan atau Pengaduan Masyarakat yang Berindikasi Tindak Pidana Korupsi Pada Penyelenggaraan Pemerintahan Dompu | N97: Pengawasan
E99: 2 | F99: Balai Pengelolaan Daerah Aliran Sungai dan Hutan Lindng Dodokan Moyosari | G99: 6 | H99: 500/51/KSD/2018 | L99: Pengelolaan Persemaian Semi Permanen | N99: Pertanian
E101: 3 | F101: Pusat Kajian dan Pendidikan dan Pelathan Aparatur Lembaga Adminstrasi Negara | G101: 7 | H101: 500/67/KSD/2018 | L101: Program Prioritas Nasional LOCUS Laboratorium Inovasi Daerah | N101: Pendidikan
E103: 4 | F103: Kementerian Desa Pembangunan Desa Tertinggaldan Transmigrasi | G103: 8 | H103: 500/88/KSD/2018 | L103: Kemitraan Produk Unggulan Kawasan Pedesaan di Kabupaten Dompu
E105: 5 | F105: Menteri Desa, Pembangunan Daerah Tertinggal, dan Transmigrasi Republik Indonesia | G105: 9 | H105: 900/03/DPMPD | L105: Penanggulangan Kemiskinan Pada Program Pembangunan dan Pemberdayaan Masyarakat Desa Kegiatan Peningkatan Pelayanan Sosial Dasar Melalui Program Generasi Sehat dan Cerdas | N105: Kemiskinan
E107: 6 | F107: KUPTKB KEC. SE-KAB. DOMPU | G107: 10 | H107: Kesepakatan | L107: Meningkatkan Pemahaman/Kesadaran Masyarakat Terhadap Keberhasilan Program BKKBN dalam Rangka Pengendalian Kependudukan | N107: Penyuluhan
E109: 7 | F109: BPMPD, DESA SE-KAB. DOMPU | G109: 11 | H109: Kesepakatan | L109: Meningkatkan Peserta KB Baru, Pembangunan Desa dan Kesejahteraan Masyarakat | N109: Kampung KB
E111: 8 | F111: KUPTKB KEC. SE-KAB. DOMPU | G111: 12 | H111: Kesepakatan | L111: Meningkkatkan Peserta KB Baru, Pembangunan Desa dan Kesejahteraan Masyarakat | N111: Penggerakan/Pemasangan PUS Baru
D113: 4 | F113: 8 | H113: 12

Sheet Prov NTT
A1: DATA KERJA SAMA DAERAH
A2: KABUPATEN KUPANG
A4: KSDD | C4: KSDPK | E4: SINERGI | G4: NOMOR / TANGGAL | K4: RUANG LINGKUP | L4: URUSAN YANG DIKERJASAMAKAN | M4: KETERANGAN
G5: Kesepakatan | I5: Perjanjian
A7: 1. | B7: Pemerintah Kota Kupang dengan Kabupaten Kupang | G7: 1 | H7: 13/BAG.KS-MOU/PEMKOT/2018 Tgl. 24 Agustus 2018 | K7: Penyelanggaraan Tera, Tera Ulang dan Pengawasan Metrologi Legal
C8: 1. | D8: Sinode GMIT | I8: 1 | J8: 23/GMIT/I/E/Jan/2018 Tgl. 17 Januari 2018 | K8: Pelayanan Kerohanian dan Pengembangan Spiritual pada RSUD Naibonat
C10: 2. | D10: Pemerintah Kabupaten Kupang dengan PT. Asuransi Jiwa Taspen | G10: 2 | H10: MOU.023/TL/102018 Tgl. 16 Oktober 2018 | K10: Fasilitasi Produk Asuransi Taspen Save Bagi PNS Kabupaten Kupang | L10: Asuransi
E12: 1. | F12: Balai Besar Pengembangan Mekanisme Pertanian Badan Penelitian dan Pengembangan Pertanian Kementerian Pertanian RI | I12: 2 | J12: B-2166/HK.230/H-9/03/2018 Tgl. 19 Maret 2018 | K12: Mekanisme Teknologi Pertanian di Kabupaten Kupang | L12: Pertanian
E14: 2. | F14: Politeknik Negeri Kupang | I14: 3 | J14: 1283/PL23/DN/2018 Tgl. 16 Oktober 2018 | K14: Fasilitasi CAT dalam Pelaksanaan Seleksi CPNSD
E16: 3. | F16: Kejaksaan Oelamasi dan Kepolisian Resort Kupang | I16: 4 | J16: B-1269/P.3.25/CS.1/10/2018 B/1514/X/2018 Tgl. 23 Oktober 2018
B18: 1 | D18: 2 | F18: 3 | H18: 2 | J18: 4
A20: DATA KERJA SAMA DAERAH
A21: KOTA KUPANG
A23: KSDD | C23: KSDPK | E23: SINERGI | H23: NOMOR / TANGGAL | K23: RUANG LINGKUP | L23: URUSAN YANG DIKERJASMAKAN | M23: KETERANGAN
H24: Kesepakatan | J24: Perjanjian
A26: 1. | B26: Pemerintah Kabupaten Ngada | G26: 1 | H26: 07/BAG.KS-MOU/PEMKOT/2018 Tgl. 24 Agustus 2018 | K26: Penyelenggaraan Pelayanan Tera, Tera Ulang dan Pengawasan Metrologi Ulang | L26: Perdagangan | M26: Berakhir Pada 24 Agustus 2019
A28: 2. | B28: Pemerintah Kabupaten Sabu Raijua | G28: 2 | H28: 09/BAG.KS-MOU/PEMKOT/2018 Tgl. 24 Agustus 2018 | K28: Penyelenggaraan Pelayanan Tera, Tera Ulang dan Pengawasan Metrologi Ulang | L28: Perdagangan | M28: Berakhir Pada 24 Agustus 2019
A30: 3. | B30: Pemerintah Kabupaten Lembata | G30: 3 | H30: 11/BAG.KS-MOU/PEMKOT/2018 Tgl. 24 Agustus 2018 | K30: Penyelenggaraan Pelayanan Tera, Tera Ulang dan Pengawasan Metrologi Ulang | L30: Perdagangan | M30: Berakhir Pada 24 Agustus 2019
A32: 4. | B32: Pemerintah Kabupaten Sumba Timur | G32: 4 | H32: 12/BAG.KS-MOU/PEMKOT/2018 Tgl. 24 Agustus 2018 | K32: Penyelenggaraan Pelayanan Tera, Tera Ulang dan Pengawasan Metrologi Ulang | L32: Perdagangan | M32: Berakhir Pada 24 Agustus 2019
A34: 5. | B34: Pemerntah Kabupaten Kupang | G34: 5 | H34: 13/BAG.KS-MOU/PEMKOT/2018 Tgl. 24 Agustus 2018 | K34: Penyelenggaraan Pelayanan Tera, Tera Ulang dan Pengawasan Metrologi Ulang | L34: Perdagangan | M34: Berakhir Pada 24 Agustus 2019
C36: 1. | D36: UD Jaya Mandiri | I36: 1 | J36: RSUD.SKL.067/01/I/2018 Tgl. 03 Januari 2018 | K36: Pencucian Linen (laundry) | M36: Berakhir pada 31 Desember 2018
C38: 2. | D38: PT. Asernet Global Solusi | I38: 2 | J38: 07/BAG.KS.Pemkot/2018 Tgl. 03 Januari 2018 | K38: Layanan Jasa Internet Untuk LPSE dan ULP Kota Kupang Tahun 2018 | L38: Teknologi Infomasi | M38: Berakhir pada 30 April 2018
C40: 3. | D40: PT Taspen (Persero) | I40: 3 | J40: RSUD.SKL.007/04.a/I/2018 dan JAN-07/DIR/2018 Tgl. 04 Januari 2018 | K40: Perawatan Peserta Jaminan Kecelakaan Kerja PT Taspen | M40: Berakhir Pada 31 Desember 2020
C42: 4. | D42: RSUD Prof. Dr. W. Z Johanes Kupang | I42: 4 | J42: RSUD.SKL.007/40/I/2018 dan 13 Tahun 2018 Tgl. 04 Januari 2018 | K42: Pelayanan Laboratorium Patologi Anatomi | L42: Kesehatan | M42: Berakhir Pada 31 Desember 2018
C44: 5. | D44: LPP RRI Kupang | I44: 5 | J44: 003/KOMINFO/480/I/2018 Tgl. 04 Januari 2018 | K44: Penyerapan Informasi Pembangunan Kota Kupang Melalui Media TVRI | L44: Publikasi | M44: Berakhir pada 31 Desember 2018
C46: 6. | D46: LPP TVRI | I46: 6 | J46: 002/KOMINFO/480/I/2018 Tgl. 08 Januari 2018 | K46: Peliputan Berbagai Kegiatan Pemerintah Kota Kupang | L46: Publikasi | M46: Berakhir pada 31 Desember 2018
C48: 7. | D48: Victory News | I48: 7 | J48: 004/KOMINFO/480/I/2018 Tgl. 08 Januari 2018 | K48: Penyajian Khusus Ringkasan Laporan Penyelenggaraan Pemerintah Daerah dan Laporan Penyelenggaraan pemerintah daerah | L48: Publikasi | M48: Berakhir pada 31 Desember 2018
C50: 8. | D50: Pos Kupang | I50: 8 | J50: 005/KOMINFO/480/I/2018 Tgl. 08 Januari 2018 | K50: Penyajian Khusus Ringkasan Laporan Penyelenggaraan Pemerintah Daerah dan Laporan Penyelenggaraan pemerintah daerah | L50: Publikasi | M50: Berakhir pada 31 Desember 2018
C52: 9. | D52: Media Online Sergap NTT | I52: 9 | J52: 006/KOMINFO/480/I/2018 Tgl. 08 Januari 2018 | K52: Pengembangan Portal Berita Melalui Website Pemerintah Kota Kupang | L52: Teknologi Informasi | M52: Berakhir pada 31 Desember 2018
C54: 10. | D54: Media Online Metro News | I54: 10 | J54: 008/KOMINFO/480/I/2018 Tgl. 08 Januari 2018 | K54: Pengembangan Portal Berita Melalui Website Pemerintah Kota Kupang | L54: Teknologi Informasi | M54: Berakhir pada 31 Desember 2018
C56: 11. | D56: Media Expo NTT.com | I56: 11 | J56: 009/KOMINFO/480/I/2018 Tgl. 08 Januari 2018 | K56: Pengembangan Portal Berita Melalui Website Pemerintah Kota Kupang | L56: Teknologi Informasi | M56: Berakhir pada 31 Desember 2018
C58: 12. | D58: Ayana News | I58: 12 | J58: 009/KOMINFO/480/I/2018 Tgl. 08 Januari 2018 | K58: Pengembangan Portal Berita Melalui Website Pemerintah Kota Kupang | L58: Teknologi Informasi | M58: Berakhir pada 31 Desember 2018
C60: 13. | D60: Seputar NTT | I60: 13 | J60: 010/KOMINFO/480/I/2018 Tgl. 08 Januari 2018 | K60: Pengembangan Portal Berita Melalui Website Pemerintah Kota Kupang | L60: Teknologi Informasi | M60: Berakhir pada 31 Desember 2018
C62: 14. | D62: Zona Linenews.com | I62: 14 | J62: 11/KOMINFO/480/I/2018 Tgl. 08 Januari 2018 | K62: Pengembangan Portal Berita Melalui Website Pemerintah Kota Kupang | L62: Teknologi Informasi | M62: Berakhir pada 31 Desember 2018
C64: 15. | D64: NTT Online | I64: 15 | J64: 012/KOMINFO/480/I/2018 Tgl. 08 Januari 2018 | K64: Pengembangan Portal Berita Melalui Website Pemerintah Kota Kupang | L64: Teknologi Informasi | M64: Berakhir pada 31 Desember 2018
... C70: 18. | D70: PT. Radio Triblok | I70: 18 | J70: 016/KOMINFO/480/I/2018 Tgl. 08 Januari 2018 | K70: Peliputan Berbagai Kegiatan Pemerintah Kota Kupang | L70: Publikasi | M70: Berakhir pada 31 Desember 2018
C72: 19. | D72: PT. Radio Gema Inti Suara Kasih | I72: 19 | J72: 017/KOMINFO/480/I/2018 Tgl. 08 Januari 2018 | K72: Peliputan Berbagai Kegiatan Pemerintah Kota Kupang | L72: Publikasi
C74: 20. | D74: AFB TV | I74: 20 | J74: 019/KOMINFO/480/I/2018 Tgl. 08 Januari 2018 | K74: Peliputan Berbagai Kegiatan Pemerintah Kota Kupang | L74: Publikasi | M74: Berakhir pada 31 Desember 2018
C76: 21. | D76: Kompas TV | I76: 21 | J76: 020/KOMINFO/480/I/2018 Tgl. 08 Januari 2018 | K76: Peliputan Berbagai Kegiatan Pemerintah Kota Kupang | L76: Publikasi | M76: Berakhir pada 31 Desember 2018
C78: 22. | D78: Dokter Spesialis Radiologi | I78: 22 | J78: RSUD.SKL.007/31/I/2018 Tgl. 15 Januari 2018 | K78: Pendampingan dan pelayanan Dokter Spesialis | L78: Kesehatan | M78: Berakhir Pada 31 Desember 2018
C80: 23. | D80: LPPM Universitas Krisnadwipayana | I80: 23 | J80: Setwan.175/21.a/KK/2018 Tgl. 12 Februari 2018 | K80: Penyelenggaraan Bimbingan Teknis Pimpinan dan anggota DPRD Kota Kupang | M80: Berakhir Pada 31 Desember 2018
C82: 24. | D82: The International Organization For Migration (IOM) | I82: 24 | J82: IDN/MEDI/AP0099/2018 Tgl. 19 Maret 2018 | K82: Penyediaan layanan medis untuk penerima manfaat IOM di Kupang | L82: Kesehatan | M82: Berakhir pada 19 Maret 2019
C84: 25. | D84: RSU Siloam Kupang | I84: 25 | J84: Setwan.175/34/KK/2018 Tgl. 03 April 2018 | K84: Pemeriksaan Kesehatan/Medical Check Up Eksekutif anggota DPRD Kupang | L84: berakhir pada 31 Desember 2018
C86: 26. | D86: BPJS Ketenagakerjaan | I86: 26 | J86: 01/BAG.KS-PKS/PEMKOT/2018 Tgl. 09 April 2018 | K86: Perlindungan Jaminan Sosial Bagi Pegawai Pemerintah dengan Perjanjian Kerja (Pegawai Tidak Tetap) | M86: Berakhir pada 09 April 2020
C88: 27. | D88: PT. Dinar Mutiara Sakti | I88: 27 | J88: RSUD.SKL.007/249/IV/2018 Tgl. 17 April 2018 | K88: Pengadaan Jasa Outsourching Cleaning Service | M88: Berakhir Pada 17 Juli 2018
C90: 28. | D90: PT. Arsenet Global Solusi | I90: 28 | J90: 08/BAG.KS-Pemkot/2018 Tgl. 26 Juni 2018 | K90: Jasa Penitipan Server dan Maintanance | L90: Teknologi Informasi | M90: Berakhir Pada 30 April 2018
C92: 29. | D92: PT. BANK BPD NTT | G92: 6 | H92: 08/BAG.KS-PKS/PEMKOT/2018 Tgl. 30 Agustus 2018 | K92: Penyaluran Bantuan Sosial Pangan Non Tunai kepada Masyarakat | L92: Bantuan sosial | M92: Berakhir pada 05 Agustus 2019
C94: 30. | D94: Institut Hak Asasi Perempuan (IHAP) | G94: 7 | H94: 14/BAG.KS-PKS/PEMKOT/2018 Tgl. 30 Agustus 2018 | K94: Program Get Up Speak Out (GUSO) - Penguatan Layanan Hak Kesehatan Seksual dan Reproduksi (HKSR) Komperensif bagi Remaja Lintas Kelompok dalam Upaya pemenuhan Hak Kesehatan Seksual dan Reproduksi Remaja Kota Kupang | L94: Kesehatan | M94: Berakhir pada 30 Agustus 2019
C95: 31. | D95: PT. PLN (persero) Wilayah NTT | I95: 29 | J95: 0007/AGA.00.01/W.NTT/2018 dan RSUDSKL.015/793/IX/2018 Tgl. 04 September 2018 | K95: Penyediaan Tenaga Listrik Layanan Premium Gold | L95: Kelistrikan | M95: Berakhir pada 04 Maret 2019
E97: 1. | F97: Badan Ekonomi Kreatif | I97: 30 | J97: 04/BAGKS.MOU/PEMKOT/2018 Tgl. 26 Maret 2018 | K97: Pengembangan Ekonomi Kreatif Di Kota Kupang | L97: Ekonomi | M97: Berakhir pada 26 Maret 2019
E99: 2. | F99: Kemeterian Hukum dan HAM Provinsi NTT | G99: 8 | H99: 05/BAG.KS-MOU/PEMKOT/2018 Tgl. 06 April 2018 | K99: Mewujudkan Pemajuan terhadap kekayaan intelektual komunal dalam rangka pelestarian yang meliputi perlindungan, pengembangan dan pemanfaatan serta pembinaan kekayaan intelektual komunal untuk pembangunan nasional | L99: Perlindungan Kekayaan Intelektual komunal | M99: Berakhir Pada 06 April 2019
E101: 3. | F101: Kemeterian Hukum dan HAM Provinsi NTT | G101: 9 | H101: 06/BAG.KS-MOU/PEMKOT/2018 Tgl. 06 April 2018 | K101: Pembentukan Peraturan Daerah sesuai peraturan perundang undangan yang berlaku | L101: Regulasi | M101: Berakhir Pada 06 April 2020
B103: 5 | D103: 31 | F103: 3 | H103: 9 | J103: 30
A107: DATA KERJA SAMA DAERAH
A108: KABUPATEN
A110: KSDD | C110: KSDPK | E110: K/L | H110: NOMOR / TANGGAL | K110: RUANG LINGKUP | M110: KETERANGAN
H111: Kesepakatan | J111: Perjanjian
A113: 1.

Sheet Prov Kalbar
A1: DATA KERJA SAMA DAERAH
A2: PROVINSI KALIMANTAN BARAT
A4: KSDD | C4: KSDPK | E4: SINERGI | H4: NOMOR / TANGGAL | K4: RUANG LINGKUP | L4: URUSAN YANG DIKERJASAMAKAN | M4: KETERANGAN
H5: Kesepakatan | J5: Perjanjian
A7: 1. | B7: Provinsi Kalimantan Timur | G7: 1 | H7: Kesepakatan Tgl. 11 April 2018 | K7: Perdagangan Komoditi Mineral dan Batu Bara | L7: Perdagangan
A9: 2. | B9: Provinsi Kepulauan Riau | G9: 2 | H9: Kesepakatan Tgl. 25 April 2018 | K9: Kelautan dan Perikanan
A11: 3. | B11: Provinsi Jawa Tengah | I11: 1 | J11: Penangkapan Ikan Andon | K11: Penangkapan Ikan Andon | L11: Perikanan | M11: 3 Tahun
A13: 4. | B13: Provinsi Jawa Barat | G13: 3 | H13: Kesepakatan Tgl. 29 Desember 2018 | K13: Sektor Kelautan dan Perikanan | M13: 1 Tahun
C15: 1. | D15: Universitas Muhammadiyah Pontianak | G15: 4 | H15: Kesepakatan Tgl. 20 Februari 2018 | K15: Penelitian, Pengabdian dan PKL | L15: Pendidikan
C17: 2. | D17: BPJS Kesehatan | G17: 5 | H17: Kesepakatan Tgl. 07 Mei 2018 | K17: Optimalisai Program Jaminan Kesehatan Nasional Bagi Penduduk yang didaftarkan oleh Pemerintah Daerah Provinsi Kalimantan Barat | L17: Kesehatan
C19: 3. | D19: PT. BPD Kalbar | I19: 2 | J19: Kerjasama Tgl. 16 Juli 2018 | K19: Implementasi Transaksi Non Tunai dalam Penerimaan dan Pengeluaran Daerah di Lingkungan Pemerintah Daerah Kalimantan Barat | M19: Berakhir Pada 16 Juli 2023
E21: 1. | F21: Pengurus Besar Nahdatul Ulama | G21: 6 | H21: Kesepakatan Tgl. 26 Februari 2018 | K21: Peningkatan Kualitas Sumber Daya Manusia Di provinsi Kalbar
B23: 4 | D23: 3 | F23: 1 | H23: 6 | J23: 2
A25: DATA KERJA SAMA DAERAH
A26: KABUPATEN SANGGAU
A28: KSDD | C28: KSDPK | E28: SINERGI | G28: NOMOR / TANGGAL | K28: RUANG LINGKUP | L28: URUSAN YANG DIKERJASAMAKAN | M28: KETERANGAN
G29: Kesepakatan | I29: Perjanjian
C31: 1. | D31: BPJS Kesehatan Cabang Sintang | G31: 1 | H31: 415.4.43/4290/KESRA Tgl. 01 Januari 2018 | L31: Kepesertaan Program Jaminan Kesehatan Nasional bagi penduduk yang didaftarkan oleh Pemerintah Kabupaten Sanggau | O31: 1 Tahun
C33: 2. | D33: PT. PLN Persero Area Sanggau | I33: 1 | J33: 415.4.43/132/DPMPTSO-B/2018 Tgl. 22 Januari 2018 | K33: Meningkatkan Kehandalan dan Kontinuitas pasokan tenaga listrik | M33: Berakhir pada 31 Mei 2019
C35: 3. | D35: Koperasi Kredit CU Lantang Tipo | I35: 2 | J35: 415.4.42/1656/DPPK-E Tgl. 31 Mei 2018 | K35: Penyaluran CSR berupa gerobak Rumah Betang sebanyak 20 Unit untuk penataan PKL dengan program Sabang Merah | M35: Berakhir pada 31 Mei 2019
C36: 4. | D36: PT POS Indonesia (Persero) Sanggau | G36: 2 | H36: 460/484/DINSOSP3AKB Tgl. 12 Juli 2018 | L36: Penyaluran Dana/Bantuan Sosial untuk penyandang disabilitas Tahun 2018 Wilayah Kabupaten Sanggau Melalui Layanan Pengiriman Wesel Pos | O36: 1 Bulan
E38: 1. | F38: Kantor Pelayanan Pajak Pratama Sanggau | I38: 3 | J38: 415.4.43/093/BAPENDA Tgl. 16 Januari 2018 | K38: Meningkatkan penerimaan Negara di bidang perpajakan dan pendapatan daerah di wilayah Kabupaten Sanggau | L38: Keuangan | M38: Berakhir pada 16 Januari 2019
D40: 4 | F40: 1 | H40: 2 | J40: 4
A44: DATA KERJA SAMA DAERAH
A45: KABUPATEN KAYONG UTARA
A47: KSDD | C47: KSDPK | E47: SINERGI | G47: NOMOR / TANGGAL | K47: RUANG LINGKUP | L47: URUSAN YANG DIKERJASAMAKAN | M47: KETERANGAN
G48: Kesepakatan | I48: Perjanjian
C50: 1. | D50: PT. Bank Pembangunan Daerah Kalimantan Barat Cab. Sukadana | I50: 1 | J50: /PKS/KEUDA/ /2018
E52: 1. | F52: Menteri Desa, Pembangunan Daerah Tertinggal, dan Transmigrasi Republik Indonesia | I52: 2 | J52: /PKS/DIS-SP3APMD//2018 | K52: Urusan Bersama untuk Penanggulangan Kemiskinan pada Program Pembangunan dan Pemberdayaan Masyarakat Desa Kegiatan Peningkatan Pelayanan Sosial Dasar Melalui Program Generasi Sehat dan Cerdas | L52: Sosial | M52: Implementasi Transaksi Non Tunai Dalam Penerimaan dan Pengeluaran Daerah di Lingkungan Pemerintah Daerah Kabupaten Kayong Utara
E54: 2. | F54: Sekolah Tinggi Penyuluh Pertanian Magelang | I54: 3 | J54: Perjanjian 2018 | K54: Penyelenggaraan Pendidikan Mahasiswa Program Diploma IV Bidang Pertanian dan Peternakan | L54: Pendidikan
E56: 3. | F56: Politeknik Kesehatan Kementerian Kesehetan Jakarta II | I56: 4 | J56: Perjanjian 2018 | K56: Pelaksanaan Pemberian dan Pengelolaan Beasiswa Serta Penyelenggaraan Pendidikan mahasiswa Politeknik Kesehatan Kementerian Kesehetan Jakarta II | L56: Pendidikan
D58: 1 | F58: 3 | J58: 4
A61: DATA KERJA SAMA DAERAH
A62: KABUPATEN SAMBAS
A64: KSDD | C64: KSDPK | E64: SINERGI | G64: NOMOR / TANGGAL | K64: RUANG LINGKUP | L64: URUSAN YANG DIKERJASAMAKAN | M64: KETERANGAN
G65: Kesepakatan | I65: Perjanjian
A67: 1. | B67: Kota Surabaya | I67: 1 | J67: 181/78/DPMPTSP/2018 | K67: Kerjasama Lintas Perkotaan
C69: 1. | D69: Institut Agama Islam Sultan Muhammad Syafiudin Sambas | I69: 2 | J69: 180/4/SETDA-KESRA/2018 | K69: Bantuan Pendidikan Pada Program Strata 1 | L69: Pendidikan
C71: 2. | D71: Institut Agama Islam Sultan Muhammad Syafiudin Sambas | I71: 3 | J71: 180/5/SETDA-KESRA/2018 | K71: Bantuan Pendidikan Pada Program Magister | L71: Pendidikan
C73: 3. | D73: Institut Agama Islam Sultan Muhammad Syafiudin Sambas | I73: 4 | J73: 180/6/SETDA-KESRA/2018 | K73: Bantuan Pendidikan Pada Program Doktor | L73: Pendidikan
C75: 4. | D75: PT. BPD Kalbar | I75: 5 | J75: 180/8/SETDA-KESRA/2018 | K75: Pemanfaatan dan Pengembangan Aplikasi Cash Management System (CMS) Dalam Implementasi Transaksi Non Tunai | L75: Teknologi Informasi
E77: 1. | F77: Poliyeknik Negeri Sambas | I77: 6 | J77: 180/7/SETDA-KESRA/2018 | K77: Bantuan Pendidikan Pada Program Diploma III dan Diploma IV | L77: Pendidikan
E79: 2. | F79: Kementerian Agama RI | I79: 7 | J79: 181/114/KESRA-2018 | K79: Program Pendidikan Menengah Universal di Kabupaten Sambas | L79: Pendidikan
B81: 1 | D81: 4 | F81: 2 | J81: 7
A84: DATA KERJA SAMA DAERAH
B85: PEMERINTAH KABUPATEN MEMPAWAH
A87: KSDD | C87: KSDPK | E87: SINERGI | H87: NOMOR / TANGGAL | K87: RUANG LINGKUP | L87: URUSAN YANG DIKERJASAMAKAN | M87: KETERANGAN
G88: Kesepakatan | I88: Perjanjian
A90: 1. | B90: Pemerintah Kota Singkawang | G90: 1 | H90: 01/KB/2018 Tgl. 16 April 2018 | K90: Penyelenggaraan Urusan Pemerintah
B92: 1 | H92: 1

Sheet Prov Kaltara
A1: DATA KERJA SAMA DAERAH
A2: PEMERINTAH PROVINSI KALIMANTAN UTARA
A3: KSDD | C3: KSDPK | E3: SINERGI | H3: NOMOR / TANGGAL | K3: RUANG LINGKUP | L3: URUSAN YANG DIKERJASAMKAN | M3: KETERANGAN
H4: Kesepakatan | J4: Perjanjian
A6: 1 | B6: Disnakertrans Prov Kalimantan Utara Dengan Dinas Ketenagakerjaan dan Perindustrian Kota Tarakan | I6: 1 | J6: 560/287/DTKT/III/2018 Tgl. 27 Maret 2018 | K6: Pendidikan dan Pelatihan Keterampilan bagi Pencari kerja | L6: Pendidikan
A8: 2 | B8: Pemerintah DIY, Provinsi Kalimantan Utara, Kab. Sleman, Kota Yogyakarta, Kab. Bantul, Kab. Gunungkidul, Kab. Bulungan | G8: 1 | H8: 595/58.1/IX/2018 Tgl. 25 September 2018 | K8: Penyelenggaraan Transmigrasi Di Kawasan Salim Batu Satuan Permukiman Tanjung Buka SP. 6B Kabupaten Bulungan Penempatan Tahun 2019 | L8: Transmigrasi
C10: 1 | D10: BPJS Kesehatan Kalimantan Utara | I10: 2 | J10: 440/17/IV/2018 Tgl. 23 April 2018 | K10: Kepesertaan Program Jaminan Kesehatan Nasional Bagi Penduduk Yang Didaftarkan Oleh Pemerintah Provinsi Kalimantan Utara | L10: Kesehatan
C12: 2 | D12: PT. TASPEN Persero | I12: 3 | J12: 002/PKS/BPKAD/VIII/2018 Tgl. 07 September 2108 | K12: Implementasi Sistem Informasi Pengelolaan Gaji Pegawai Negeri Sipil Daerah dan Pelayanan Proaktif | L12: Teknologi Informasi
C14: 3 | D14: Bendahara Umum Daerah Kalimantan Utara dengan PT BPD Kalimantan Timur dan Kalimantan Utara | I14: 4 | J14: 003/PKS/BPKAD/IX/2018 Tgl. 10 September 2018 | K14: Pengelolaan Keuangan Daerah pada PT Bank Pembangunan Daerah Kalimantan Timur dan Kalimantan Utara Cabang Tanjung Selor | L14: Keuangan
C16: 4 | D16: PT. Bank Tabungan Pensiunan Nasional, Tbk | I16: 5 | J16: 842.1/81/X/2018 Tgl. 01 Oktober 2018 | K16: Pelatihan dan Pengembangan Kewirausahaan Serta Layanan Perbankan Kepda Pegawai Negeri Sipil Aktif Maupun yang Memasuki masa Pensiun di lingkungan Pemerintah Provinsi Kalimantan Utara | L16: Pendidikan dan pelatihan
C18: 5 | D18: PT. TASPEN Persero | I18: 6 | J18: 842.1/86/X/2018 Tgl. 10 Oktober 2018 | K18: Penyelenggaraan Produk Asuransi Kumpulan Taspen Save Untuk Aparatur Sipil Negara di Lingkungan Provinsi Kalimantan Utara | L18: Asuransi
C20: 6 | D20: Yayasan Putera Sampoerna | I20: 7 | J20: 420/5491/DISDIKBUD/KU/XI/2018 Tgl. 13 November 2018 | K20: Teacher Learning Center (Pusat Pembelajaran Guru) | L20: Pendidikan
E22: 1 | F22: Pemprov Kalimantan Utara Dengan BNN | I22: 8 | J22: 120.22/05/II/2018 Tgl. 20 Februari 2018 | K22: Pelaksanaan Percepatan Pengembangan dan Pembangunan Kapasitas Badan Narkotika Nasional Di Daerah
E24: 2 | F24: Dinas Pariwisata Provinsi Kalimantan Utara dengan Lembaga Penelitian Dan Pengabdian Kepada Masyarakat Universitas Borneo Tarakan | I24: 9 | J24: 027.1/03/SPJKerjasama/DISPAR/IV/2018 Tgl. 19 April 2018 | K24: Penyusunan Naskah Akademik Dan Rancangan Peraturan Daerah Pariwisata | L24: Regulasi
E26: 3 | F26: Kejaksaan Tinggi Provinsi Kalimantan Timur dan Kepolisian Daerah Provinsi Kalimantan Utara | I26: 10 | J26: 700/22/V/2018 Tgl. 07 Mei 2018 | K26: Koordinasi Aparat Pengawas Internal Pemerintah (APIP) Dengan Aparat Penegak Hukum (APH) dalam Penanganan Laporan Atau Pengaduan Masyarakat Yang berindikasi Tindak Pidana Korupsi pada Penyelenggaraan Pemerintah Daerah Provinsi Kalimantan Utara | L26: Hukum
E28: 4 | F28: Perwakilan Badan Pengawas Keuangan dan Pembangunan Dan PT BPD Kalimantan Utara | I28: 11 | J28: 004/PKS/BPKAD/IX/2018 Tgl. 10 September 2018 | K28: Pengembangan dan Penggunaan Aplikasi SP2D Online Dalam Rangka Implementasi Transaksi Non Tunai Pada Pemerintah Provinsi Kalimantan Utara | L28: Teknologi Informasi
E30: 5 | F30: Pemprov Kalimantan Utara Dengan Pusat Studi Pariwisata (PUSPAR) Universitas Gadjah Mada | I30: 12 | J30: 027.1/03/SPKerjasama/DISPAR/X/2018 Tgl. 15 Oktober 2018 | K30: Pembuatan Buku Profil Destinasi Pariwisata | L30: Pariwisata
E32: 6 | F32: Pusat Studi Pariwisata Universitas Gajah Mada | I32: 13 | J32: 027/01/SPK/Swakelola/DISPAR/X/2018 Tgl. 15 Oktober 2018 | K32: Penyusunan Kajian Pengembangan Kawasan Wisata Perbatasan Di Krayan | L32: Pariwisata
B34: 2 | D34: 6 | F34: 6 | H34: 1 | J34: 13
A39: DATA KERJA SAMA DAERAH
B40: PEMERINTAH KABUPATEN BULUNGAN
A42: KSDD | C42: KSDPK | E42: SINERGI | H42: NOMOR / TANGGAL | K42: RUANG LINGKUP | L42: URUSAN YANG DIKERJASAMAKAN | M42: KETERANGAN
G43: Kesepakatan | I43: Perjanjian
C45: 1 | D45: PT. BTPN | G45: 1 | H45: 489/01/MoU/HMS-I/2018 Tgl. Januari 2018 | K45: Pelatihan dan Pengembangan Kewirausahaan Serta Layanan Perbankan Kepada PNS di Lingkungan Pemkab Bulungan | M45: 1 Tahun
C47: 2 | D47: Universitas Islam Indonesia | G47: 2 | H47: 489/11/Mou/III/2018 | K47: Peningkatan dan Pengembangan Potensi Sumber Daya Daerah Kabupaten Bulungan Melalui Bidang Pendidikan, Penelitian, dan Pengabdian Kepaada Masyarakat | M47: 1 Tahun
C49: 3 | D49: PT. Media Lintas Cakrawala (KORAN KALTARA) | G49: 3 | H49: 489/14/MoU/HMS-V/2018 Tgl. Mei 2018 | M49: 7 Bulan
C51: 4 | D51: PT. Duta Borneo Utara (SKH Radar Tarakan) | G51: 4 | H51: 489/15/MoU/HMS-V/2018 Tgl. Mei 2018 | M51: 7 Bulan
C53: 5 | D53: T. Badan Usaha Milik Rakyat Pangan Terhubung | G53: 5 | H53: 489/16/MoU/HMS-V/2018 Tgl. Mei 2018 | M53: 1 Tahun
E55: 1 | F55: Kepolisian Resor Bulungan | G55: 6 | H55: 489/02/MoU/HMS-I/2018 Tgl. 10 januari 2018 | K55: Pembinaan dan Pelatihan Putra Putri Daerah Kabupaten Bulungan | M55: 1 Tahun
E57: 2 | F57: Kantor Wilayah Direktorat Jenderal Pajak Kalimantan Timur dan Utara | G57: 7 | H57: 489/05/PERJ/HMS-I/2018 Tgl. 20 Maret 2018 | K57: Optimalisasi Penerimaan Pajak | M57: 1 Tahun
E59: 3 | F59: Direktorat Pengembangan Penyehatan Lingkungan Permukiman Direktorat Jenderal Cipta Karya Kemen PUPR | I59: 1 | J59: 489/06/PERJ/HMS-I/2018 | K59: Penyelenggaraan Infrastruktur Persampahan di Kabupaten Bulungan | M59: 3 Tahun
E61: 4 | F61: Kejaksaan Negeri Bulungan | I61: 2 | J61: 489/07/PERJ/HMS-III/2018 | K61: Pelayanan Hukum Gratis | M61: 1 Tahun
E63: 5 | F63: Badan Narkotika Nasional Provinsi Kalimantan Utara | G63: 8 | H63: 489/09/MoU/HMS-III/2018 | K63: Pelaksanaan Program Pencegahan dan Pemberantasan Penyalahgunaan dan Peredaran Gelap Narkotika (P4GN) dan Prekusor Narkotika di Kabupaten Bulungan | M63: 1 Tahun
E65: 6 | F65: Kementerian Agama Kabupaten Bulungan | G65: 9 | H65: 489/12/MoU/HMS-III/2018 Tgl. Januari 2018 | K65: Peningkatan Kualitas Penyelenggaraan Jaminan Kesehatan Masyarakat | M65: 1 Tahun
D67: 5 | F67: 6 | H67: 9 | J67: 2

Sheet Prov Kalteng
A1: DATA KERJA SAMA DAERAH
A2: KOTA PALANGKA RAYA
A4: KSDD | C4: KSDPK | E4: SINERGI | H4: NOMOR / TANGGAL | K4: RUANG LINGKUP | M4: URUSAN YANG DIKERJASAMAKAN | O4: KETERANGAN
G5: Kesepakatan | I5: Perjanjian
C7: 1. | D7: BPJS Kesehatan Palangkaraya | I7: 1 | J7: I/PKS/KSD/PLK/2018 Tgl. 03 Januari 2018 | L7: Kepesertaan Program Jaminan Kesehatan Nasional Bagi Penduduk yang didaftarkan oleh Pemerintah | N7: Kesehatan | O7: Berakhir Pada 31 Desember 2018
C9: 2. | D9: BPJS Kesehatan | G9: 1 | H9: 1/KB-KSD/PLK/2018 Tgl. 15 Januari 2018 | L9: Cakupan Kepesertaan Program JAMKESNAS - KIS di Kota Palangka Raya Menuju Universal Health Coverage/UHC 2018 | N9: Kesehatan | O9: Berakhir Pada 31 Desember 2018
E11: 1. | F11: Badan Pengelola Keuangan Dan Aset Daerah | I11: 2 | J11: 2/PKS-KSD/PLK/2018 Tgl. 12 Januari 2018 | L11: Pengelolaan Uang Daerah Kota Palangka Raya | N11: Keuangan | O11: Berakhir Pada 31 Desember 2018
E13: 2. | F13: Lembaga Administrasi Negara | I13: 3 | J13: 5/PKS-KSD/PLK/2018 Tgl. 26 Februari 2018 | L13: Penyelenggaraan Pendidikan Dan Pelatihan Diklat Kepemimpinan Tingka IV Angkatan XVII Bagi ASN Pemkot Palangka Raya | N13: Pendidikan | O13: Berakhir Pada 26 Desember 2018
E15: 3. | F15: Kementerian PUPR | I15: 4 | J15: 4/PKS-KSD/PLK/2018 Tgl. 13 Maret 2018 | L15: Penyelenggaraan Infrastruktur Drainase Lingkungan Dan Air Limbah Domestik Di Kota Palangka Raya | N15: Infrastruktur | O15: Berakhir Pada 13 Maret 2021
E17: 4. | F17: Komando Operasi TNI AU | I17: 5 | J17: 6/PKS-KSD/PLK/2018 Tgl. 14 Maret 2018 | L17: Kerjasama Pemanfaatan BMD Dalam Bentuk Pinjam Pakai Berupa Alat Angkutan Bermotor Kendaraan Roda 4
E19: 5. | F19: BPS Kota Palangka Raya | I19: 6 | J19: 2/KB-KSD/PLK/2018 Tgl. 02 April 2018 | L19: Pelaksanaan Tugas Pemerintah di Bidang Statistik | O19: Berakhir Pada 31 Desember 2018
E21: 6. | F21: Kejaksaan Negeri Palangka Raya | I21: 7 | J21: 3/KB-KSD/PLK/2018 Tgl. 15 Mei 2018 | L21: Bantuan Hukum di Bidang Perdata dan Tata Usaha Negara | O21: Berakhir Pada 15 Mei 2019
E23: 7. | F23: UIN Syarif Hidayatullah | I23: 8 | J23: 9/PKS-KSD/PLK/2018 Tgl. 24 Mei 2018 | L23: Beasiswa Akademik Bagi Putra/Putri Daerah Kota Palangka Raya | N23: Pendidikan | O23: Berakhir Pada 24 Oktober 2023
D25: 2 | F25: 7 | H25: 1 | J25: 8

Sheet Prov Kaltim
A1: DATA KERJA SAMA DAERAH
A2: KABUPATEN KUTAI KERTANEGARA
A4: KSDD | C4: KSDPK | E4: SINERGI | H4: NOMOR / TANGGAL | K4: RUANG LINGKUP | M4: URUSAN YANG DIKERJASAMAKAN | O4: KETERANGAN
G5: Kesepakatan | I5: Perjanjian
A7: 1 | B7: Pemerintah Kabupaten Kutai Kartanegara dengan Pemerintah Kabupaten Kutai Timur | G7: 1 | H7: 180/MoU-10/HK/2018 Tgl. 22 Mei 2018 | L7: Pendidikan dan Kebudayaan, Kesehatan, Perhubungan, Ketahanan Pangan, Kelautan Perikanan, Pertanian, Sumber Daya Pengairan dan Konservasi, Pemberdayaan Masyarakat, Infrastruktur, Penataan Ruang, Penanaman Modal, Olahraga, Perumahan, dan Penanggulangan Bencana | N7: Pembangunan
A9: 2 | B9: Pemerintah Kabupaten Kutai Kartanegara Provinsi Kalimantan Timur dengan Pemerintah Kabupaten Banyuwangi Provinsi Jawa Timur | I9: 1 | J9: 180/PKS-8/HK/2018 Tgl. 08 Mei 2018 | L9: Pemanfaatan Sistem Informasi Manajemen Perencanaan, Penganggaran dan Pelaporan | N9: Teknologi Informasi
A11: 3 | B11: Pemerintah Kabupaten Kutai Kartanegara Provinsi Kalimantan Timur dengan Pemerintah Kabupaten Banyuwangi Provinsi Jawa Timur | G11: 2 | H11: 180/MoU-7/HK/2018 Tgl. 08 Mei 2018 | L11: Pengembangan E-Government | N11: Teknologi Informasi
A13: 4 | B13: Pemerintah Kota Balikpapan dengan Pemerintah Kabupaten Kutai Kartanegara | I13: 2 | J13: Perjanjian | L13: Pendidikan dan Kesehatan, Lingkungan Hidup, Kehtanan, Pertanian dan Perikanan, Pengembangan Infrasturktur dan Tata Ruang, Pariwisata, UMKM, Perindustrian, Sosial Budaya, Penanggulangan Bencana dan Program Sistering Center of Excellent Pengadaan Barang/Jasa | N13: Pembangunan
C15: 1 | D15: Dinas Pendidikan dan Kebudayaan Kabupaten Kutai Kartanegara dan Yayasan Bhakti Tanoto | G15: 3 | H15: 424/100/PK/DPK.III/8/2018 Tgl. 02 Agustus 2018 | L15: Peningkatan Kualitas Pendidikan Dasar | N15: Pendidikan
C17: 2 | D17: Persatuan Ahli Gizi Indonesia DPC Kutai Kartanegara dengan Pemerintah Daerah Kabupaten Kutai Kartanegara | I17: 3 | J17: 180/MoU/26/HK/2018 Tgl. 27 September 2018 | L17: Go Zero Malnutrition | N17: Kesehatan
C19: 3 | D19: Pemerintah Daerah Kabupaten Kutai Kartanegara dengan Yayasan Konservasi Rarel Aquatic Species of Indonesia (RASI) | I19: 4 | J19: 180/MoU/21/HK/2018 Bulan Oktober 2018 | L19: Identifikasi dan Inventarisasi Calon Kawasan Konservasi Perairan | N19: Lingkungan Hidup
E21: 1 | F21: Pemerintah Kabupaten Kutai Kartanegara dengan Universitas Mulawarman | G21: 4 | H21: 180/MoU-11/HK/2018 Tgl. 24 Mei 2018 | L21: Pendidikan, Penelitian, Pengabdian Kepada Masyarakat Serta Peningkatan Kualitas SDM | N21: Pendidikan
E23: 2 | F23: Pangkalan TNI AL Balikpapan dengan Pemerintah Kabupaten Kutai Kartanegara | G23: 5 | H23: MoU.B/579/X/2018 Bulan Juli 2018 | L23: Pengenalan dan Pembinaan Siswa/I Dalam Penerimaan Calon Prajurit TNI AL | N23: Pendidikan
E25: 3 | F25: Pangkalan TNI AL Balikpapan dengan Pemerintah Kabupaten Kutai Kartanegara | G25: 6 | H25: MoU.B/580/X/2018 Bulan Juli 2018 | L25: Pengelolaan dan Pengembangan Potensi Maritim | N25: Kemaritiman
E27: 4 | F27: Sekolah Tinggi Transportasi Darat dengan Pemerintah Daerah Kabupaten Kutai Kartanegara | G27: 7 | H27: Kesepakatan | L27: Pendidikan, Penelitian, Pegembangan, Pengabdian Kepada Masyarakat dan Pengembangan Potensi Daerah | N27: Pendidikan
B29: 4 | D29: 3 | F29: 4 | H29: 7 | J29: 4
A31: DATA KERJA SAMA DAERAH
A32: PEMERINTAH KOTA SAMARINDA
A34: KSDD | C34: KSDPK | E34: SINERGI | H34: NOMOR / TANGGAL | K34: RUANG LINGKUP | M34: URUSAN YANG DIKERJASAMAKAN | O34: KETERANGAN
H35: Kesepakatan | J35: Perjanjian
A37: 1. | B37: Pemerintah Kota Balikpapan | G37: 1 | H37: 019.8/03/Perj-I/2018 Tgl. 11 Januari 2018 | L37: Jaringan Lintas Perkotaan | O37: KSB Berakhir 11 Januari 2019
A39: 2. | B39: Pemerintah Provinsi Kalimantan Timur | G39: 2 | H39: 019.8/04/Perj-I/KB/2018 Tgl. 05 Februari 2018 | L39: Pembangunan Kota dan Pemasangan Penunjuk Arah Menuju Kantor DPMPTSP Kota Samarinda dan Kantor DPMPTSP Prov. Kalimantan Timur | O39: KSB Berakhir 05 Februari 2019
A41: 3. | B41: Pemerintah Kabupaten Kutai Timur | G41: 3 | H41: 019.8/07/Perj-I/2018 Tgl. 08 Maret 2018 | L41: Jaringan Lintas Perkotaan | O41: KSB Berakhir 08 Maret 2019
A43: 4. | B43: Pemerintah Kabupaten Berau | G43: 4 | H43: 019.8/08/Perj-I/KB/2018 Tgl. 02 April 2018 | L43: Jaringan Lintas Perkotaan | O43: KSB Berakhir 02 April 2019
A45: 5. | B45: Kabupaten Nunukan | I45: 1 | J45: 510/321/Disdag-PDN/IV/18 Tgl. 10 April 2018 | L45: Pelayanan Tera, Tera Ulang, dan Pengawasan Metrologi Legal | O45: PKS Berakir 10 April 2020
A47: 6. | B47: Pemerintah Kabupaten Kutai Barat | I47: 2 | J47: 800/896/100`12 Tgl. 21 Mei 2018 | L47: Pelayanan Tera, Tera Ulang, dan Pengawasan Metrologi Legal | O47: PKS Berakhir 21 Mei 2020
A49: 7. | B49: Pemerintah Kota Surabaya | G49: 5 | H49: 019.8/012/Perj-I/NKB/2018 Tgl. 31 Mei 2018 | L49: Jaringan Lintas Perkotaan | O49: KSB Berakhir 31 Mei 2019
A51: 8. | B51: Pemerintah Kabupaten Kutai Timur | G51: 6 | H51: 510/529/INDAG-SEK/VII/18 Tgl. 05 Juli 2018 | L51: Pelayanan Tera, Tera Ulang, dan Pengawasan Metrologi Legal | O51: PKS Berakhir 05 Juli 2020
A53: 9. | B53: Pemerintah Kota Bontang | I53: 3 | J53: 15.72/1513/100.12.01 Tgl. 13 Agustus 2018 | L53: Jaringan Lintas Perkotaan dan Pelayanan Tera, Tera Ulang, dan Pengawasan Metrologi Legal | O53: PKS Berakhir 13 Agustus 2020
C55: 1. | D55: BPKP Provinsi Kaltim dan PT. BPD Kaltim-Kaltara | I55: 4 | J55: 950/583/300.02/2018 Tgl. 26 Maret 2018 | L55: Surat Perintah Pencairan Dana OnLine | O55: PKS Berakhir 26 Maret 2023
C57: 2 | D57: Universitas Muhammadiyah Kaltim | G57: 7 | H57: 660.1/014/Perj.II/KB/2018 Tgl. 07 Juni 2018 | L57: Kemitraan | O57: KSB Berakhir 07 Juni 2019
C59: 3 | D59: STIMIK Widya Cipta Dharma Samarinda | G59: 8 | H59: 660.1/014/Perj.II/KB/2018 Tgl. 07 Juni 2018 | L59: Kemitraan | O59: KSB Berakhir 07 Juni 2019
C61: 4 | D61: AKBID. Permata Husada Kota Samarinda | G61: 9 | H61: 660.1/014/Perj.II/KB/2018 Tgl. 07 Juni 2018 | L61: Kemitraan | O61: KSB Berakhir 07 Juni 2019
C63: 5 | D63: AKBID. Mutiara Mahakan Samarinda | G63: 10 | H63: 660.1/014/Perj.II/KB/2018 Tgl. 07 Juni 2018 | L63: Kemitraan | O63: KSB Berakhir 07 Juni 2019
C65: 6 | D65: STIKES. Wiyata Husada Samarinda | G65: 11 | H65: 660.1/014/Perj.II/KB/2018 Tgl. 07 Juni 2018 | L65: Kemitraan | O65: KSB Berakhir 07 Juni 2019
C67: 7 | D67: Akademi Farmasi Samarinda | G67: 12 | H67: 660.1/014/Perj.II/KB/2018 Tgl. 07 Juni 2018 | L67: Kemitraan | O67: KSB Berakhir 07 Juni 2019
C69: 8 | D69: Universitas Nahdlatul Ulama Kaltim | G69: 13 | H69: 660.1/014/Perj.II/KB/2018 Tgl. 07 Juni 2018 | L69: Kemitraan | O69: KSB Berakhir 07 Juni 2019
C71: 9 | D71: Universitas 17 Agustus 1945 Samarinda | G71: 14 | H71: 660.1/014/Perj.II/KB/2018 Tgl. 07 Juni 2018 | L71: Kemitraan | O71: KSB Berakhir 07 Juni 2019
C73: 10 | D73: STIKES Dirgahayu Samarinda | G73: 15 | H73: 660.1/014/Perj.II/KB/2018 Tgl. 07 Juni 2018 | L73: Kemitraan | O73: KSB Berakhir 07 Juni 2019
C75: 11 | D75: Universitas Muhammadiyah Kaltim | I75: 5 | J75: 660.1/1318/100.14 Tgl. 09 Juni 2018 | L75: Strategi Pengelolaan Sampah Ramah Lingkungan dengan Perguruan Tinggi Kota Samarinda | O75: PKS Berakhir 09 Juni 2021
C77: 12 | D77: STIMIK Widya Cipta Dharma Samarinda | I77: 6 | J77: 660.1/1325/100.14 Tgl. 09 Juni 2018 | L77: Strategi Pengelolaan Sampah Ramah Lingkungan dengan Perguruan Tinggi Kota Samarinda | O77: PKS Berakhir 09 Juni 2021
C79: 13 | D79: AKBID. Permata Husada Kota Samarinda | I79: 7 | J79: 660.1/1322/100.14 Tgl. 09 Juni 2018 | L79: Strategi Pengelolaan Sampah Ramah Lingkungan dengan Perguruan Tinggi Kota Samarinda | O79: PKS Berakhir 09 Juni 2021
C81: 14 | D81: AKBID. Mutiara Mahakan Samarinda | I81: 8 | J81: 660.1/1322/100.14 Tgl. 09 Juni 2018 | L81: Strategi Pengelolaan Sampah Ramah Lingkungan dengan Perguruan Tinggi Kota Samarinda | O81: PKS Berakhir 09 Juni 2021
C83: 15 | D83: STIKES. Wiyata Husada Samarinda | I83: 9 | J83: 660.1/1324/100.14 Tgl. 09 Juni 2018 | L83: Strategi Pengelolaan Sampah Ramah Lingkungan dengan Perguruan Tinggi Kota Samarinda | O83: PKS Berakhir 09 Juni 2021
C85: 16 | D85: Akademi Farmasi Samarinda | I85: 10 | J85: 660.1/1319/100.14 Tgl. 09 Juni 2018 | L85: Strategi Pengelolaan Sampah Ramah Lingkungan dengan Perguruan Tinggi Kota Samarinda | O85: PKS Berakhir 09 Juni 2021
C87: 17 | D87: Universitas Nahdlatul Ulama Kaltim | I87: 11 | J87: 660.1/1311/100.14 Tgl. 09 Juni 2018 | L87: Strategi Pengelolaan Sampah Ramah Lingkungan dengan Perguruan Tinggi Kota Samarinda | O87: PKS Berakhir 09 Juni 2021
C89: 18 | D89: Universitas 17 Agustus 1945 Samarinda | I89: 12 | J89: 660.1/1317/100.14 Tgl. 09 Juni 2018 | L89: Strategi Pengelolaan Sampah Ramah Lingkungan dengan Perguruan Tinggi Kota Samarinda | O89: PKS Berakhir 09 Juni 2021
C91: 19 | D91: STIKES Dirgahayu Samarinda | I91: 13 | J91: 660.1/1320/100.14 Tgl. 09 Juni 2018 | L91: Strategi Pengelolaan Sampah Ramah Lingkungan dengan Perguruan Tinggi Kota Samarinda | O91: PKS Berakhir 09 Juni 2021
E93: 1 | F93: Kepolisian Resor Kota Samarinda | G93: 16 | H93: 331.2/05/Perj-II/2018 Tgl. 05 Februari 2018 | L93: Pemeliharaan Keamanan dan Ketertiban Masyarakat Kota Samarinda | O93: KSB Berakhir 05 Februari 2018
E95: 2 | F95: Universitas Mulawarman Samarinda | I95: 14 | J95: 074/06/Perj-III/2018 Tgl. 06 Maret 2018 | L95: Penelitian, Pendidikan dan Pengabdian Kepada Masyarakat | O95: KSB Berakhir 06 Maret 2019
E97: 3 | F97: BPS Kota Samarinda | G97: 17 | H97: 470/010/Perj-II/KB/2018 Tgl. 24 April 2018 | L97: Penyelenggaraan dan Pengembangan Statistik | O97: KSB Berakhir 24 April 2019
E99: 4 | F99: BPS Kota Samarinda | G99: 18 | H99: 075/303/100.21 Tgl. 26 April 2018 | L99: Penyelenggaraan Survey dan Kompilasi Produk Administrasi Sektoral Kota Samarinda | O99: PKS Berakhir 26 April 2021
E101: 5 | F101: POLTEK Negeri Samarinda | G101: 19 | H101: 660.1/014/Perj.II/KB/2018 Tgl. 07 Juni 2018 | L101: Kemitraan | O101: KSB Berakhir 07 Juni 2019
E103: 6 | F103: POLTEK Pertanian Samarinda | G103: 20 | H103: 660.1/014/Perj.II/KB/2018 Tgl. 07 Juni 2018 | L103: Kemitraan | O103: KSB Berakhir 07 Juni 2019
E105: 7 | F105: POLTEK Negeri Samarinda | I105: 15 | J105: 660.1/1323/100.14 Tgl. 09 Juni 2018 | L105: Strategi Pengelolaan Sampah Ramah Lingkungan | O105: PKS Berakhir 09 Juni 2021
E107: 8 | F107: Universitas Mulawarman Samarinda | I107: 16 | J107: 660.1/1316/100.14-1963/UN17.9/KS//2018 Tgl. 09 Juni 2018 | L107: Strategi Pengelolaan Sampah Ramah Lingkungan | O107: PKS Berakhir Desember 2018
E109: 9 | F109: POLTEK Pertanian Samarinda | I109: 17 | J109: 660.1/1317/100.14-1963/UN17.9/KS//2018 Tgl. 09 Juni 2018 | L109: Strategi Pengelolaan Sampah Ramah Lingkungan | O109: PKS Berakhir Desember 2018
E111: 10 | F111: Universitas Mulawarman Samarinda | I111: 18 | J111: 660.1/1513/100.14-1202/UN17.4/KL//2018 Tgl. 10 Juli 2018 | L111: Penyusunan Daya Dukung, Daya Tampung Lingkungan Hidup, dan Sumber Daya Alam Kota Samarinda | O111: PKS Berakhir 10 Juli 2021
E113: 11 | F113: Kanwil. Dirjen. Pajak Kaltim | I113: 19 | J113: 800/593/100-26 Tgl. 04 September 2018 | L113: Optimalisasi Penerimaan Pajak dan Optimalisasi Penyelenggaraan Konfirmasi Status Wajib Pajak Kota Samarinda | O113: PKS Berakhir 04 September 2019
B115: 9 | D115: 19 | F115: 11 | H115: 20 | J115: 19
A118: DATA KERJA SAMA DAERAH
B120: PEMERINTAH KABUPATEN PASER
A122: KSDD | C122: KSDPK | E122: SINERGI | H122: NOMOR / TANGGAL | K122: RUANG LINGKUP | M122: URUSAN YANG DIKERJASAMAKAN | O122: KETERANGAN
G123: Kesepakatan | I123: Perjanjian
A125: 1. | B125: Pemkab. Paser Pemerintah Kota Balikpapan | G125: 1 | H125: 134.4/003/PEM.3/2018 180/03/MOU-HUK/I/2018 Tgl. 11 Januari 2018 | L125: Penyelenggaraan Pelayanan Tera dan Tera Ulang di Kabupaten Paser | N125: Perdagangan | O125: 1 Tahun
A127: 2. | B127: Dinas Perdagangan Kota Balikpapan Dinas Perindustrian, Perdagangan dan Koperasi & UKM Kabupaten Paser Badan Penyelenggara Jaminan Sosial Kesehatan Cabang Balikpapan | I127: 1 | J127: 511.2/13/MET/DISDAG 510.9/108/MET/Perindagkop&UKM/2018 Tgl. 19 Februari 2018 | L127: Penyelenggaraan Pelayanan Tera, Tera Ulang Alat Ukur Takar, Timbang dan Perlengkapannya (UTTP) di Kabupaten Paser | N127: Perdagangan | O127: 1 Tahun
A129: 3. | B129: Pemkot Balikpapan | G129: 2 | H129: 180/33/MOU-HUK/V/2018 134.4/369/PEM.3/2018 Tgl. 07 Mei 2018 | L129: Kerja sama Antar Daerah | O129: 1 Tahun
A131: 4. | B131: Kota Surabaya | G131: 3 | H131: 415.4/4822/436.2.3/2018 134.4/413/PEM.3/2018 Tgl. 31 Mei 2018 | L131: Kerjasama Lintas Perkotaan | O131: 1 Tahun
C133: 1. | D133: BPJS Kesehatan Cabang Balikpapan | G133: 4 | H133: 415.43/002/PEM.3/2018 06/KTR/VIII-02/0118 Tgl. 08 Januari 2018 | L133: Perluasan Cakupan Kepesertaan Program Jaminan Kesehatan Nasional Kartu Indonesia Sehat (JKN-KIS) Menuju Universal Health Coverage (UHC) di Kabupaten Paser | N133: Kesehatan | O133: 1 Tahun
C135: 2. | D135: Klinik Budi Mulia | G135: 5 | H135: 415.43/279/PEM.3/2018 514/SKK/BMK/IV/2018 Tgl. 03 April 2018 | L135: Penyelenggaraan Pelayanan Akta Kelahiran di kabupaten Paser | O135: 1 Tahun
C137: 3. | D137: Universitas Lampung Mangkurat | G137: 6 | H137: 2104B/UN8/SP/2018 119/386/PEM.3/2018 Tgl. 09 Mei 2018 | L137: Pendidikan, Penelitian, Pengabdian Kepada Masyarakat di Kabupaten Paser | O137: 1 Tahun
E139: 1. | F139: Sekolah Tinggi Transportasi Darat Bekasi Pemkab. Paser | G139: 7 | H139: HK.201/2/24/STTD-2018 199/154/Pem.3/2018 Tgl. 23 Februari 2018 | L139: Peningkatan Pembangunan di Kabupaten Paser melalui Tridharma Perguruan Tinggi STTD | N139: Pendidikan | O139: 1 Tahun
E141: 2. | F141: Sekolah Tinggi Transportasi Darat Bekasi Pemkab. Paser | I141: 2 | J141: HK.201/2/25/STTD-2018 550/26/EK.II/2018 Tgl. 26 Februari 2018 | L141: Pemenuhan Kebutuhan Sumber Daya Manusia di Bidang Perhubungan Darat | N141: Kepegawaian | O141: 5 Tahun
E143: 3. | F143: Pemkab. Paser Institut Teknologi Sepuluh Nopember Surabaya | G143: 8 | H143: 119/284/PEM.3/2018 44/MoU/ITS/2018 Tgl. 05 Maret 2018 | L143: Penyelenggaraan Pendidikan, Penelitian, Pengabdian Kepada Masyarakat Dan Peningkatan Kapasitas Sumber Daya Manusia Serta Perencanaan Pembangunan di Kabupaten Paser Provinsi Kalimantan Timur | N143: Pendidikan | O143: 1 Tahun
E145: 4. | F145: Intitut Teknologi Bandung | G145: 9 | H145: 119/364/PEM.3/2018 010C/I1.A/DN/2018 Tgl. 05 Maret 2018 | L145: Penyelenggaraan Pendidikan, Penelitian, Pengabdian Kepada Masyarakat Dan Peningkatan Kapasitas Sumber Daya Manusia Serta Perencanaan Pembangunan di Kabupaten Paser Provinsi Kalimantan Timur | N145: Pendidikan | O145: 1 Tahun
E147: 5. | F147: Kementerian PUPR | I147: 3 | J147: 87/PKS/CL/2018 119/187/Bapp/2018 Tgl. 13 Maret 2018 | L147: Penyelenggaraan Infrastruktur Persampahan dan Drainase Lingkungan di Kabupaten Paser | N147: Infrastruktur | O147: 3 Tahun
E149: 6. | F149: BPOM Samarinda | G149: 10 | H149: 415.43/315/PEM.3/2018 HK.01.110.04.18.1901 Tgl. 19 April 2018 | L149: Pengawasan Obat dan Makanan Terpadu | O149: 1 Tahun
E151: 7. | F151: BPOM Samarinda | I151: 4 | J151: 440/1224/Dinkes HK.01.110.04.18.2601 Tgl. 26 April 2018 | L151: Pengawasan Obat dan Makanan Terpadu di Kabupaten Paser | O151: 3 Tahun
E153: 8. | F153: BPOM Samarinda | I153: 5 | J153: ..... HK.01.110.04.18.2602 Tgl. 26 April 2018 | L153: Pengawasan dan Keamanan Pangan Hasil Pertanian di Kabupaten Paser | O153: 3 Tahun
E155: 9. | F155: BPOM Samarinda | I155: 6 | J155: ..... HK.01.110.04.18.2603 Tgl. 26 April 2018 | L155: Pengawasan Obat dan Makanan Terpadu di Kabupaten Paser | O155: 3 Tahun
E157: 10. | F157: BPOM Samarinda | I157: 7 | J157: 523/185/IV/DISKAN/2018 HK.01.110.04.18.2604 Tgl. 26 April 2018 | L157: Pengawasan Hasil Perikanan dan Produk Olahan di Kabupaten Paser | O157: 3 Tahun
E159: 11. | F159: BPOM Samarinda | I159: 8 | J159: ..... HK.01.110.04.18.2605 Tgl. 26 April 2018 | L159: Pengawasan Obat dan Makanan Terpadu di Kabupaten Paser | O159: 3 Tahun
E161: 12. | F161: BPOM Samarinda | I161: 9 | J161: 415.43/106/DKP/2018 HK.01.110.04.18.2606 Tgl. 26 April 2018 | L161: Pengawasan, Kelembagaan dan Informasi Keamanan Pangan Segar di Kabupaten Paser | O161: 3 Tahun
B163: 4 | D163: 3 | F163: 12 | H163: 10 | J163: 9
A166: DATA KERJA SAMA DAERAH
B167: PEMERINTAH KOTA BALIKPAPAN
A169: KSDD | C169: KSDPK | E169: SINERGI | H169: NOMOR / TANGGAL | K169: RUANG LINGKUP | M169: URUSAN YANG DIKERJASAMAKAN | O169: KETERANGAN
G170: Kesepakatan | I170: Perjanjian
A172: 1 | B172: Pemerintah Kota Samarinda | G172: 1 | H172: 180/02/MOU-HUK/I/2018 Tgl. 11 Januari 2018 | L172: Kerjasama Jaringan lintas Perkotaan | O172: 1 Tahun
A174: 2 | B174: Pemerintah Kabupaten Paser | G174: 2 | H174: 180/03/MOU-HUK/I/2018 Tgl. 11 Januari 2018 | L174: Kerjasama Penyelenggaraan Pelayanan Tera/ Tera Ulang di Kab. Paser | O174: 1 Tahun
A176: 3 | B176: Pemkab. Paser | G176: 3 | H176: 180/03/MOU-HUK/V/2018 Tgl. 05 Juli 2018 | L176: Pembangunan Antar Daerah | O176: 1 Tahun
